Workbook

Sheet POAI_2020_Programas_$
E1: RECURSOS ASIGNADOS 2020 (CERTIFICADOS POR SECRETARIA DE HACIENDA) - POR PROGRAMA
A2: COD. EJE | B2: EJES | C2: CÓD. CONS. PROGR. | D2: PROGRAMAS DE INVERSIÓN | E2: ICLD | F2: RENDIMIENTOS FINANCIEROS ICLD | G2: SGP EDUCACION CALIDAD | H2: RENDIMIENTOS FINANCIEROS SGP EDUCACION CALIDAD | I2: SGP GRATUIDAD | J2: SGP ALIMENTACION ESCOLAR | K2: RENDIMIENTOS FINANCIEROS SGP ALIMENTACION ESCOLAR | L2: SGP SALUD PUBLICA | M2: RENDIMIENTOS FINANCIEROS SGP SALUD PUBLICA | N2: SGP DEPORTE | O2: SGP CULTURA | P2: SGP PROPOSITO GENERAL - LIBRE INVERSIÓN | Q2: RENDIMIENTOS FINANCIEROS SGP PROPOSITO GENERAL - LIBRE INV. | R2: SGP AGUA POTABLE | S2: RENDIMIENTOS FINANCIEROS SGP AGUA POTABLE | T2: ESTAMPILLA PROCULTURA 100% | U2: RENDIMIENTOS FINANCIEROS ESTAMPILLA PROCULTURA | V2: SOBRETASA A LA GASOLINA | W2: RENDIMIENTOS FINANCIEROS SOBRETASA A LA GASOLINA | X2: FONDO DE SEGURIDAD | Y2: RENDIMIENTOS FINANCIEROS FONDO DE SEGURIDAD | Z2: RECURSOS LEY 99 DE 1993 | AA2: RENDIMIENTOS FINANCIEROS RECURSOS LEY 99 | AB2: TRANSPORTE OLEODUCTOS | AC2: RENDIMIENTOS FINANCIEROS TRANSPORTE OLEODUCTOS | AD2: FONDO ASISTENCIA TECNICA RURAL | AE2: RENDIMIENTOS FINANCIEROS FONDO ASISTENCIA TECNICA RURAL | AF2: FONDO DE ACTIVIDADES LUDICAS | AG2: ESTAMPILLA MIGUEL DE IBARRA | AH2: RENDIMIENTOS FINANCIEROS ESTAMPILLA MIGUEL DE IBARRA | AI2: ALUMBRADO PUBLICO | AJ2: RENDIMIENTOS FINANCIEROS ALUMBRADO PUBLICO | AK2: COMPARENDO AMBIENTAL | AL2: RENDIMIENTOS FINANCIEROS COMPARENDO AMBIENTAL | AM2: CESIONES TIPO A | AN2: RENDIMIENTOS FINANCIEROS CESIONES TIPO A | AO2: CONSUMO CIGARRILLO | AP2: PLUSVALIA | AQ2: RENDIMIENTOS FINANCIEROS PLUSVALIA | AR2: FONDO DE SOLIDARIDAD SS PP | AS2: RENDIMIENTOS FINANCIEROS FONDO SOLIDARIDAD SERVICIOS PUBLICOS | AT2: SOBRETASA BOMBERIL | AU2: RENDIMIENTOS FINANCIEROS SOBRETASA BOMBERIL | AV2: ESTAMPILLA ADULTO MAYOR 30% | AW2: ESTAMPILLA ADULTO MAYOR 70% | AX2: RENDIMIENTOS FINANCIEROS ESTAMPILLA ADULTO MAYOR | AY2: CARGAS Y BENEFICIOS | AZ2: OBLIGACIONES VIP | BA2: RENDIMIENTOS FINANCIEROS FONDO DE VIVIENDA | BB2: ESTRATIFICACION SOCIO ECONOMICA | BC2: RENDIMIENTOS FINANCIEROS ESTRATIFICACION | BD2: SALUD REGIMEN SUBSIDIADO | BE2: RECURSOS COLJUEGOS 25% CSF | BF2: RENDIMIENTOS FINANCIEROS OTROS GASTOS EN SALUD | BG2: TOTAL ASIGNADO 2020 POR PROGRAMA | BH2: TOTAL ASIGNADO 2020 POR EJE
A3: E1. | B3: SOCIAL: Desarrollo Social con alta competitividad y proyección | C3: E1.P_A | D3: TOCANCIPA BIEN EDUCADA | E3: =SUM('Proyectos 2020'!T7:T33) -> 1.2631217e+10 | F3: =SUM('Proyectos 2020'!U7:U33) -> 400000000 | G3: =SUM('Proyectos 2020'!V7:V33) -> 474694256 | H3: =SUM('Proyectos 2020'!W7:W33) -> 10000000 | I3: =SUM('Proyectos 2020'!X7:X33) -> 602678896 | J3: =SUM('Proyectos 2020'!Y7:Y33) -> 133525790 | K3: =SUM('Proyectos 2020'!Z7:Z33) -> 400000 | L3: =SUM('Proyectos 2020'!AA7:AA33) -> 0 | ... BF3: =SUM('Proyectos 2020'!BU7:BU33) -> 0 | BG3: =SUM(E3:BF3) -> 1.4252516e+10 | BH3: =SUM(BG3:BG12) -> 3.8599556e+10
C4: E1.P_B | D4: SALUD CON ATENCIÓN DIGNA, PRIORITARIA Y DE CALIDAD | E4: =SUM('Proyectos 2020'!T34:T50) -> 1178000000 | F4: =SUM('Proyectos 2020'!U34:U50) -> 0 | G4: =SUM('Proyectos 2020'!V34:V50) -> 0 | H4: =SUM('Proyectos 2020'!W34:W50) -> 0 | I4: =SUM('Proyectos 2020'!X34:X50) -> 0 | J4: =SUM('Proyectos 2020'!Y34:Y50) -> 0 | K4: =SUM('Proyectos 2020'!Z34:Z50) -> 0 | L4: =SUM('Proyectos 2020'!AA34:AA50) -> 283188006 | ... BF4: =SUM('Proyectos 2020'!BU34:BU50) -> 0 | BG4: =SUM(E4:BF4) -> 6028672657
C5: E1.P_C | D5: CULTURA DE TODOS Y PARA TODOS | E5: =SUM('Proyectos 2020'!T51:T66) -> 5785000000 | F5: =SUM('Proyectos 2020'!U51:U66) -> 400000000 | G5: =SUM('Proyectos 2020'!V51:V66) -> 0 | H5: =SUM('Proyectos 2020'!W51:W66) -> 0 | I5: =SUM('Proyectos 2020'!X51:X66) -> 0 | J5: =SUM('Proyectos 2020'!Y51:Y66) -> 0 | K5: =SUM('Proyectos 2020'!Z51:Z66) -> 0 | L5: =SUM('Proyectos 2020'!AA51:AA66) -> 0 | ... BF5: =SUM('Proyectos 2020'!BU51:BU66) -> 0 | BG5: =SUM(E5:BF5) -> 6631067230
C6: E1.P_D | D6: DEPORTE Y RECREACIÓN PARA EL MEJORAMIENTO DE LA CALIDAD DE VIDA Y LA SANA CONVIVENCIA | E6: =SUM('Proyectos 2020'!T67:T79) -> 1755243693 | F6: =SUM('Proyectos 2020'!U67:U79) -> 0 | G6: =SUM('Proyectos 2020'!V67:V79) -> 0 | H6: =SUM('Proyectos 2020'!W67:W79) -> 0 | I6: =SUM('Proyectos 2020'!X67:X79) -> 0 | J6: =SUM('Proyectos 2020'!Y67:Y79) -> 0 | K6: =SUM('Proyectos 2020'!Z67:Z79) -> 0 | L6: =SUM('Proyectos 2020'!AA67:AA79) -> 0 | ... BF6: =SUM('Proyectos 2020'!BU67:BU79) -> 0 | BG6: =SUM(E6:BF6) -> 2000000000
C7: E1.P_E | D7: ATENCIÓN INTEGRAL DEL ADULTO MAYOR | E7: =SUM('Proyectos 2020'!T80:T84) -> 0 | F7: =SUM('Proyectos 2020'!U80:U84) -> 0 | G7: =SUM('Proyectos 2020'!V80:V84) -> 0 | H7: =SUM('Proyectos 2020'!W80:W84) -> 0 | I7: =SUM('Proyectos 2020'!X80:X84) -> 0 | J7: =SUM('Proyectos 2020'!Y80:Y84) -> 0 | K7: =SUM('Proyectos 2020'!Z80:Z84) -> 0 | L7: =SUM('Proyectos 2020'!AA80:AA84) -> 0 | ... BF7: =SUM('Proyectos 2020'!BU80:BU84) -> 0 | BG7: =SUM(E7:BF7) -> 1852000000
C8: E1.P_F | D8: PRIMERA INFANCIA, INFANCIA, ADOLESCENCIA Y JUVENTUD CON DESARROLLO Y PROYECCIÓN | E8: =SUM('Proyectos 2020'!T85:T92) -> 3628000000 | F8: =SUM('Proyectos 2020'!U85:U92) -> 1200000000 | G8: =SUM('Proyectos 2020'!V85:V92) -> 0 | H8: =SUM('Proyectos 2020'!W85:W92) -> 0 | I8: =SUM('Proyectos 2020'!X85:X92) -> 0 | J8: =SUM('Proyectos 2020'!Y85:Y92) -> 0 | K8: =SUM('Proyectos 2020'!Z85:Z92) -> 0 | L8: =SUM('Proyectos 2020'!AA85:AA92) -> 0 | ... BF8: =SUM('Proyectos 2020'!BU85:BU92) -> 0 | BG8: =SUM(E8:BF8) -> 4828200000
C9: E1.P_G | D9: EMPODERAMIENTO E INCLUSIÓN DE GÉNERO Y POBLACIÓN LGTBI | E9: =SUM('Proyectos 2020'!T93:T96) -> 1077000000 | F9: =SUM('Proyectos 2020'!U93:U96) -> 0 | G9: =SUM('Proyectos 2020'!V93:V96) -> 0 | H9: =SUM('Proyectos 2020'!W93:W96) -> 0 | I9: =SUM('Proyectos 2020'!X93:X96) -> 0 | J9: =SUM('Proyectos 2020'!Y93:Y96) -> 0 | K9: =SUM('Proyectos 2020'!Z93:Z96) -> 0 | L9: =SUM('Proyectos 2020'!AA93:AA96) -> 0 | ... BF9: =SUM('Proyectos 2020'!BU93:BU96) -> 0 | BG9: =SUM(E9:BF9) -> 1077000000
C10: E1.P_H | D10: VICTIMAS DEL CONFLICTO ARMADO Y POSTCONFLICTO | E10: =SUM('Proyectos 2020'!T97:T103) -> 310100000 | F10: =SUM('Proyectos 2020'!U97:U103) -> 0 | G10: =SUM('Proyectos 2020'!V97:V103) -> 0 | H10: =SUM('Proyectos 2020'!W97:W103) -> 0 | I10: =SUM('Proyectos 2020'!X97:X103) -> 0 | J10: =SUM('Proyectos 2020'!Y97:Y103) -> 0 | K10: =SUM('Proyectos 2020'!Z97:Z103) -> 0 | L10: =SUM('Proyectos 2020'!AA97:AA103) -> 0 | ... BF10: =SUM('Proyectos 2020'!BU97:BU103) -> 0 | BG10: =SUM(E10:BF10) -> 310100000
C11: E1.P_I | D11: REDUCCIÓN DE LA POBREZA EXTREMA | E11: =SUM('Proyectos 2020'!T104:T106) -> 580000000 | F11: =SUM('Proyectos 2020'!U104:U106) -> 0 | G11: =SUM('Proyectos 2020'!V104:V106) -> 0 | H11: =SUM('Proyectos 2020'!W104:W106) -> 0 | I11: =SUM('Proyectos 2020'!X104:X106) -> 0 | J11: =SUM('Proyectos 2020'!Y104:Y106) -> 0 | K11: =SUM('Proyectos 2020'!Z104:Z106) -> 0 | L11: =SUM('Proyectos 2020'!AA104:AA106) -> 0 | ... BF11: =SUM('Proyectos 2020'!BU104:BU106) -> 0 | BG11: =SUM(E11:BF11) -> 580000000
C12: E1.P_J | D12: CAPACIDADES DIFERENCIALES | E12: =SUM('Proyectos 2020'!T107:T108) -> 1040000000 | F12: =SUM('Proyectos 2020'!U107:U108) -> 0 | G12: =SUM('Proyectos 2020'!V107:V108) -> 0 | H12: =SUM('Proyectos 2020'!W107:W108) -> 0 | I12: =SUM('Proyectos 2020'!X107:X108) -> 0 | J12: =SUM('Proyectos 2020'!Y107:Y108) -> 0 | K12: =SUM('Proyectos 2020'!Z107:Z108) -> 0 | L12: =SUM('Proyectos 2020'!AA107:AA108) -> 0 | ... BF12: =SUM('Proyectos 2020'!BU107:BU108) -> 0 | BG12: =SUM(E12:BF12) -> 1040000000
A13: E2. | B13: ECONÓMICO: Desarrollo Económico con alta competitividad y proyección | C13: E2.P_A | D13: EMPLEO DIGNO | E13: =SUM('Proyectos 2020'!T109:T118) -> 70000000 | F13: =SUM('Proyectos 2020'!U109:U118) -> 0 | G13: =SUM('Proyectos 2020'!V109:V118) -> 0 | H13: =SUM('Proyectos 2020'!W109:W118) -> 0 | I13: =SUM('Proyectos 2020'!X109:X118) -> 0 | J13: =SUM('Proyectos 2020'!Y109:Y118) -> 0 | K13: =SUM('Proyectos 2020'!Z109:Z118) -> 0 | L13: =SUM('Proyectos 2020'!AA109:AA118) -> 0 | ... BF13: =SUM('Proyectos 2020'!BU109:BU118) -> 0 | BG13: =SUM(E13:BF13) -> 70000000 | BH13: =SUM(BG13:BG18) -> 1337300000
C14: E2.P_B | D14: EMPRENDIMIENTO Y ASOCIATIVIDAD | E14: =SUM('Proyectos 2020'!T119:T122) -> 150000000 | F14: =SUM('Proyectos 2020'!U119:U122) -> 0 | G14: =SUM('Proyectos 2020'!V119:V122) -> 0 | H14: =SUM('Proyectos 2020'!W119:W122) -> 0 | I14: =SUM('Proyectos 2020'!X119:X122) -> 0 | J14: =SUM('Proyectos 2020'!Y119:Y122) -> 0 | K14: =SUM('Proyectos 2020'!Z119:Z122) -> 0 | L14: =SUM('Proyectos 2020'!AA119:AA122) -> 0 | ... BF14: =SUM('Proyectos 2020'!BU119:BU122) -> 0 | BG14: =SUM(E14:BF14) -> 150000000
C15: E2.P_C | D15: COMPETITIVIDAD Y DESARROLLO | E15: =SUM('Proyectos 2020'!T123:T125) -> 40000000 | F15: =SUM('Proyectos 2020'!U123:U125) -> 0 | G15: =SUM('Proyectos 2020'!V123:V125) -> 0 | H15: =SUM('Proyectos 2020'!W123:W125) -> 0 | I15: =SUM('Proyectos 2020'!X123:X125) -> 0 | J15: =SUM('Proyectos 2020'!Y123:Y125) -> 0 | K15: =SUM('Proyectos 2020'!Z123:Z125) -> 0 | L15: =SUM('Proyectos 2020'!AA123:AA125) -> 0 | ... BF15: =SUM('Proyectos 2020'!BU123:BU125) -> 0 | BG15: =SUM(E15:BF15) -> 40000000
C16: E2.P_D | D16: CIENCIA, TECNOLOGIA E INNOVACIÓN | E16: =SUM('Proyectos 2020'!T126:T130) -> 340000000 | F16: =SUM('Proyectos 2020'!U126:U130) -> 0 | G16: =SUM('Proyectos 2020'!V126:V130) -> 0 | H16: =SUM('Proyectos 2020'!W126:W130) -> 0 | I16: =SUM('Proyectos 2020'!X126:X130) -> 0 | J16: =SUM('Proyectos 2020'!Y126:Y130) -> 0 | K16: =SUM('Proyectos 2020'!Z126:Z130) -> 0 | L16: =SUM('Proyectos 2020'!AA126:AA130) -> 0 | ... BF16: =SUM('Proyectos 2020'!BU126:BU130) -> 0 | BG16: =SUM(E16:BF16) -> 340000000
C17: E2.P_E | D17: DESARROLLO AGROPECUARIO DE ALTA COMPETITIVIDAD | E17: =SUM('Proyectos 2020'!T131:T136) -> 515000000 | F17: =SUM('Proyectos 2020'!U131:U136) -> 0 | G17: =SUM('Proyectos 2020'!V131:V136) -> 0 | H17: =SUM('Proyectos 2020'!W131:W136) -> 0 | I17: =SUM('Proyectos 2020'!X131:X136) -> 0 | J17: =SUM('Proyectos 2020'!Y131:Y136) -> 0 | K17: =SUM('Proyectos 2020'!Z131:Z136) -> 0 | L17: =SUM('Proyectos 2020'!AA131:AA136) -> 0 | ... BF17: =SUM('Proyectos 2020'!BU131:BU136) -> 0 | BG17: =SUM(E17:BF17) -> 534300000
C18: E2.P_F | D18: DESARROLLO TURISTICO DE ALTA COMPETITIVIDAD | E18: =SUM('Proyectos 2020'!T137:T145) -> 203000000 | F18: =SUM('Proyectos 2020'!U137:U145) -> 0 | G18: =SUM('Proyectos 2020'!V137:V145) -> 0 | H18: =SUM('Proyectos 2020'!W137:W145) -> 0 | I18: =SUM('Proyectos 2020'!X137:X145) -> 0 | J18: =SUM('Proyectos 2020'!Y137:Y145) -> 0 | K18: =SUM('Proyectos 2020'!Z137:Z145) -> 0 | L18: =SUM('Proyectos 2020'!AA137:AA145) -> 0 | ... BF18: =SUM('Proyectos 2020'!BU137:BU145) -> 0 | BG18: =SUM(E18:BF18) -> 203000000
A19: E3. | B19: Infraestructura, Planeación, Ambiente y Servicios Públicos | C19: E3.P_A | D19: INFRAESTRUCTURAS INSTITUCIONALES Y COMUNITARIAS | E19: =SUM('Proyectos 2020'!T146:T166) -> 1186036079 | F19: =SUM('Proyectos 2020'!U146:U166) -> 0 | G19: =SUM('Proyectos 2020'!V146:V166) -> 0 | H19: =SUM('Proyectos 2020'!W146:W166) -> 0 | I19: =SUM('Proyectos 2020'!X146:X166) -> 0 | J19: =SUM('Proyectos 2020'!Y146:Y166) -> 0 | K19: =SUM('Proyectos 2020'!Z146:Z166) -> 0 | L19: =SUM('Proyectos 2020'!AA146:AA166) -> 0 | ... BF19: =SUM('Proyectos 2020'!BU146:BU166) -> 0 | BG19: =SUM(E19:BF19) -> 9275220984 | BH19: =SUM(BG19:BG30) -> 22312540143
C20: E3.P_B | D20: PLAN VIAL, VIAS Y MOVILIDAD | E20: =SUM('Proyectos 2020'!T167:T179) -> 2861000001 | F20: =SUM('Proyectos 2020'!U167:U179) -> 0 | G20: =SUM('Proyectos 2020'!V167:V179) -> 0 | H20: =SUM('Proyectos 2020'!W167:W179) -> 0 | I20: =SUM('Proyectos 2020'!X167:X179) -> 0 | J20: =SUM('Proyectos 2020'!Y167:Y179) -> 0 | K20: =SUM('Proyectos 2020'!Z167:Z179) -> 0 | L20: =SUM('Proyectos 2020'!AA167:AA179) -> 0 | ... BF20: =SUM('Proyectos 2020'!BU167:BU179) -> 0 | BG20: =SUM(E20:BF20) -> 4291000001
C21: E3.P_C | D21: ALUMBRADO PÚBLICO, ENERGÍA Y ENERGÍAS RENOVABLES, GAS, CONECTIVIDAD Y TELECOMUNICACIONES | E21: =SUM('Proyectos 2020'!T180:T183) -> 0 | F21: =SUM('Proyectos 2020'!U180:U183) -> 0 | G21: =SUM('Proyectos 2020'!V180:V183) -> 0 | H21: =SUM('Proyectos 2020'!W180:W183) -> 0 | I21: =SUM('Proyectos 2020'!X180:X183) -> 0 | J21: =SUM('Proyectos 2020'!Y180:Y183) -> 0 | K21: =SUM('Proyectos 2020'!Z180:Z183) -> 0 | L21: =SUM('Proyectos 2020'!AA180:AA183) -> 0 | ... BF21: =SUM('Proyectos 2020'!BU180:BU183) -> 0 | BG21: =SUM(E21:BF21) -> 2003000000
C22: E3.P_D | D22: ORDENAMIENTO, GESTIÓN DEL TERRITORIO Y PLANEACIÓN DEL DESARROLLO | E22: =SUM('Proyectos 2020'!T184:T192) -> 920000000 | F22: =SUM('Proyectos 2020'!U184:U192) -> 0 | G22: =SUM('Proyectos 2020'!V184:V192) -> 0 | H22: =SUM('Proyectos 2020'!W184:W192) -> 0 | I22: =SUM('Proyectos 2020'!X184:X192) -> 0 | J22: =SUM('Proyectos 2020'!Y184:Y192) -> 0 | K22: =SUM('Proyectos 2020'!Z184:Z192) -> 0 | L22: =SUM('Proyectos 2020'!AA184:AA192) -> 0 | ... BF22: =SUM('Proyectos 2020'!BU184:BU192) -> 0 | BG22: =SUM(E22:BF22) -> 970050000
C23: E3.P_E | D23: VIVIENDA | E23: =SUM('Proyectos 2020'!T193:T198) -> 210000000 | F23: =SUM('Proyectos 2020'!U193:U198) -> 0 | G23: =SUM('Proyectos 2020'!V193:V198) -> 0 | H23: =SUM('Proyectos 2020'!W193:W198) -> 0 | I23: =SUM('Proyectos 2020'!X193:X198) -> 0 | J23: =SUM('Proyectos 2020'!Y193:Y198) -> 0 | K23: =SUM('Proyectos 2020'!Z193:Z198) -> 0 | L23: =SUM('Proyectos 2020'!AA193:AA198) -> 0 | ... BF23: =SUM('Proyectos 2020'!BU193:BU198) -> 0 | BG23: =SUM(E23:BF23) -> 2215000000
C24: E3.P_F | D24: TOCANCIPA SE PREPARA PARA EL CAMBIO CLIMÁTICO | E24: =SUM('Proyectos 2020'!T199:T203) -> 62000000 | F24: =SUM('Proyectos 2020'!U199:U203) -> 0 | G24: =SUM('Proyectos 2020'!V199:V203) -> 0 | H24: =SUM('Proyectos 2020'!W199:W203) -> 0 | I24: =SUM('Proyectos 2020'!X199:X203) -> 0 | J24: =SUM('Proyectos 2020'!Y199:Y203) -> 0 | K24: =SUM('Proyectos 2020'!Z199:Z203) -> 0 | L24: =SUM('Proyectos 2020'!AA199:AA203) -> 0 | ... BF24: =SUM('Proyectos 2020'!BU199:BU203) -> 0 | BG24: =SUM(E24:BF24) -> 62000000
C25: E3.P_G | D25: AGUA | E25: =SUM('Proyectos 2020'!T204:T208) -> 901000000 | F25: =SUM('Proyectos 2020'!U204:U208) -> 0 | G25: =SUM('Proyectos 2020'!V204:V208) -> 0 | H25: =SUM('Proyectos 2020'!W204:W208) -> 0 | I25: =SUM('Proyectos 2020'!X204:X208) -> 0 | J25: =SUM('Proyectos 2020'!Y204:Y208) -> 0 | K25: =SUM('Proyectos 2020'!Z204:Z208) -> 0 | L25: =SUM('Proyectos 2020'!AA204:AA208) -> 0 | ... BF25: =SUM('Proyectos 2020'!BU204:BU208) -> 0 | BG25: =SUM(E25:BF25) -> 1272100000
C26: E3.P_H | D26: FLORA, FAUNA, SUELO, MINERÍA Y GESTIÓN DE RESIDUOS SÓLIDOS | E26: =SUM('Proyectos 2020'!T209:T215) -> 118000000 | F26: =SUM('Proyectos 2020'!U209:U215) -> 0 | G26: =SUM('Proyectos 2020'!V209:V215) -> 0 | H26: =SUM('Proyectos 2020'!W209:W215) -> 0 | I26: =SUM('Proyectos 2020'!X209:X215) -> 0 | J26: =SUM('Proyectos 2020'!Y209:Y215) -> 0 | K26: =SUM('Proyectos 2020'!Z209:Z215) -> 0 | L26: =SUM('Proyectos 2020'!AA209:AA215) -> 0 | ... BF26: =SUM('Proyectos 2020'!BU209:BU215) -> 0 | BG26: =SUM(E26:BF26) -> 118000000
C27: E3.P_I | D27: AIRE, RUIDO Y CONTAMINACIÓN VISUAL | E27: =SUM('Proyectos 2020'!T216:T218) -> 55000000 | F27: =SUM('Proyectos 2020'!U216:U218) -> 0 | G27: =SUM('Proyectos 2020'!V216:V218) -> 0 | H27: =SUM('Proyectos 2020'!W216:W218) -> 0 | I27: =SUM('Proyectos 2020'!X216:X218) -> 0 | J27: =SUM('Proyectos 2020'!Y216:Y218) -> 0 | K27: =SUM('Proyectos 2020'!Z216:Z218) -> 0 | L27: =SUM('Proyectos 2020'!AA216:AA218) -> 0 | ... BF27: =SUM('Proyectos 2020'!BU216:BU218) -> 0 | BG27: =SUM(E27:BF27) -> 55000000
C28: E3.P_J | D28: SIGAM, PRAES, PIGA Y PROCEDAS | E28: =SUM('Proyectos 2020'!T219:T226) -> 77000000 | F28: =SUM('Proyectos 2020'!U219:U226) -> 0 | G28: =SUM('Proyectos 2020'!V219:V226) -> 0 | H28: =SUM('Proyectos 2020'!W219:W226) -> 0 | I28: =SUM('Proyectos 2020'!X219:X226) -> 0 | J28: =SUM('Proyectos 2020'!Y219:Y226) -> 0 | K28: =SUM('Proyectos 2020'!Z219:Z226) -> 0 | L28: =SUM('Proyectos 2020'!AA219:AA226) -> 0 | ... BF28: =SUM('Proyectos 2020'!BU219:BU226) -> 0 | BG28: =SUM(E28:BF28) -> 77000000
C29: E3.P_K | D29: SENTENCIA DEL RÍO BOGOTÁ | E29: =SUM('Proyectos 2020'!T227) -> 100000000 | F29: =SUM('Proyectos 2020'!U227) -> 0 | G29: =SUM('Proyectos 2020'!V227) -> 0 | H29: =SUM('Proyectos 2020'!W227) -> 0 | I29: =SUM('Proyectos 2020'!X227) -> 0 | J29: =SUM('Proyectos 2020'!Y227) -> 0 | K29: =SUM('Proyectos 2020'!Z227) -> 0 | L29: =SUM('Proyectos 2020'!AA227) -> 0 | ... BF29: =SUM('Proyectos 2020'!BU227) -> 0 | BG29: =SUM(E29:BF29) -> 100000000
C30: E3.P_L | D30: ACUEDUCTO, ALCANTARILLADO Y ASEO | E30: =SUM('Proyectos 2020'!T228:T253) -> 0 | F30: =SUM('Proyectos 2020'!U228:U253) -> 0 | G30: =SUM('Proyectos 2020'!V228:V253) -> 0 | H30: =SUM('Proyectos 2020'!W228:W253) -> 0 | I30: =SUM('Proyectos 2020'!X228:X253) -> 0 | J30: =SUM('Proyectos 2020'!Y228:Y253) -> 0 | K30: =SUM('Proyectos 2020'!Z228:Z253) -> 0 | L30: =SUM('Proyectos 2020'!AA228:AA253) -> 0 | ... BF30: =SUM('Proyectos 2020'!BU228:BU253) -> 0 | BG30: =SUM(E30:BF30) -> 1874169158
A31: E4. | B31: Seguridad y Justicia, La Integración Comunitaria y la Administración Pública son con la Gente y por la Gente | C31: E4.P_A | D31: SEGURIDAD Y JUSTICIA | E31: =SUM('Proyectos 2020'!T254:T272) -> 4253708000 | F31: =SUM('Proyectos 2020'!U254:U272) -> 0 | G31: =SUM('Proyectos 2020'!V254:V272) -> 0 | H31: =SUM('Proyectos 2020'!W254:W272) -> 0 | I31: =SUM('Proyectos 2020'!X254:X272) -> 0 | J31: =SUM('Proyectos 2020'!Y254:Y272) -> 0 | K31: =SUM('Proyectos 2020'!Z254:Z272) -> 0 | L31: =SUM('Proyectos 2020'!AA254:AA272) -> 0 | ... BF31: =SUM('Proyectos 2020'!BU254:BU272) -> 0 | BG31: =SUM(E31:BF31) -> 6303808000 | BH31: =SUM(BG31:BG35) -> 12207745142
C32: E4.P_B | D32: TOCANCIPA GESTIONA SUS RIESGOS | E32: =SUM('Proyectos 2020'!T273:T278) -> 516937142 | F32: =SUM('Proyectos 2020'!U273:U278) -> 0 | G32: =SUM('Proyectos 2020'!V273:V278) -> 0 | H32: =SUM('Proyectos 2020'!W273:W278) -> 0 | I32: =SUM('Proyectos 2020'!X273:X278) -> 0 | J32: =SUM('Proyectos 2020'!Y273:Y278) -> 0 | K32: =SUM('Proyectos 2020'!Z273:Z278) -> 0 | L32: =SUM('Proyectos 2020'!AA273:AA278) -> 0 | ... BF32: =SUM('Proyectos 2020'!BU273:BU278) -> 0 | BG32: =SUM(E32:BF32) -> 1818937142
C33: E4.P_C | D33: DESARROLLO COMUNITARIO | E33: =SUM('Proyectos 2020'!T279:T280) -> 200000000 | F33: =SUM('Proyectos 2020'!U279:U280) -> 0 | G33: =SUM('Proyectos 2020'!V279:V280) -> 0 | H33: =SUM('Proyectos 2020'!W279:W280) -> 0 | I33: =SUM('Proyectos 2020'!X279:X280) -> 0 | J33: =SUM('Proyectos 2020'!Y279:Y280) -> 0 | K33: =SUM('Proyectos 2020'!Z279:Z280) -> 0 | L33: =SUM('Proyectos 2020'!AA279:AA280) -> 0 | ... BF33: =SUM('Proyectos 2020'!BU279:BU280) -> 0 | BG33: =SUM(E33:BF33) -> 200000000
C34: E4.P_D | D34: FORTALECIMIENTO Y EQUIPAMIENTO INSTITUCIONAL Y SISTEMA DE GESTIÓN Y CONTROL | E34: =SUM('Proyectos 2020'!T281:T296) -> 3385000000 | F34: =SUM('Proyectos 2020'!U281:U296) -> 0 | G34: =SUM('Proyectos 2020'!V281:V296) -> 0 | H34: =SUM('Proyectos 2020'!W281:W296) -> 0 | I34: =SUM('Proyectos 2020'!X281:X296) -> 0 | J34: =SUM('Proyectos 2020'!Y281:Y296) -> 0 | K34: =SUM('Proyectos 2020'!Z281:Z296) -> 0 | L34: =SUM('Proyectos 2020'!AA281:AA296) -> 0 | ... BF34: =SUM('Proyectos 2020'!BU281:BU296) -> 0 | BG34: =SUM(E34:BF34) -> 3385000000
C35: E4.P_E | D35: ESTRATEGIAS, TRIBUTACIÓN Y FINANCIEMAIENTO DEL PDM | E35: =SUM('Proyectos 2020'!T297:T302) -> 500000000 | F35: =SUM('Proyectos 2020'!U297:U302) -> 0 | G35: =SUM('Proyectos 2020'!V297:V302) -> 0 | H35: =SUM('Proyectos 2020'!W297:W302) -> 0 | I35: =SUM('Proyectos 2020'!X297:X302) -> 0 | J35: =SUM('Proyectos 2020'!Y297:Y302) -> 0 | K35: =SUM('Proyectos 2020'!Z297:Z302) -> 0 | L35: =SUM('Proyectos 2020'!AA297:AA302) -> 0 | ... BF35: =SUM('Proyectos 2020'!BU297:BU302) -> 0 | BG35: =SUM(E35:BF35) -> 500000000
C36: TOTALES | E36: =SUM(E3:E35) -> 4.4648242e+10 | F36: =SUM(F3:F35) -> 2000000000 | G36: =SUM(G3:G35) -> 474694256 | H36: =SUM(H3:H35) -> 10000000 | I36: =SUM(I3:I35) -> 602678896 | J36: =SUM(J3:J35) -> 133525790 | K36: =SUM(K3:K35) -> 400000 | L36: =SUM(L3:L35) -> 283188006 | ... BH36: =SUM(BH3:BH35) -> 7.4457141e+10
C38: TECHO PRESUPUESTAL | E38: =+'TECHOS PRESU 2020'!B6 -> 44648241709 | F38: =+'TECHOS PRESU 2020'!B7 -> 2000000000 | G38: =+'TECHOS PRESU 2020'!B8 -> 474694256 | H38: =+'TECHOS PRESU 2020'!B9 -> 10000000 | I38: =+'TECHOS PRESU 2020'!B10 -> 602678896 | J38: =+'TECHOS PRESU 2020'!B11 -> 133525790 | K38: =+'TECHOS PRESU 2020'!B12 -> 400000 | L38: =+'TECHOS PRESU 2020'!B13 -> 283188006 | M38: =+'TECHOS PRESU 2020'!B14 -> 1000000 | N38: =+'TECHOS PRESU 2020'!B15 -> 218756307 | O38: =+'TECHOS PRESU 2020'!B16 -> 164067230 | P38: =+'TECHOS PRESU 2020'!B17 -> 2078184905 | Q38: =+'TECHOS PRESU 2020'!B18 -> 7000000 | R38: =+'TECHOS PRESU 2020'!B19 -> 1020169158 | S38: =+'TECHOS PRESU 2020'!B20 -> 4000000 | T38: =+'TECHOS PRESU 2020'!B21 -> 280000000 | U38: =+'TECHOS PRESU 2020'!B22 -> 2000000 | V38: =+'TECHOS PRESU 2020'!B23 -> 1400000000 | W38: =+'TECHOS PRESU 2020'!B24 -> 30000000 | X38: =+'TECHOS PRESU 2020'!B25 -> 2000000000 | Y38: =+'TECHOS PRESU 2020'!B26 -> 30000000 | Z38: =+'TECHOS PRESU 2020'!B27 -> 600000000 | AA38: =+'TECHOS PRESU 2020'!B28 -> 500000 | AB38: =+'TECHOS PRESU 2020'!B29 -> 70000000 | AC38: =+'TECHOS PRESU 2020'!B30 -> 600000 | AD38: =+'TECHOS PRESU 2020'!B31 -> 19200000 | AE38: =+'TECHOS PRESU 2020'!B32 -> 100000 | AF38: =+'TECHOS PRESU 2020'!B33 -> 200000 | AG38: =+'TECHOS PRESU 2020'!B34 -> 0 | AH38: =+'TECHOS PRESU 2020'!B35 -> 0 | AI38: =+'TECHOS PRESU 2020'!B36 -> 2000000000 | AJ38: =+'TECHOS PRESU 2020'!B37 -> 3000000 | AK38: =+'TECHOS PRESU 2020'!B38 -> 20000000 | AL38: =+'TECHOS PRESU 2020'!B39 -> 100000 | AM38: =+'TECHOS PRESU 2020'!B40 -> 2000000000 | AN38: =+'TECHOS PRESU 2020'!B41 -> 2000000 | AO38: =+'TECHOS PRESU 2020'!B42 -> 26000000 | AP38: =+'TECHOS PRESU 2020'!B43 -> 2000000000 | AQ38: =+'TECHOS PRESU 2020'!B44 -> 2000000 | AR38: =+'TECHOS PRESU 2020'!B45 -> 470000000 | AS38: =+'TECHOS PRESU 2020'!B46 -> 80000000 | AT38: =+'TECHOS PRESU 2020'!B47 -> 1300000000 | AU38: =+'TECHOS PRESU 2020'!B48 -> 2000000 | AV38: =+'TECHOS PRESU 2020'!B49 -> 630000000 | AW38: =+'TECHOS PRESU 2020'!B50 -> 1470000000 | AX38: =+'TECHOS PRESU 2020'!B51 -> 2000000 | AY38: =+'TECHOS PRESU 2020'!B52 -> 2000000000 | AZ38: =+'TECHOS PRESU 2020'!B53 -> 2000000000 | BA38: =+'TECHOS PRESU 2020'!B54 -> 5000000 | BB38: =+'TECHOS PRESU 2020'!B55 -> 50000000 | BC38: =+'TECHOS PRESU 2020'!B56 -> 50000 | BD38: =+'TECHOS PRESU 2020'!B57 -> 4316484651 | BE38: =+'TECHOS PRESU 2020'!B58 -> 0 | BF38: =+'TECHOS PRESU 2020'!B59 -> 0 | BG38: =SUM(E38:BF38) -> 74457140908 | BH38: =+BG38 -> 74457140908
C40: PENDIENTE POR DISTRIBUIR | E40: =+E38-E36 -> -0.5 | F40: =+F38-F36 -> 0 | G40: =+G38-G36 -> 0 | H40: =+H38-H36 -> 0 | I40: =+I38-I36 -> 0 | J40: =+J38-J36 -> 0 | K40: =+K38-K36 -> 0 | L40: =+L38-L36 -> 0 | ... BH40: =+BH38-BH36 -> -0.5

Sheet Proyectos 2020
A1: MUNICIPIO DE TOCANCIPÁ - CUNADINAMARCA
A2: PLAN DE DESARROLLO MUNICIPAL "TOCANCIPÁ ALTA COMPETITIVIDAD CON DESARROLLO Y PROYECCIÓN 2016 - 2019"
A3: PLAN OPERATIVO ANUAL DE INVERSIONES - POAI - VIGENCIA 2020
A4: OBJETIVO GENERAL: El Plan de Desarrollo tiene como objetivo principal brindar a la Administración Municipal las herramientas para generar el desarrollo social, económico y la preservación ambiental que el municipio necesita.
A5: VISIÓN: Para el año 2026, Tocancipá será reconocido a nivel Nacional como un Municipio líder en garantía de derechos y servicios, con seguridad, altos niveles de avane e innovación para el desarrollo social, productivo y proyección de su economía en el crecimiento integral y eficiente de su comunidad, con capital humano capacitado y altamente competitivo, desde una perspectiva de inclusión y una política de responsabilidad social y ambiental a través de infraestruturas sostenibles. | S5: DISTRIBUCIÓN POR PROGRAMAS | T5: RECURSOS ASIGNADOS VIGENCIA 2020 (CERTIFICADOS POR SECRETARÍA DE HACIENDA)
A6: CÓD. CONS. EJE | B6: EJE | C6: CÓD. CONS. PROGR. | D6: PROGRAMAS DE INVERSIÓN | E6: CÓD. CONS. META RESULTADO | F6: DESCRIPCIÓN DE LAS METAS DE RESULTADO | G6: NOMBRE DEL INDICADOR DE RESULTADO | H6: LÍNEA BASE IND. RESULTADO (DICIEMBRE DE 2015) | I6: CANT. IND. RESULTADO CUATRIENIO | J6: PROYECTOS (CÓD. SSEPI Y NOMBRE EBI) | K6: CÓD. CONS. META PROD | L6: DESCRIPCIÓN DE LAS METAS DE PRODUCTO | M6: DESCRIPCIÓN DEL INDICADOR DE PRODUCTO | N6: LÍNEA BASE IND. PROD. (DICIEMBRE DE 2015) | O6: CANT. IND. META PRODUCTO CUATRIENIO | P6: CANT. IND. META PRODUCTO 2020 | Q6: V/R SUBTOTAL SOLICITADO PROYECTO DE INVERSIÓN 2019 | S6: V/R ASIGNADO POR PROGRAMA - Vigencia 2020 | T6: ICLD | U6: RENDIMIENTOS FINANCIEROS ICLD | V6: SGP EDUCACION CALIDAD | W6: RENDIMIENTOS FINANCIEROS SGP EDUCACION CALIDAD | X6: SGP GRATUIDAD | Y6: SGP ALIMENTACION ESCOLAR | Z6: RENDIMIENTOS FINANCIEROS SGP ALIMENTACION ESCOLAR | AA6: SGP SALUD PUBLICA | AB6: RENDIMIENTOS FINANCIEROS SGP SALUD PUBLICA | AC6: SGP DEPORTE | AD6: SGP CULTURA | AE6: SGP PROPOSITO GENERAL - LIBRE INVERSIÓN | AF6: RENDIMIENTOS FINANCIEROS SGP PROPOSITO GENERAL - LIBRE INV. | AG6: SGP AGUA POTABLE | AH6: RENDIMIENTOS FINANCIEROS SGP AGUA POTABLE | AI6: ESTAMPILLA PROCULTURA 100% | AJ6: RENDIMIENTOS FINANCIEROS ESTAMPILLA PROCULTURA | AK6: SOBRETASA A LA GASOLINA | AL6: RENDIMIENTOS FINANCIEROS SOBRETASA A LA GASOLINA | AM6: FONDO DE SEGURIDAD | AN6: RENDIMIENTOS FINANCIEROS FONDO DE SEGURIDAD | AO6: RECURSOS LEY 99 DE 1993 | AP6: RENDIMIENTOS FINANCIEROS RECURSOS LEY 99 | AQ6: TRANSPORTE OLEODUCTOS | AR6: RENDIMIENTOS FINANCIEROS TRANSPORTE OLEODUCTOS | AS6: FONDO ASISTENCIA TECNICA RURAL | AT6: RENDIMIENTOS FINANCIEROS FONDO ASISTENCIA TECNICA RURAL | AU6: FONDO DE ACTIVIDADES LUDICAS | AV6: ESTAMPILLA MIGUEL DE IBARRA | AW6: RENDIMIENTOS FINANCIEROS ESTAMPILLA MIGUEL DE IBARRA | AX6: ALUMBRADO PUBLICO | AY6: RENDIMIENTOS FINANCIEROS ALUMBRADO PUBLICO | AZ6: COMPARENDO AMBIENTAL | BA6: RENDIMIENTOS FINANCIEROS COMPARENDO AMBIENTAL | BB6: CESIONES TIPO A | BC6: RENDIMIENTOS FINANCIEROS CESIONES TIPO A | BD6: CONSUMO CIGARRILLO | BE6: PLUSVALIA | BF6: RENDIMIENTOS FINANCIEROS PLUSVALIA | BG6: FONDO DE SOLIDARIDAD SS PP | BH6: RENDIMIENTOS FINANCIEROS FONDO SOLIDARIDAD SERVICIOS PUBLICOS | BI6: SOBRETASA BOMBERIL | BJ6: RENDIMIENTOS FINANCIEROS SOBRETASA BOMBERIL | BK6: ESTAMPILLA ADULTO MAYOR 30% | BL6: ESTAMPILLA ADULTO MAYOR 70% | BM6: RENDIMIENTOS FINANCIEROS ESTAMPILLA ADULTO MAYOR | BN6: CARGAS Y BENEFICIOS | BO6: OBLIGACIONES VIP | BP6: RENDIMIENTOS FINANCIEROS FONDO DE VIVIENDA | BQ6: ESTRATIFICACION SOCIO ECONOMICA | BR6: RENDIMIENTOS FINANCIEROS ESTRATIFICACION | BS6: SALUD REGIMEN SUBSIDIADO | BT6: RECURSOS COLJUEGOS 25% CSF | BU6: RENDIMIENTOS FINANCIEROS OTROS GASTOS EN SALUD | BV6: TOTAL ASIGNADO 2020 POR METAS DE PRODUCTO | BW6: V/R POR FINANCIAR 2020 | BX6: Responsable | DU6: 1 | DV6: 2 | DW6: 3 | DX6: 4 | DY6: 5 | DZ6: 6 | EA6: 7 | EB6: 8 | EC6: 9
A7: E1. | B7: SOCIAL: Desarrollo Social con alta competitividad y proyección | C7: E1.P_A | D7: TOCANCIPA BIEN EDUCADA | E7: E1.P_A.MR1 | F7: Mejorar los indicadores de resultado de las pruebas SABER en las Instituciones Educativas del Municipio | G7: Índice de resultado pruebas SABER | H7: 0 | I7: 0.1 | J7: 2016-25817-0047 Mantenimiento de la cobertura en educación, para mejorar el resultado de pruebas SABER, Tocancipá, Cundinamarca, Centro Oriente | K7: E1.P_A.MR1-MP01-1 | L7: Constituir el mecanismo de gestión y financiación contemplados en el PDM para la creación de un complejo Universitario en el Municipio cofinanciado con el departamento, la nación y universidades públicas y privadas nacionales y/o internacionales | M7: Porcentaje de construcción del Complejo Universitario Municipal | N7: =VLOOKUP(K7,$DU$8:$EC$303,4,0) -> 0 | O7: =VLOOKUP(K7,$DU$8:$EC$303,5,0) -> 30 | P7: 0 | Q7: =SUM(R7:R14) -> 600 | R7: =+GJ7 -> 100 | S7: =SUM(BV7:BV33) -> 1.4252516e+10 | T7: 0 | BV7: =SUM(T7:BU7) -> 0 | BW7: =+R7-BV7 -> 100 | BX7: Secretaria de Educación | DU7: CÓD. CONS. META PRODUCTO | DV7: Metas de Producto | DW7: Indicador | DX7: Lïnea base | DY7: Meta de Producto Cuatrenio | DZ7: Valor Esperado INICIAL 2016 | EA7: Valor esperado VIGENTE 2017 | EB7: Valor esperado VIGENTE 2018 | EC7: Valor esperado VIGENTE 2019 | GH7: =+IF(P7=0,"0","1") -> 0 | GI7: =+IF(BV7=0,"0","1") -> 0 | GJ7: =+((IF((GH7+GI7)=0,"100",(((GH7+GI7)/2)*100)))) -> 100
A8: E1. | B8: SOCIAL: Desarrollo Social con alta competitividad y proyección | C8: E1.P_A | D8: TOCANCIPA BIEN EDUCADA | E8: E1.P_A.MR1 | F8: Mejorar los indicadores de resultado de las pruebas SABER en las Instituciones Educativas del Municipio | G8: Índice de resultado pruebas SABER | H8: 0 | I8: 0.1 | K8: E1.P_A.MR1-MP01-2 | L8: Constituir el mecanismo de gestión y financiación contemplados en el PDM para la creación de un complejo Universitario en el Municipio cofinanciado con el departamento, la nación y universidades públicas y privadas nacionales y/o internacionales | M8: No. De mecanismos de gestión y financiación suscritos para la operación del Complejo Universitario Municipal | N8: =VLOOKUP(K8,$DU$8:$EC$303,4,0) -> 0 | O8: =VLOOKUP(K8,$DU$8:$EC$303,5,0) -> 1 | P8: 0 | R8: =+GJ8 -> 100 | T8: 0 | BV8: =SUM(T8:BU8) -> 0 | BW8: =+R8-BV8 -> 100 | BX8: Secretaria de Educación | DU8: E1.P_A.MR1-MP01-1 | DV8: Constituir el mecanismo de gestión y financiación contemplados en el PDM para la creación de un complejo Universitario en el Municipio cofinanciado con el departamento, la nación y universidades públicas y privadas nacionales y/o internacionales | DW8: Porcentaje de construcción del Complejo Universitario Municipal (%) | DX8: 0 | DY8: 30 | DZ8: 0 | EA8: 0 | EB8: 0 | EC8: 30 | GH8: =+IF(P8=0,"0","1") -> 0 | GI8: =+IF(BV8=0,"0","1") -> 0 | GJ8: =+((IF((GH8+GI8)=0,"100",(((GH8+GI8)/2)*100)))) -> 100
A9: E1. | B9: SOCIAL: Desarrollo Social con alta competitividad y proyección | C9: E1.P_A | D9: TOCANCIPA BIEN EDUCADA | E9: E1.P_A.MR1 | F9: Mejorar los indicadores de resultado de las pruebas SABER en las Instituciones Educativas del Municipio | G9: Índice de resultado pruebas SABER | H9: 0 | I9: 0.1 | K9: E1.P_A.MR1-MP02-1 | L9: implementar acciones para mejorar los resultados de las Pruebas Saber 3°, 5°, 7°, 9° y 11 | M9: No. De acciones implementadas | N9: =VLOOKUP(K9,$DU$8:$EC$303,4,0) -> 1 | O9: =VLOOKUP(K9,$DU$8:$EC$303,5,0) -> 2 | P9: =VLOOKUP(K9,$DU$8:$EC$303,9,0) -> 1 | R9: =+GJ9 -> 100 | T9: 86940000 | BV9: =SUM(T9:BU9) -> 86940000 | BW9: =+R9-BV9 -> -86939900 | BX9: Secretaria de Educación | DU9: E1.P_A.MR1-MP01-2 | DV9: Constituir el mecanismo de gestión y financiación contemplados en el PDM para la creación de un complejo Universitario en el Municipio cofinanciado con el departamento, la nación y universidades públicas y privadas nacionales y/o internacionales | DW9: No. De mecanismos de gestión y financiación suscritos para la operación del Complejo Universitario Municipal | DX9: 0 | DY9: 1 | DZ9: 0 | EA9: 0 | EB9: 0 | EC9: 1 | GH9: =+IF(P9=0,"0","1") -> 1 | GI9: =+IF(BV9=0,"0","1") -> 1 | GJ9: =+((IF((GH9+GI9)=0,"100",(((GH9+GI9)/2)*100)))) -> 100
A10: E1. | B10: SOCIAL: Desarrollo Social con alta competitividad y proyección | C10: E1.P_A | D10: TOCANCIPA BIEN EDUCADA | E10: E1.P_A.MR1 | F10: Mejorar los indicadores de resultado de las pruebas SABER en las Instituciones Educativas del Municipio | G10: Índice de resultado pruebas SABER | H10: 0 | I10: 0.1 | K10: E1.P_A.MR1-MP03-1 | L10: Mantener la cobertura del servicio de transporte escolar | M10: Tasa de Cobertura de Transporte Escolar según distancia legal para los estudiantes que lo requieren | N10: =VLOOKUP(K10,$DU$8:$EC$303,4,0) -> 98 | O10: =VLOOKUP(K10,$DU$8:$EC$303,5,0) -> 98 | P10: =VLOOKUP(K10,$DU$8:$EC$303,9,0) -> 98 | R10: =+GJ10 -> 100 | T10: =2400000000+(2400000000*0.05) -> 2520000000 | BV10: =SUM(T10:BU10) -> 2520000000 | BW10: =+R10-BV10 -> -2519999900 | BX10: Secretaria de Educación | DU10: E1.P_A.MR1-MP02-1 | DV10: implementar acciones para mejorar los resultados de las Pruebas Saber 3°, 5°, 7°, 9° y 11 | DW10: No. De acciones implementadas | DX10: 1 | DY10: 2 | DZ10: 0 | EA10: 0.5 | EB10: 0.5 | EC10: 1 | GH10: =+IF(P10=0,"0","1") -> 1 | GI10: =+IF(BV10=0,"0","1") -> 1 | GJ10: =+((IF((GH10+GI10)=0,"100",(((GH10+GI10)/2)*100)))) -> 100
A11: E1. | B11: SOCIAL: Desarrollo Social con alta competitividad y proyección | C11: E1.P_A | D11: TOCANCIPA BIEN EDUCADA | E11: E1.P_A.MR1 | F11: Mejorar los indicadores de resultado de las pruebas SABER en las Instituciones Educativas del Municipio | G11: Índice de resultado pruebas SABER | H11: 0 | I11: 0.1 | K11: E1.P_A.MR1-MP04-1 | L11: Implementar semilleros de investigación en tecnología e innovación | M11: No. de semilleros de investigación en tecnología e innovación implementados | N11: =VLOOKUP(K11,$DU$8:$EC$303,4,0) -> 0 | O11: =VLOOKUP(K11,$DU$8:$EC$303,5,0) -> 3 | P11: =VLOOKUP(K11,$DU$8:$EC$303,9,0) -> 1 | R11: =+GJ11 -> 100 | T11: =38500000+(38500000*5%) -> 40425000 | BV11: =SUM(T11:BU11) -> 40425000 | BW11: =+R11-BV11 -> -40424900 | BX11: Secretaria de Educación | DU11: E1.P_A.MR1-MP03-1 | DV11: Mantener la cobertura del servicio de transporte escolar | DW11: Tasa de Cobertura de Transporte Escolar según distancia legal para los estudiantes que lo requieren (%) | DX11: 98 | DY11: 98 | DZ11: 98 | EA11: 98 | EB11: 98 | EC11: 98 | GH11: =+IF(P11=0,"0","1") -> 1 | GI11: =+IF(BV11=0,"0","1") -> 1 | GJ11: =+((IF((GH11+GI11)=0,"100",(((GH11+GI11)/2)*100)))) -> 100
A12: E1. | B12: SOCIAL: Desarrollo Social con alta competitividad y proyección | C12: E1.P_A | D12: TOCANCIPA BIEN EDUCADA | E12: E1.P_A.MR1 | F12: Mejorar los indicadores de resultado de las pruebas SABER en las Instituciones Educativas del Municipio | G12: Índice de resultado pruebas SABER | H12: 0 | I12: 0.1 | K12: E1.P_A.MR1-MP05-1 | L12: Mantener las Dotaciones de las I.E.D en Infraestructura Educativa y en Material y Medios Pedagógicos para el Aprendizaje | M12: No. de instituciones dotadas | N12: =VLOOKUP(K12,$DU$8:$EC$303,4,0) -> 3 | O12: =VLOOKUP(K12,$DU$8:$EC$303,5,0) -> 3 | P12: =VLOOKUP(K12,$DU$8:$EC$303,9,0) -> 3 | R12: =+GJ12 -> 100 | T12: 200000000 | V12: 474694256 | W12: 10000000 | BV12: =SUM(T12:BU12) -> 684694256 | BW12: =+R12-BV12 -> -684694156 | BX12: Secretaria de Educación | DU12: E1.P_A.MR1-MP04-1 | DV12: Implementar semilleros de investigación en tecnología e innovación | DW12: No. de semilleros de investigación en tecnología e innovación implementados | DX12: 0 | DY12: 3 | DZ12: 0.5 | EA12: 0.5 | EB12: 1 | EC12: 1 | GH12: =+IF(P12=0,"0","1") -> 1 | GI12: =+IF(BV12=0,"0","1") -> 1 | GJ12: =+((IF((GH12+GI12)=0,"100",(((GH12+GI12)/2)*100)))) -> 100
A13: E1. | B13: SOCIAL: Desarrollo Social con alta competitividad y proyección | C13: E1.P_A | D13: TOCANCIPA BIEN EDUCADA | E13: E1.P_A.MR1 | F13: Mejorar los indicadores de resultado de las pruebas SABER en las Instituciones Educativas del Municipio | G13: Índice de resultado pruebas SABER | H13: 0 | I13: 0.1 | K13: E1.P_A.MR1-MP06-1 | L13: Mantener la infraestructura educativa y recursos de aprendizaje de las I.E.D | M13: No. de I.E.D a las que se ha realizado mantenimiento | N13: =VLOOKUP(K13,$DU$8:$EC$303,4,0) -> 3 | O13: =VLOOKUP(K13,$DU$8:$EC$303,5,0) -> 3 | P13: =VLOOKUP(K13,$DU$8:$EC$303,9,0) -> 3 | R13: =+GJ13 -> 100 | T13: 100000000 | BV13: =SUM(T13:BU13) -> 100000000 | BW13: =+R13-BV13 -> -99999900 | BX13: Secretaria de Educación | DU13: E1.P_A.MR1-MP05-1 | DV13: Mantener las Dotaciones de las I.E.D en Infraestructura Educativa y en Material y Medios Pedagógicos para el Aprendizaje | DW13: No. de instituciones dotadas | DX13: 3 | DY13: 3 | DZ13: 3 | EA13: 3 | EB13: 3 | EC13: 3 | GH13: =+IF(P13=0,"0","1") -> 1 | GI13: =+IF(BV13=0,"0","1") -> 1 | GJ13: =+((IF((GH13+GI13)=0,"100",(((GH13+GI13)/2)*100)))) -> 100
A14: E1. | B14: SOCIAL: Desarrollo Social con alta competitividad y proyección | C14: E1.P_A | D14: TOCANCIPA BIEN EDUCADA | E14: E1.P_A.MR1 | F14: Mejorar los indicadores de resultado de las pruebas SABER en las Instituciones Educativas del Municipio | G14: Índice de resultado pruebas SABER | H14: 0 | I14: 0.1 | K14: E1.P_A.MR1-MP07-1 | L14: Realizar procesos de apoyo y acompañamiento a las Instituciones Educativas Oficiales en su operación institucional | M14: No. de Instituciones Educativas Oficiales apoyadas y acompañadas | N14: =VLOOKUP(K14,$DU$8:$EC$303,4,0) -> 3 | O14: =VLOOKUP(K14,$DU$8:$EC$303,5,0) -> 3 | P14: =VLOOKUP(K14,$DU$8:$EC$303,9,0) -> 3 | R14: =+GJ14 -> 100 | T14: =124624200+(124624200*5%)+100000000 -> 230855410 | X14: 602678896 | BV14: =SUM(T14:BU14) -> 833534306 | BW14: =+R14-BV14 -> -833534206 | BX14: Secretaria de Educación | DU14: E1.P_A.MR1-MP06-1 | DV14: Mantener la infraestructura educativa y recursos de aprendizaje de las I.E.D | DW14: No. de I.E.D a las que se ha realizado mantenimiento | DX14: 3 | DY14: 3 | DZ14: 3 | EA14: 3 | EB14: 3 | EC14: 3 | GH14: =+IF(P14=0,"0","1") -> 1 | GI14: =+IF(BV14=0,"0","1") -> 1 | GJ14: =+((IF((GH14+GI14)=0,"100",(((GH14+GI14)/2)*100)))) -> 100
A15: E1. | B15: SOCIAL: Desarrollo Social con alta competitividad y proyección | C15: E1.P_A | D15: TOCANCIPA BIEN EDUCADA | E15: E1.P_A.MR1 | F15: Mejorar los indicadores de resultado de las pruebas SABER en las Instituciones Educativas del Municipio | G15: Índice de resultado pruebas SABER | H15: 0 | I15: 0.1 | J15: 2016-25817-0051 Desarrollo del programa Restaurantes Escolares en el Municipio de Tocancipá, Cundinamarca, Centro Oriente | K15: E1.P_A.MR1-MP08-1 | L15: Realizar acciones para fortalecer la estrategia de complementación alimentaria y nutricional de calidad (refrigerios y restaurante escolar) para la población a la luz de criterios del Plan de Seguridad Alimentaria y Nutricional Departamental -PSAIN | M15: N° de acciones realizadas | N15: =VLOOKUP(K15,$DU$8:$EC$303,4,0) -> 0 | O15: =VLOOKUP(K15,$DU$8:$EC$303,5,0) -> 3 | P15: =VLOOKUP(K15,$DU$8:$EC$303,9,0) -> 0.68 | Q15: =SUM(R15) -> 100 | R15: =+GJ15 -> 100 | T15: =2896074210-400000000 -> 2496074210 | U15: =400000000 -> 400000000 | Y15: 133525790 | Z15: 400000 | BV15: =SUM(T15:BU15) -> 3030000000 | BW15: =+R15-BV15 -> -3029999900 | BX15: Secretaria de Educación | DU15: E1.P_A.MR1-MP07-1 | DV15: Realizar procesos de apoyo y acompañamiento a las Instituciones Educativas Oficiales en su operación institucional | DW15: No. de Instituciones Educativas Oficiales apoyadas y acompañadas | DX15: 3 | DY15: 3 | DZ15: 3 | EA15: 3 | EB15: 3 | EC15: 3 | GH15: =+IF(P15=0,"0","1") -> 1 | GI15: =+IF(BV15=0,"0","1") -> 1 | GJ15: =+((IF((GH15+GI15)=0,"100",(((GH15+GI15)/2)*100)))) -> 100
A16: E1. | B16: SOCIAL: Desarrollo Social con alta competitividad y proyección | C16: E1.P_A | D16: TOCANCIPA BIEN EDUCADA | E16: E1.P_A.MR2 | F16: Disminuir el número de estudiantes por equipo de cómputo | G16: No. de estudiantes por equipo de cómputo | H16: 3 | I16: 2 | J16: 2016-25817-0026 Fortalecimiento de la enseñanza mediante ambientes digitales y cualificación docente en el Municipio de Tocancipá, Cundinamarca, Centro Oriente | K16: E1.P_A.MR2-MP01-1 | L16: Realizar acciones para mejorar la cualificación docente | M16: No. de acciones realizadas | N16: =VLOOKUP(K16,$DU$8:$EC$303,4,0) -> 0 | O16: =VLOOKUP(K16,$DU$8:$EC$303,5,0) -> 4 | P16: 0 | Q16: =SUM(R16:R19) -> 300 | R16: =+GJ16 -> 100 | T16: 0 | BV16: =SUM(T16:BU16) -> 0 | BW16: =+R16-BV16 -> 100 | BX16: Secretaria de Educación | DU16: E1.P_A.MR1-MP08-1 | DV16: Realizar acciones para fortalecer la estrategia de complementación alimentaria y nutricional de calidad (refrigerios y restaurante escolar) para la población a la luz de criterios del Plan de Seguridad Alimentaria y Nutricional Departamental -PSAIN | DW16: N° de acciones realizadas | DX16: 0 | DY16: 3 | DZ16: 1 | EA16: 0.66 | EB16: 0.66 | EC16: 0.68 | GH16: =+IF(P16=0,"0","1") -> 0 | GI16: =+IF(BV16=0,"0","1") -> 0 | GJ16: =+((IF((GH16+GI16)=0,"100",(((GH16+GI16)/2)*100)))) -> 100
A17: E1. | B17: SOCIAL: Desarrollo Social con alta competitividad y proyección | C17: E1.P_A | D17: TOCANCIPA BIEN EDUCADA | E17: E1.P_A.MR2 | F17: Disminuir el número de estudiantes por equipo de cómputo | G17: No. de estudiantes por equipo de cómputo | H17: 3 | I17: 2 | K17: E1.P_A.MR2-MP02-1 | L17: Implementar una estrategia de “reconocimiento labor docente” | M17: No. de estrategias implementadas | N17: =VLOOKUP(K17,$DU$8:$EC$303,4,0) -> 0 | O17: =VLOOKUP(K17,$DU$8:$EC$303,5,0) -> 1 | P17: =VLOOKUP(K17,$DU$8:$EC$303,9,0) -> 0.25 | R17: =+GJ17 -> 100 | T17: 39000000 | BV17: =SUM(T17:BU17) -> 39000000 | BW17: =+R17-BV17 -> -38999900 | BX17: Secretaria de Educación | DU17: E1.P_A.MR2-MP01-1 | DV17: Realizar acciones para mejorar la cualificación docente | DW17: No. de acciones realizadas | DX17: 0 | DY17: 4 | DZ17: 0 | EA17: 1 | EB17: 2 | EC17: 1 | GH17: =+IF(P17=0,"0","1") -> 1 | GI17: =+IF(BV17=0,"0","1") -> 1 | GJ17: =+((IF((GH17+GI17)=0,"100",(((GH17+GI17)/2)*100)))) -> 100
A18: E1. | B18: SOCIAL: Desarrollo Social con alta competitividad y proyección | C18: E1.P_A | D18: TOCANCIPA BIEN EDUCADA | E18: E1.P_A.MR2 | F18: Disminuir el número de estudiantes por equipo de cómputo | G18: No. de estudiantes por equipo de cómputo | H18: 3 | I18: 2 | K18: E1.P_A.MR2-MP03-1 | L18: Mantener y fortalecer los ambientes digitales | M18: No. de ambientes mantenidos y fortalecidos | N18: =VLOOKUP(K18,$DU$8:$EC$303,4,0) -> 8 | O18: =VLOOKUP(K18,$DU$8:$EC$303,5,0) -> 8 | P18: =VLOOKUP(K18,$DU$8:$EC$303,9,0) -> 8 | R18: =+GJ18 -> 100 | T18: =678000000+(678000000*5%) -> 711900000 | BV18: =SUM(T18:BU18) -> 711900000 | BW18: =+R18-BV18 -> -711899900 | BX18: Secretaria de Educación | DU18: E1.P_A.MR2-MP02-1 | DV18: Implementar una estrategia de “reconocimiento labor docente” | DW18: No. de estrategias implementadas | DX18: 0 | DY18: 1 | DZ18: 0.25 | EA18: 0.25 | EB18: 0.25 | EC18: 0.25 | GH18: =+IF(P18=0,"0","1") -> 1 | GI18: =+IF(BV18=0,"0","1") -> 1 | GJ18: =+((IF((GH18+GI18)=0,"100",(((GH18+GI18)/2)*100)))) -> 100
A19: E1. | B19: SOCIAL: Desarrollo Social con alta competitividad y proyección | C19: E1.P_A | D19: TOCANCIPA BIEN EDUCADA | E19: E1.P_A.MR2 | F19: Disminuir el número de estudiantes por equipo de cómputo | G19: No. de estudiantes por equipo de cómputo | H19: 3 | I19: 2 | K19: E1.P_A.MR2-MP04-1 | L19: Otorgar estímulos a las IED para que logren alta calidad educativa | M19: No. de estímulos otorgados | N19: =VLOOKUP(K19,$DU$8:$EC$303,4,0) -> 0 | O19: =VLOOKUP(K19,$DU$8:$EC$303,5,0) -> 3 | P19: =VLOOKUP(K19,$DU$8:$EC$303,9,0) -> 0.75 | R19: =+GJ19 -> 100 | T19: 199500000 | BV19: =SUM(T19:BU19) -> 199500000 | BW19: =+R19-BV19 -> -199499900 | BX19: Secretaria de Educación | DU19: E1.P_A.MR2-MP03-1 | DV19: Mantener y fortalecer los ambientes digitales | DW19: No. de ambientes mantenidos y fortalecidos | DX19: 8 | DY19: 8 | DZ19: 8 | EA19: 8 | EB19: 8 | EC19: 8 | GH19: =+IF(P19=0,"0","1") -> 1 | GI19: =+IF(BV19=0,"0","1") -> 1 | GJ19: =+((IF((GH19+GI19)=0,"100",(((GH19+GI19)/2)*100)))) -> 100
A20: E1. | B20: SOCIAL: Desarrollo Social con alta competitividad y proyección | C20: E1.P_A | D20: TOCANCIPA BIEN EDUCADA | E20: E1.P_A.MR3 | F20: Mantener las tasas de cobertura bruta por niveles | G20: Tasa de cobertura transición Tasa de cobertura primaria Tasa de cobertura secundaria Tasa de cobertura media | H20: 104% 108% 126% 90,83% | I20: 104% 108% 126% 90,83% | J20: 2016-25817-0044 Mantenimiento de las tasas de cobertura escolar Tocancipá, Cundinamarca, Centro Oriente | K20: E1.P_A.MR3-MP01-1 | L20: Implementar procesos de apoyo para la permanencia y cobertura educativa en la población desescolarizada | M20: No. de procesos implementados | N20: =VLOOKUP(K20,$DU$8:$EC$303,4,0) -> 1 | O20: =VLOOKUP(K20,$DU$8:$EC$303,5,0) -> 2 | P20: =VLOOKUP(K20,$DU$8:$EC$303,9,0) -> 0.5 | Q20: =SUM(R20:R24) -> 300 | R20: =+GJ20 -> 100 | T20: 63179655 | BV20: =SUM(T20:BU20) -> 63179655 | BW20: =+R20-BV20 -> -63179555 | BX20: Secretaria de Educación | DU20: E1.P_A.MR2-MP04-1 | DV20: Otorgar estímulos a las IED para que logren alta calidad educativa | DW20: No. de estímulos otorgados | DX20: 0 | DY20: 3 | DZ20: 0.75 | EA20: 0.75 | EB20: 0.75 | EC20: 0.75 | GH20: =+IF(P20=0,"0","1") -> 1 | GI20: =+IF(BV20=0,"0","1") -> 1 | GJ20: =+((IF((GH20+GI20)=0,"100",(((GH20+GI20)/2)*100)))) -> 100
A21: E1. | B21: SOCIAL: Desarrollo Social con alta competitividad y proyección | C21: E1.P_A | D21: TOCANCIPA BIEN EDUCADA | E21: E1.P_A.MR3 | F21: Mantener las tasas de cobertura bruta por niveles | G21: Tasa de cobertura transición Tasa de cobertura primaria Tasa de cobertura secundaria Tasa de cobertura media | H21: 104% 108% 126% 90,83% | I21: 104% 108% 126% 90,83% | K21: E1.P_A.MR3-MP02-1 | L21: Otorgar estímulos para las IED que implementen la jornada única escolar | M21: No. de Estímulos otorgados | N21: =VLOOKUP(K21,$DU$8:$EC$303,4,0) -> 0 | O21: =VLOOKUP(K21,$DU$8:$EC$303,5,0) -> 3 | P21: 0 | R21: =+GJ21 -> 100 | T21: 0 | BV21: =SUM(T21:BU21) -> 0 | BW21: =+R21-BV21 -> 100 | BX21: Secretaria de Educación | DU21: E1.P_A.MR3-MP01-1 | DV21: Implementar procesos de apoyo para la permanencia y cobertura educativa en la población desescolarizada | DW21: No. de procesos implementados | DX21: 1 | DY21: 2 | DZ21: 0.5 | EA21: 0.5 | EB21: 0.5 | EC21: 0.5 | GH21: =+IF(P21=0,"0","1") -> 0 | GI21: =+IF(BV21=0,"0","1") -> 0 | GJ21: =+((IF((GH21+GI21)=0,"100",(((GH21+GI21)/2)*100)))) -> 100
A22: E1. | B22: SOCIAL: Desarrollo Social con alta competitividad y proyección | C22: E1.P_A | D22: TOCANCIPA BIEN EDUCADA | E22: E1.P_A.MR3 | F22: Mantener las tasas de cobertura bruta por niveles | G22: Tasa de cobertura transición Tasa de cobertura primaria Tasa de cobertura secundaria Tasa de cobertura media | H22: 104% 108% 126% 90,83% | I22: 104% 108% 126% 90,83% | K22: E1.P_A.MR3-MP03-1 | L22: Mantener el acceso a la educación de la población en condiciones de vulnerabilidad que demande el servicio | M22: % de población vulnerable en el sistema educativo | N22: =VLOOKUP(K22,$DU$8:$EC$303,4,0) -> 100 | O22: =VLOOKUP(K22,$DU$8:$EC$303,5,0) -> 100 | P22: =VLOOKUP(K22,$DU$8:$EC$303,9,0) -> 100 | R22: =+GJ22 -> 100 | T22: 72155160 | BV22: =SUM(T22:BU22) -> 72155160 | BW22: =+R22-BV22 -> -72155060 | BX22: Secretaria de Educación | DU22: E1.P_A.MR3-MP02-1 | DV22: Otorgar estímulos para las IED que implementen la jornada única escolar | DW22: No. de Estímulos otorgados | DX22: 0 | DY22: 3 | DZ22: 0 | EA22: 0 | EB22: 1 | EC22: 2 | GH22: =+IF(P22=0,"0","1") -> 1 | GI22: =+IF(BV22=0,"0","1") -> 1 | GJ22: =+((IF((GH22+GI22)=0,"100",(((GH22+GI22)/2)*100)))) -> 100
A23: E1. | B23: SOCIAL: Desarrollo Social con alta competitividad y proyección | C23: E1.P_A | D23: TOCANCIPA BIEN EDUCADA | E23: E1.P_A.MR3 | F23: Mantener las tasas de cobertura bruta por niveles | G23: Tasa de cobertura transición Tasa de cobertura primaria Tasa de cobertura secundaria Tasa de cobertura media | H23: 104% 108% 126% 90,83% | I23: 104% 108% 126% 90,83% | K23: E1.P_A.MR3-MP04-1 | L23: Garantizar los servicios de aseo y vigilancia en las I.E.D | M23: No. de I.E.D con Servicios de aseo y vigilancia de calidad mantenidos | N23: =VLOOKUP(K23,$DU$8:$EC$303,4,0) -> 3 | O23: =VLOOKUP(K23,$DU$8:$EC$303,5,0) -> 3 | P23: =VLOOKUP(K23,$DU$8:$EC$303,9,0) -> 3 | R23: =+GJ23 -> 100 | T23: =2134000000+(2134000000*5%) -> 2240700000 | BV23: =SUM(T23:BU23) -> 2240700000 | BW23: =+R23-BV23 -> -2240699900 | BX23: Secretaria de Educación | DU23: E1.P_A.MR3-MP03-1 | DV23: Mantener el acceso a la educación de la población en condiciones de vulnerabilidad que demande el servicio | DW23: % de población vulnerable en el sistema educativo | DX23: 100 | DY23: 100 | DZ23: 100 | EA23: 100 | EB23: 100 | EC23: 100 | GH23: =+IF(P23=0,"0","1") -> 1 | GI23: =+IF(BV23=0,"0","1") -> 1 | GJ23: =+((IF((GH23+GI23)=0,"100",(((GH23+GI23)/2)*100)))) -> 100
A24: E1. | B24: SOCIAL: Desarrollo Social con alta competitividad y proyección | C24: E1.P_A | D24: TOCANCIPA BIEN EDUCADA | E24: E1.P_A.MR3 | F24: Mantener las tasas de cobertura bruta por niveles | G24: Tasa de cobertura transición Tasa de cobertura primaria Tasa de cobertura secundaria Tasa de cobertura media | H24: 104% 108% 126% 90,83% | I24: 104% 108% 126% 90,83% | K24: E1.P_A.MR3-MP05-1 | L24: Obtener la concesión de servicios educativos en el municipio con entidades de carácter privado | M24: No. Concesiones obtenidas | N24: =VLOOKUP(K24,$DU$8:$EC$303,4,0) -> 0 | O24: =VLOOKUP(K24,$DU$8:$EC$303,5,0) -> 1 | P24: 0 | R24: =+GJ24 -> 100 | T24: 0 | BV24: =SUM(T24:BU24) -> 0 | BW24: =+R24-BV24 -> 100 | BX24: Secretaria de Educación | DU24: E1.P_A.MR3-MP04-1 | DV24: Garantizar los servicios de aseo y vigilancia en las I.E.D | DW24: No. de I.E.D con Servicios de aseo y vigilancia de calidad mantenidos | DX24: 3 | DY24: 3 | DZ24: 3 | EA24: 3 | EB24: 3 | EC24: 3 | GH24: =+IF(P24=0,"0","1") -> 0 | GI24: =+IF(BV24=0,"0","1") -> 0 | GJ24: =+((IF((GH24+GI24)=0,"100",(((GH24+GI24)/2)*100)))) -> 100
A25: E1. | B25: SOCIAL: Desarrollo Social con alta competitividad y proyección | C25: E1.P_A | D25: TOCANCIPA BIEN EDUCADA | E25: E1.P_A.MR4 | F25: Mejorar el perfil ocupacional de la población | G25: Índice de perfil ocupacional | H25: 0 | I25: 0.04 | J25: 2016-25817-0019 Mejoramiento Perfil ocupacional de la comunidad educativa Tocancipá, Cundinamarca, Centro Oriente | K25: E1.P_A.MR4-MP01-1 | L25: Realizar acciones en para la orientación ocupacional y vocacional para los estudiantes de grado 11 de las IED | M25: No. de Acciones realizadas | N25: =VLOOKUP(K25,$DU$8:$EC$303,4,0) -> 2 | O25: =VLOOKUP(K25,$DU$8:$EC$303,5,0) -> 2 | P25: =VLOOKUP(K25,$DU$8:$EC$303,9,0) -> 0.5 | Q25: =SUM(R25:R29) -> 500 | R25: =+GJ25 -> 100 | T25: 68775000 | BV25: =SUM(T25:BU25) -> 68775000 | BW25: =+R25-BV25 -> -68774900 | BX25: Secretaria de Educación | DU25: E1.P_A.MR3-MP05-1 | DV25: Obtener la concesión de servicios educativos en el municipio con entidades de carácter privado | DW25: No. Concesiones obtenidas | DX25: 0 | DY25: 1 | DZ25: 0 | EA25: 0 | EB25: 0.5 | EC25: 0.5 | GH25: =+IF(P25=0,"0","1") -> 1 | GI25: =+IF(BV25=0,"0","1") -> 1 | GJ25: =+((IF((GH25+GI25)=0,"100",(((GH25+GI25)/2)*100)))) -> 100
A26: E1. | B26: SOCIAL: Desarrollo Social con alta competitividad y proyección | C26: E1.P_A | D26: TOCANCIPA BIEN EDUCADA | E26: E1.P_A.MR4 | F26: Mejorar el perfil ocupacional de la población | G26: Índice de perfil ocupacional | H26: 0 | I26: 0.04 | K26: E1.P_A.MR4-MP02-1 | L26: Desarrollar Estrategias articuladas con otras dependencias de la administración y/o otras entidades para la prevención de embarazo adolescente en ambientes escolares | M26: No. de estrategias desarrolladas | N26: =VLOOKUP(K26,$DU$8:$EC$303,4,0) -> 1 | O26: =VLOOKUP(K26,$DU$8:$EC$303,5,0) -> 3 | P26: =VLOOKUP(K26,$DU$8:$EC$303,9,0) -> 0.75 | R26: =+GJ26 -> 100 | T26: 36077580 | BV26: =SUM(T26:BU26) -> 36077580 | BW26: =+R26-BV26 -> -36077480 | BX26: Secretaria de Educación | DU26: E1.P_A.MR4-MP01-1 | DV26: Realizar acciones en para la orientación ocupacional y vocacional para los estudiantes de grado 11 de las IED | DW26: No. de Acciones realizadas | DX26: 2 | DY26: 2 | DZ26: 0.5 | EA26: 0.5 | EB26: 0.5 | EC26: 0.5 | GH26: =+IF(P26=0,"0","1") -> 1 | GI26: =+IF(BV26=0,"0","1") -> 1 | GJ26: =+((IF((GH26+GI26)=0,"100",(((GH26+GI26)/2)*100)))) -> 100
A27: E1. | B27: SOCIAL: Desarrollo Social con alta competitividad y proyección | C27: E1.P_A | D27: TOCANCIPA BIEN EDUCADA | E27: E1.P_A.MR4 | F27: Mejorar el perfil ocupacional de la población | G27: Índice de perfil ocupacional | H27: 0 | I27: 0.04 | K27: E1.P_A.MR4-MP03-1 | L27: Implementar estrategias articuladas con otras dependencias de la administración y/o otras entidades para la prevención del consumo de SPA en ambientes escolares | M27: No. de estrategias implementadas | N27: =VLOOKUP(K27,$DU$8:$EC$303,4,0) -> 1 | O27: =VLOOKUP(K27,$DU$8:$EC$303,5,0) -> 3 | P27: =VLOOKUP(K27,$DU$8:$EC$303,9,0) -> 0.75 | R27: =+GJ27 -> 100 | T27: 36077580 | BV27: =SUM(T27:BU27) -> 36077580 | BW27: =+R27-BV27 -> -36077480 | BX27: Secretaria de Educación | DU27: E1.P_A.MR4-MP02-1 | DV27: Desarrollar Estrategias articuladas con otras dependencias de la administración y/o otras entidades para la prevención de embarazo adolescente en ambientes escolares | DW27: No. de estrategias desarrolladas | DX27: 1 | DY27: 3 | DZ27: 0.75 | EA27: 0.75 | EB27: 0.75 | EC27: 0.75 | GH27: =+IF(P27=0,"0","1") -> 1 | GI27: =+IF(BV27=0,"0","1") -> 1 | GJ27: =+((IF((GH27+GI27)=0,"100",(((GH27+GI27)/2)*100)))) -> 100
A28: E1. | B28: SOCIAL: Desarrollo Social con alta competitividad y proyección | C28: E1.P_A | D28: TOCANCIPA BIEN EDUCADA | E28: E1.P_A.MR4 | F28: Mejorar el perfil ocupacional de la población | G28: Índice de perfil ocupacional | H28: 0 | I28: 0.04 | K28: E1.P_A.MR4-MP04-1 | L28: Implementar una estrategia de apoyo profesional para fortalecer la convivencia escolar y el entorno familiar | M28: No. de estrategias implementadas | N28: =VLOOKUP(K28,$DU$8:$EC$303,4,0) -> 0 | O28: =VLOOKUP(K28,$DU$8:$EC$303,5,0) -> 1 | P28: =VLOOKUP(K28,$DU$8:$EC$303,9,0) -> 0.25 | R28: =+GJ28 -> 100 | T28: 582891540 | BV28: =SUM(T28:BU28) -> 582891540 | BW28: =+R28-BV28 -> -582891440 | BX28: Secretaria de Educación | DU28: E1.P_A.MR4-MP03-1 | DV28: Implementar estrategias articuladas con otras dependencias de la administración y/o otras entidades para la prevención del consumo de SPA en ambientes escolares | DW28: No. de estrategias implementadas | DX28: 1 | DY28: 3 | DZ28: 0.75 | EA28: 0.75 | EB28: 0.75 | EC28: 0.75 | GH28: =+IF(P28=0,"0","1") -> 1 | GI28: =+IF(BV28=0,"0","1") -> 1 | GJ28: =+((IF((GH28+GI28)=0,"100",(((GH28+GI28)/2)*100)))) -> 100
A29: E1. | B29: SOCIAL: Desarrollo Social con alta competitividad y proyección | C29: E1.P_A | D29: TOCANCIPA BIEN EDUCADA | E29: E1.P_A.MR4 | F29: Mejorar el perfil ocupacional de la población | G29: Índice de perfil ocupacional | H29: 0 | I29: 0.04 | K29: E1.P_A.MR4-MP05-1 | L29: Aumentar la cobertura de formación en programas de Segunda Lengua | M29: No. de Beneficiarios de formación en segunda Lengua | N29: =VLOOKUP(K29,$DU$8:$EC$303,4,0) -> 120 | O29: =VLOOKUP(K29,$DU$8:$EC$303,5,0) -> 1500 | P29: =VLOOKUP(K29,$DU$8:$EC$303,9,0) -> 375 | R29: =+GJ29 -> 100 | T29: 1000000000 | BV29: =SUM(T29:BU29) -> 1000000000 | BW29: =+R29-BV29 -> -999999900 | BX29: Secretaria de Educación | DU29: E1.P_A.MR4-MP04-1 | DV29: Implementar una estrategia de apoyo profesional para fortalecer la convivencia escolar y el entorno familiar | DW29: No. de estrategias implementadas | DX29: 0 | DY29: 1 | DZ29: 0.25 | EA29: 0.25 | EB29: 0.25 | EC29: 0.25 | GH29: =+IF(P29=0,"0","1") -> 1 | GI29: =+IF(BV29=0,"0","1") -> 1 | GJ29: =+((IF((GH29+GI29)=0,"100",(((GH29+GI29)/2)*100)))) -> 100
A30: E1. | B30: SOCIAL: Desarrollo Social con alta competitividad y proyección | C30: E1.P_A | D30: TOCANCIPA BIEN EDUCADA | E30: E1.P_A.MR5 | F30: Desarrollar una estrategia para fomentar el acceso de la población a la educación técnica, tecnológica y profesional | G30: Estrategia desarrollada | H30: 0 | I30: 1 | J30: 2016-25817-0006 Implementación de una estrategia para el acceso y permanencia a la Educación Titulada, Complementaria, Tecnológica Tocancipá, Cundinamarca, Centro Oriente | K30: E1.P_A.MR5-MP01-1 | L30: Realizar un proyecto de acuerdo para la modificación y reestructuración del Fondo Educativo Municipal | M30: N° de proyectos de acuerdo presentado | N30: =VLOOKUP(K30,$DU$8:$EC$303,4,0) -> 1 | O30: =VLOOKUP(K30,$DU$8:$EC$303,5,0) -> 1 | P30: =VLOOKUP(K30,$DU$8:$EC$303,9,0) -> 0.25 | Q30: =SUM(R30:R33) -> 300 | R30: =+GJ30 -> 100 | T30: 1788850000 | BV30: =SUM(T30:BU30) -> 1788850000 | BW30: =+R30-BV30 -> -1788849900 | BX30: Secretaria de Educación | DU30: E1.P_A.MR4-MP05-1 | DV30: Aumentar la cobertura de formación en programas de Segunda Lengua | DW30: No. de Beneficiarios de formación en segunda Lengua | DX30: 120 | DY30: 1500 | DZ30: 375 | EA30: 375 | EB30: 375 | EC30: 375 | GH30: =+IF(P30=0,"0","1") -> 1 | GI30: =+IF(BV30=0,"0","1") -> 1 | GJ30: =+((IF((GH30+GI30)=0,"100",(((GH30+GI30)/2)*100)))) -> 100
A31: E1. | B31: SOCIAL: Desarrollo Social con alta competitividad y proyección | C31: E1.P_A | D31: TOCANCIPA BIEN EDUCADA | E31: E1.P_A.MR5 | F31: Desarrollar una estrategia para fomentar el acceso de la población a la educación técnica, tecnológica y profesional | G31: Estrategia desarrollada | H31: 0 | I31: 1 | K31: E1.P_A.MR5-MP02-1 | L31: Suscribir convenios para la articulación de la educación media con la educación superior | M31: No. de convenios suscritos para articulación de la educación media con la educación superior | N31: =VLOOKUP(K31,$DU$8:$EC$303,4,0) -> 1 | O31: =VLOOKUP(K31,$DU$8:$EC$303,5,0) -> 2 | P31: =VLOOKUP(K31,$DU$8:$EC$303,9,0) -> 0.5 | R31: =+GJ31 -> 50 | T31: 0 | BV31: =SUM(T31:BU31) -> 0 | BW31: =+R31-BV31 -> 50 | BX31: Secretaria de Educación | DU31: E1.P_A.MR5-MP01-1 | DV31: Realizar un proyecto de acuerdo para la modificación y reestructuración del Fondo Educativo Municipal | DW31: N° de proyectos de acuerdo presentado | DX31: 1 | DY31: 1 | DZ31: 0.25 | EA31: 0.25 | EB31: 0.25 | EC31: 0.25 | GH31: =+IF(P31=0,"0","1") -> 1 | GI31: =+IF(BV31=0,"0","1") -> 0 | GJ31: =+((IF((GH31+GI31)=0,"100",(((GH31+GI31)/2)*100)))) -> 50
A32: E1. | B32: SOCIAL: Desarrollo Social con alta competitividad y proyección | C32: E1.P_A | D32: TOCANCIPA BIEN EDUCADA | E32: E1.P_A.MR5 | F32: Desarrollar una estrategia para fomentar el acceso de la población a la educación técnica, tecnológica y profesional | G32: Estrategia desarrollada | H32: 0 | I32: 1 | K32: E1.P_A.MR5-MP03-1 | L32: Realizar acciones administrativas para promover el acceso a la educación técnica, tecnológica y profesional para egresados del Municipio | M32: No. de acciones administrativas realizadas para el acceso a la educación Técnica, Tecnológica y Pofesional para egresados del Municipio | N32: =VLOOKUP(K32,$DU$8:$EC$303,4,0) -> 5 | O32: =VLOOKUP(K32,$DU$8:$EC$303,5,0) -> 6 | P32: =VLOOKUP(K32,$DU$8:$EC$303,9,0) -> 1 | R32: =+GJ32 -> 100 | T32: =112205390+(112205390*0.05) -> 1.1781566e+08 | BV32: =SUM(T32:BU32) -> 1.1781566e+08 | BW32: =+R32-BV32 -> -1.1781556e+08 | BX32: Secretaria de Educación | DU32: E1.P_A.MR5-MP02-1 | DV32: Suscribir convenios para la articulación de la educación media con la educación superior | DW32: No. de convenios suscritos para articulación de la educación media con la educación superior | DX32: 1 | DY32: 2 | DZ32: 0.5 | EA32: 0.5 | EB32: 0.5 | EC32: 0.5 | GH32: =+IF(P32=0,"0","1") -> 1 | GI32: =+IF(BV32=0,"0","1") -> 1 | GJ32: =+((IF((GH32+GI32)=0,"100",(((GH32+GI32)/2)*100)))) -> 100
A33: E1. | B33: SOCIAL: Desarrollo Social con alta competitividad y proyección | C33: E1.P_A | D33: TOCANCIPA BIEN EDUCADA | E33: E1.P_A.MR5 | F33: Desarrollar una estrategia para fomentar el acceso de la población a la educación técnica, tecnológica y profesional | G33: Estrategia desarrollada | H33: 0 | I33: 1 | K33: E1.P_A.MR5-MP04-1 | L33: Implementar estrategias con entidades públicas y/o privadas para el acceso a becas de educación superior | M33: No. de estrategias implementadas para la acceder a becas en educación superior | N33: =VLOOKUP(K33,$DU$8:$EC$303,4,0) -> 0 | O33: =VLOOKUP(K33,$DU$8:$EC$303,5,0) -> 1 | P33: =VLOOKUP(K33,$DU$8:$EC$303,9,0) -> 0.25 | R33: =+GJ33 -> 50 | T33: 0 | BV33: =SUM(T33:BU33) -> 0 | BW33: =+R33-BV33 -> 50 | BX33: Secretaria de Educación | DU33: E1.P_A.MR5-MP03-1 | DV33: Realizar acciones administrativas para promover el acceso a la educación técnica, tecnológica y profesional para egresados del Municipio | DW33: No. de acciones administrativas realizadas para el acceso a la educación Técnica, Tecnológica y Pofesional para egresados del Municipio | DX33: 5 | DY33: 6 | DZ33: 2 | EA33: 2 | EB33: 1 | EC33: 1 | GH33: =+IF(P33=0,"0","1") -> 1 | GI33: =+IF(BV33=0,"0","1") -> 0 | GJ33: =+((IF((GH33+GI33)=0,"100",(((GH33+GI33)/2)*100)))) -> 50
A34: E1. | B34: SOCIAL: Desarrollo Social con alta competitividad y proyección | C34: E1.P_B | D34: SALUD CON ATENCIÓN DIGNA, PRIORITARIA Y DE CALIDAD | E34: E1.P_B.MR1 | F34: Terminación, equipamiento y operación del Hospital Municipal | G34: Hospital Terminado, equipado y en operación | H34: 0.2 | I34: 1 | J34: 2016-25817-0038 Adecuación, terminación, equipamiento y operación del Hospital Municipal Tocancipá, Cundinamarca, Centro Oriente | K34: E1.P_B.MR1-MP01-1 | L34: Terminación de la Construcción del Hospital Municipal bajo esquemas de gestión conjunta con el departamento | M34: Porcentaje de construcción del Hospital Municipal | N34: =VLOOKUP(K34,$DU$8:$EC$303,4,0) -> 60 | O34: =VLOOKUP(K34,$DU$8:$EC$303,5,0) -> 100 | P34: 0 | Q34: =SUM(R34:R37) -> 100 | R34: =+GJ34 -> 100 | S34: =SUM(BV34:BV50) -> 6028672657 | BV34: =SUM(T34:BU34) -> 0 | BW34: =+R34-BV34 -> 100 | BX34: Secretaria de Salud | DU34: E1.P_A.MR5-MP04-1 | DV34: Implementar estrategias con entidades públicas y/o privadas para el acceso a becas de educación superior | DW34: No. de estrategias implementadas para la acceder a becas en educación superior | DX34: 0 | DY34: 1 | DZ34: 0.25 | EA34: 0.25 | EB34: 0.25 | EC34: 0.25 | GH34: =+IF(P34=0,"0","1") -> 0 | GI34: =+IF(BV34=0,"0","1") -> 0 | GJ34: =+((IF((GH34+GI34)=0,"100",(((GH34+GI34)/2)*100)))) -> 100
A35: E1. | B35: SOCIAL: Desarrollo Social con alta competitividad y proyección | C35: E1.P_B | D35: SALUD CON ATENCIÓN DIGNA, PRIORITARIA Y DE CALIDAD | E35: E1.P_B.MR1 | F35: Terminación, equipamiento y operación del Hospital Municipal | G35: Hospital Terminado, equipado y en operación | H35: 0.2 | I35: 1 | K35: E1.P_B.MR1-MP02-1 | L35: Dotación del Hospital Municipal de Tocancipá. | M35: Dotación del Hospital Municipal Nuestra Señora de Tránsito | N35: =VLOOKUP(K35,$DU$8:$EC$303,4,0) -> 0 | O35: =VLOOKUP(K35,$DU$8:$EC$303,5,0) -> 1 | P35: 0 | R35: =+GJ35 -> 100 | BV35: =SUM(T35:BU35) -> 0 | BW35: =+R35-BV35 -> 100 | BX35: Secretaria de Salud | DU35: E1.P_B.MR1-MP01-1 | DV35: Terminación de la Construcción del Hospital Municipal bajo esquemas de gestión conjunta con el departamento | DW35: Porcentaje de construcción del Hospital Municipal (%) | DX35: 60 | DY35: 100 | DZ35: 0 | EA35: 0 | EB35: 50 | EC35: 50 | GH35: =+IF(P35=0,"0","1") -> 0 | GI35: =+IF(BV35=0,"0","1") -> 0 | GJ35: =+((IF((GH35+GI35)=0,"100",(((GH35+GI35)/2)*100)))) -> 100
A36: E1. | B36: SOCIAL: Desarrollo Social con alta competitividad y proyección | C36: E1.P_B | D36: SALUD CON ATENCIÓN DIGNA, PRIORITARIA Y DE CALIDAD | E36: E1.P_B.MR1 | F36: Terminación, equipamiento y operación del Hospital Municipal | G36: Hospital Terminado, equipado y en operación | H36: 0.2 | I36: 1 | K36: E1.P_B.MR1-MP03-1 | L36: Incluir dentro de la red de Cundinamarca al Hospital Municipal | M36: N° de gestiones realizadas para incluir dentro de la red de Cundinamarca el Hospital del Municipio de Tocancipá | N36: =VLOOKUP(K36,$DU$8:$EC$303,4,0) -> 0 | O36: =VLOOKUP(K36,$DU$8:$EC$303,5,0) -> 1 | P36: =VLOOKUP(K36,$DU$8:$EC$303,9,0) -> 0.25 | R36: =+GJ36 -> 100 | T36: 120000000 | BV36: =SUM(T36:BU36) -> 120000000 | BW36: =+R36-BV36 -> -119999900 | BX36: Secretaria de Salud | DU36: E1.P_B.MR1-MP02-1 | DV36: Dotación del Hospital Municipal de Tocancipá. | DW36: Dotación del Hospital Municipal Nuestra Señora de Tránsito | DX36: 0 | DY36: 1 | DZ36: 0 | EA36: 0 | EB36: 0.5 | EC36: 0.5 | GH36: =+IF(P36=0,"0","1") -> 1 | GI36: =+IF(BV36=0,"0","1") -> 1 | GJ36: =+((IF((GH36+GI36)=0,"100",(((GH36+GI36)/2)*100)))) -> 100
A37: E1. | B37: SOCIAL: Desarrollo Social con alta competitividad y proyección | C37: E1.P_B | D37: SALUD CON ATENCIÓN DIGNA, PRIORITARIA Y DE CALIDAD | E37: E1.P_B.MR1 | F37: Terminación, equipamiento y operación del Hospital Municipal | G37: Hospital Terminado, equipado y en operación | H37: 0.2 | I37: 1 | K37: E1.P_B.MR1-MP04-1 | L37: Puesta en funcionamiento del Hospital Municipal Nuestra Señora de Tránsito | M37: Hospital operativo y en funcionamiento | N37: =VLOOKUP(K37,$DU$8:$EC$303,4,0) -> 0 | O37: =VLOOKUP(K37,$DU$8:$EC$303,5,0) -> 1 | P37: 0 | R37: =+GJ37 -> 100 | BV37: =SUM(T37:BU37) -> 0 | BW37: =+R37-BV37 -> 100 | BX37: Secretaria de Salud | DU37: E1.P_B.MR1-MP03-1 | DV37: Incluir dentro de la red de Cundinamarca al Hospital Municipal | DW37: N° de gestiones realizadas para incluir dentro de la red de Cundinamarca el Hospital del Municipio de Tocancipá | DX37: 0 | DY37: 1 | DZ37: 0.25 | EA37: 0.25 | EB37: 0.25 | EC37: 0.25 | GH37: =+IF(P37=0,"0","1") -> 0 | GI37: =+IF(BV37=0,"0","1") -> 0 | GJ37: =+((IF((GH37+GI37)=0,"100",(((GH37+GI37)/2)*100)))) -> 100
A38: E1. | B38: SOCIAL: Desarrollo Social con alta competitividad y proyección | C38: E1.P_B | D38: SALUD CON ATENCIÓN DIGNA, PRIORITARIA Y DE CALIDAD | E38: E1.P_B.MR2 | F38: Mantener el programa de aseguramiento SGSSS y fortalecer la prestación de servicios de salud | G38: Programa de aseguramiento mantenido | H38: 5295 | I38: 5295 | J38: 2016-25817-0041 Fortalecimiento del programa de Aseguramiento y prestación de servicios de salud del Municipio de Tocancipá, Cundinamarca, Centro Oriente | K38: E1.P_B.MR2-MP01-1 | L38: Garantizar el aseguramiento, a la población Tocancipeña en condición de vulnerabilidad, al Sistema General de Seguridad Social en Salud SGSS | M38: No. de afiliados reconocidos en liquidación mensual de afiliados (LMA) | N38: =VLOOKUP(K38,$DU$8:$EC$303,4,0) -> 5295 | O38: =VLOOKUP(K38,$DU$8:$EC$303,5,0) -> 5295 | P38: =VLOOKUP(K38,$DU$8:$EC$303,9,0) -> 5295 | Q38: =SUM(R38:R40) -> 200 | R38: =+GJ38 -> 100 | BS38: 4316484651 | BV38: =SUM(T38:BU38) -> 4316484651 | BW38: =+R38-BV38 -> -4316484551 | BX38: Secretaria de Salud | DU38: E1.P_B.MR1-MP04-1 | DV38: Puesta en funcionamiento del Hospital Municipal Nuestra Señora de Tránsito | DW38: Hospital operativo y en funcionamiento | DX38: 0 | DY38: 1 | DZ38: 0 | EA38: 0 | EB38: 0.5 | EC38: 0.5 | GH38: =+IF(P38=0,"0","1") -> 1 | GI38: =+IF(BV38=0,"0","1") -> 1 | GJ38: =+((IF((GH38+GI38)=0,"100",(((GH38+GI38)/2)*100)))) -> 100
A39: E1. | B39: SOCIAL: Desarrollo Social con alta competitividad y proyección | C39: E1.P_B | D39: SALUD CON ATENCIÓN DIGNA, PRIORITARIA Y DE CALIDAD | E39: E1.P_B.MR2 | F39: Mantener el programa de aseguramiento SGSSS y fortalecer la prestación de servicios de salud | G39: Programa de aseguramiento mantenido | H39: 5295 | I39: 5295 | K39: E1.P_B.MR2-MP02-1 | L39: Mantener el programa de seguimiento y auditoria al aseguramiento y a la prestación de servicios de salud | M39: Programas mantenidos | N39: =VLOOKUP(K39,$DU$8:$EC$303,4,0) -> 1 | O39: =VLOOKUP(K39,$DU$8:$EC$303,5,0) -> 1 | P39: =VLOOKUP(K39,$DU$8:$EC$303,9,0) -> 1 | R39: =+GJ39 -> 100 | T39: =54000000+4000000 -> 58000000 | BV39: =SUM(T39:BU39) -> 58000000 | BW39: =+R39-BV39 -> -57999900 | BX39: Secretaria de Salud | DU39: E1.P_B.MR2-MP01-1 | DV39: Garantizar el aseguramiento, a la población Tocancipeña en condición de vulnerabilidad, al Sistema General de Seguridad Social en Salud SGSS | DW39: No. de afiliados reconocidos en liquidación mensual de afiliados (LMA) | DX39: 5295 | DY39: 5295 | DZ39: 5295 | EA39: 5295 | EB39: 5295 | EC39: 5295 | GH39: =+IF(P39=0,"0","1") -> 1 | GI39: =+IF(BV39=0,"0","1") -> 1 | GJ39: =+((IF((GH39+GI39)=0,"100",(((GH39+GI39)/2)*100)))) -> 100
A40: E1. | B40: SOCIAL: Desarrollo Social con alta competitividad y proyección | C40: E1.P_B | D40: SALUD CON ATENCIÓN DIGNA, PRIORITARIA Y DE CALIDAD | E40: E1.P_B.MR2 | F40: Mantener el programa de aseguramiento SGSSS y fortalecer la prestación de servicios de salud | G40: Programa de aseguramiento mantenido | H40: 5295 | I40: 5295 | K40: E1.P_B.MR2-MP03-1 | L40: Articular la implementación conjunta del modelo de gestión del riesgo en salud (16 grupos de riesgo), que involucre la participación de las IPS, EPS y ARL presentes en el municipio, con enfoque familiar y comunitario | M40: N° Modelo de gestión del riego implementado/modelo proyectado | N40: =VLOOKUP(K40,$DU$8:$EC$303,4,0) -> 0 | O40: =VLOOKUP(K40,$DU$8:$EC$303,5,0) -> 1 | P40: 0 | R40: =+GJ40 -> 100 | BV40: =SUM(T40:BU40) -> 0 | BW40: =+R40-BV40 -> 100 | BX40: Secretaria de Salud | DU40: E1.P_B.MR2-MP02-1 | DV40: Mantener el programa de seguimiento y auditoria al aseguramiento y a la prestación de servicios de salud | DW40: Programas mantenidos | DX40: 1 | DY40: 1 | DZ40: 1 | EA40: 1 | EB40: 1 | EC40: 1 | GH40: =+IF(P40=0,"0","1") -> 0 | GI40: =+IF(BV40=0,"0","1") -> 0 | GJ40: =+((IF((GH40+GI40)=0,"100",(((GH40+GI40)/2)*100)))) -> 100
A41: E1. | B41: SOCIAL: Desarrollo Social con alta competitividad y proyección | C41: E1.P_B | D41: SALUD CON ATENCIÓN DIGNA, PRIORITARIA Y DE CALIDAD | E41: E1.P_B.MR3 | F41: Implementar el 100% de los componentes priorizados de cada una de las dimensiones del Plan Decenal de Salud Pública en el Territorio (20 componentes) | G41: Componentes implementados | H41: 0 | I41: 20 | J41: 2016-25817-0042 Implementación de las estrategias del Plan Decenal de Salud Pública del Municipio de Tocancipá, Cundinamarca, Centro Oriente | K41: E1.P_B.MR3-MP01-1 | L41: Implementar los componentes priorizados de la dimensión salud ambiental | M41: No de componentes implementados /número componentes priorizados | N41: =VLOOKUP(K41,$DU$8:$EC$303,4,0) -> 0 | O41: =VLOOKUP(K41,$DU$8:$EC$303,5,0) -> 2 | P41: =VLOOKUP(K41,$DU$8:$EC$303,9,0) -> 0.5 | Q41: =SUM(R41:R50) -> 1000 | R41: =+GJ41 -> 100 | T41: 130669000 | BV41: =SUM(T41:BU41) -> 130669000 | BW41: =+R41-BV41 -> -130668900 | BX41: Secretaria de Salud | DU41: E1.P_B.MR2-MP03-1 | DV41: Articular la implementación conjunta del modelo de gestión del riesgo en salud (16 grupos de riesgo), que involucre la participación de las IPS, EPS y ARL presentes en el municipio, con enfoque familiar y comunitario | DW41: N° Modelo de gestión del riego implementado/modelo proyectado | DX41: 0 | DY41: 1 | DZ41: 0.25 | EA41: 0.25 | EB41: 0.25 | EC41: 0.25 | GH41: =+IF(P41=0,"0","1") -> 1 | GI41: =+IF(BV41=0,"0","1") -> 1 | GJ41: =+((IF((GH41+GI41)=0,"100",(((GH41+GI41)/2)*100)))) -> 100
A42: E1. | B42: SOCIAL: Desarrollo Social con alta competitividad y proyección | C42: E1.P_B | D42: SALUD CON ATENCIÓN DIGNA, PRIORITARIA Y DE CALIDAD | E42: E1.P_B.MR3 | F42: Implementar el 100% de los componentes priorizados de cada una de las dimensiones del Plan Decenal de Salud Pública en el Territorio (20 componentes) | G42: Componentes implementados | H42: 0 | I42: 20 | K42: E1.P_B.MR3-MP02-1 | L42: Implementar los componentes priorizados de la dimensión vida saludable y condiciones no transmisibles | M42: No de componentes implementados /número componentes priorizados | N42: =VLOOKUP(K42,$DU$8:$EC$303,4,0) -> 0 | O42: =VLOOKUP(K42,$DU$8:$EC$303,5,0) -> 2 | P42: =VLOOKUP(K42,$DU$8:$EC$303,9,0) -> 0.5 | R42: =+GJ42 -> 100 | T42: 171672500 | BV42: =SUM(T42:BU42) -> 171672500 | BW42: =+R42-BV42 -> -171672400 | BX42: Secretaria de Salud | DU42: E1.P_B.MR3-MP01-1 | DV42: Implementar los componentes priorizados de la dimensión salud ambiental | DW42: No de componentes implementados /número componentes priorizados | DX42: 0 | DY42: 2 | DZ42: 0.5 | EA42: 0.5 | EB42: 0.5 | EC42: 0.5 | GH42: =+IF(P42=0,"0","1") -> 1 | GI42: =+IF(BV42=0,"0","1") -> 1 | GJ42: =+((IF((GH42+GI42)=0,"100",(((GH42+GI42)/2)*100)))) -> 100
A43: E1. | B43: SOCIAL: Desarrollo Social con alta competitividad y proyección | C43: E1.P_B | D43: SALUD CON ATENCIÓN DIGNA, PRIORITARIA Y DE CALIDAD | E43: E1.P_B.MR3 | F43: Implementar el 100% de los componentes priorizados de cada una de las dimensiones del Plan Decenal de Salud Pública en el Territorio (20 componentes) | G43: Componentes implementados | H43: 0 | I43: 20 | K43: E1.P_B.MR3-MP03-1 | L43: Implementar los componentes priorizados de la dimensión convivencia social y salud mental | M43: No de componentes implementados /número componentes priorizados | N43: =VLOOKUP(K43,$DU$8:$EC$303,4,0) -> 0 | O43: =VLOOKUP(K43,$DU$8:$EC$303,5,0) -> 2 | P43: =VLOOKUP(K43,$DU$8:$EC$303,9,0) -> 0.5 | R43: =+GJ43 -> 100 | T43: =91003500+95433006 -> 186436506 | BV43: =SUM(T43:BU43) -> 186436506 | BW43: =+R43-BV43 -> -186436406 | BX43: Secretaria de Salud | DU43: E1.P_B.MR3-MP02-1 | DV43: Implementar los componentes priorizados de la dimensión vida saludable y condiciones no transmisibles | DW43: No de componentes implementados /número componentes priorizados | DX43: 0 | DY43: 2 | DZ43: 0.5 | EA43: 0.5 | EB43: 0.5 | EC43: 0.5 | GH43: =+IF(P43=0,"0","1") -> 1 | GI43: =+IF(BV43=0,"0","1") -> 1 | GJ43: =+((IF((GH43+GI43)=0,"100",(((GH43+GI43)/2)*100)))) -> 100
A44: E1. | B44: SOCIAL: Desarrollo Social con alta competitividad y proyección | C44: E1.P_B | D44: SALUD CON ATENCIÓN DIGNA, PRIORITARIA Y DE CALIDAD | E44: E1.P_B.MR3 | F44: Implementar el 100% de los componentes priorizados de cada una de las dimensiones del Plan Decenal de Salud Pública en el Territorio (20 componentes) | G44: Componentes implementados | H44: 0 | I44: 20 | K44: E1.P_B.MR3-MP04-1 | L44: Implementar los componentes priorizados de la dimensión seguridad alimentaria y nutricional | M44: No de componentes implementados /número componentes priorizados | N44: =VLOOKUP(K44,$DU$8:$EC$303,4,0) -> 0 | O44: =VLOOKUP(K44,$DU$8:$EC$303,5,0) -> 2 | P44: =VLOOKUP(K44,$DU$8:$EC$303,9,0) -> 0.5 | R44: =+GJ44 -> 100 | T44: 65000000 | BV44: =SUM(T44:BU44) -> 65000000 | BW44: =+R44-BV44 -> -64999900 | BX44: Secretaria de Salud | DU44: E1.P_B.MR3-MP03-1 | DV44: Implementar los componentes priorizados de la dimensión convivencia social y salud mental | DW44: No de componentes implementados /número componentes priorizados | DX44: 0 | DY44: 2 | DZ44: 0.5 | EA44: 0.5 | EB44: 0.5 | EC44: 0.5 | GH44: =+IF(P44=0,"0","1") -> 1 | GI44: =+IF(BV44=0,"0","1") -> 1 | GJ44: =+((IF((GH44+GI44)=0,"100",(((GH44+GI44)/2)*100)))) -> 100
A45: E1. | B45: SOCIAL: Desarrollo Social con alta competitividad y proyección | C45: E1.P_B | D45: SALUD CON ATENCIÓN DIGNA, PRIORITARIA Y DE CALIDAD | E45: E1.P_B.MR3 | F45: Implementar el 100% de los componentes priorizados de cada una de las dimensiones del Plan Decenal de Salud Pública en el Territorio (20 componentes) | G45: Componentes implementados | H45: 0 | I45: 20 | K45: E1.P_B.MR3-MP05-1 | L45: Implementar los componentes priorizados de la dimensión sexualidad y derechos sexuales y reproductivos | M45: No de componentes implementados /número componentes priorizados | N45: =VLOOKUP(K45,$DU$8:$EC$303,4,0) -> 0 | O45: =VLOOKUP(K45,$DU$8:$EC$303,5,0) -> 2 | P45: =VLOOKUP(K45,$DU$8:$EC$303,9,0) -> 0.5 | R45: =+GJ45 -> 100 | T45: 30334500 | BV45: =SUM(T45:BU45) -> 30334500 | BW45: =+R45-BV45 -> -30334400 | BX45: Secretaria de Salud | DU45: E1.P_B.MR3-MP04-1 | DV45: Implementar los componentes priorizados de la dimensión seguridad alimentaria y nutricional | DW45: No de componentes implementados /número componentes priorizados | DX45: 0 | DY45: 2 | DZ45: 0.5 | EA45: 0.5 | EB45: 0.5 | EC45: 0.5 | GH45: =+IF(P45=0,"0","1") -> 1 | GI45: =+IF(BV45=0,"0","1") -> 1 | GJ45: =+((IF((GH45+GI45)=0,"100",(((GH45+GI45)/2)*100)))) -> 100
A46: E1. | B46: SOCIAL: Desarrollo Social con alta competitividad y proyección | C46: E1.P_B | D46: SALUD CON ATENCIÓN DIGNA, PRIORITARIA Y DE CALIDAD | E46: E1.P_B.MR3 | F46: Implementar el 100% de los componentes priorizados de cada una de las dimensiones del Plan Decenal de Salud Pública en el Territorio (20 componentes) | G46: Componentes implementados | H46: 0 | I46: 20 | K46: E1.P_B.MR3-MP06-1 | L46: Implementar los componentes priorizados de la dimensión vida saludable y enfermedades transmisibles | M46: No de componentes implementados /número componentes priorizados | N46: =VLOOKUP(K46,$DU$8:$EC$303,4,0) -> 0 | O46: =VLOOKUP(K46,$DU$8:$EC$303,5,0) -> 3 | P46: =VLOOKUP(K46,$DU$8:$EC$303,9,0) -> 0.75 | R46: =+GJ46 -> 100 | T46: 95557500 | BV46: =SUM(T46:BU46) -> 95557500 | BW46: =+R46-BV46 -> -95557400 | BX46: Secretaria de Salud | DU46: E1.P_B.MR3-MP05-1 | DV46: Implementar los componentes priorizados de la dimensión sexualidad y derechos sexuales y reproductivos | DW46: No de componentes implementados /número componentes priorizados | DX46: 0 | DY46: 2 | DZ46: 0.5 | EA46: 0.5 | EB46: 0.5 | EC46: 0.5 | GH46: =+IF(P46=0,"0","1") -> 1 | GI46: =+IF(BV46=0,"0","1") -> 1 | GJ46: =+((IF((GH46+GI46)=0,"100",(((GH46+GI46)/2)*100)))) -> 100
A47: E1. | B47: SOCIAL: Desarrollo Social con alta competitividad y proyección | C47: E1.P_B | D47: SALUD CON ATENCIÓN DIGNA, PRIORITARIA Y DE CALIDAD | E47: E1.P_B.MR3 | F47: Implementar el 100% de los componentes priorizados de cada una de las dimensiones del Plan Decenal de Salud Pública en el Territorio (20 componentes) | G47: Componentes implementados | H47: 0 | I47: 20 | K47: E1.P_B.MR3-MP07-1 | L47: Implementar los componentes priorizados de la dimensión salud pública en emergencias y desastres | M47: No de componentes implementados /número componentes priorizados | N47: =VLOOKUP(K47,$DU$8:$EC$303,4,0) -> 0 | O47: =VLOOKUP(K47,$DU$8:$EC$303,5,0) -> 1 | P47: =VLOOKUP(K47,$DU$8:$EC$303,9,0) -> 0.25 | R47: =+GJ47 -> 100 | T47: 10000000 | BV47: =SUM(T47:BU47) -> 10000000 | BW47: =+R47-BV47 -> -9999900 | BX47: Secretaria de Salud | DU47: E1.P_B.MR3-MP06-1 | DV47: Implementar los componentes priorizados de la dimensión vida saludable y enfermedades transmisibles | DW47: No de componentes implementados /número componentes priorizados | DX47: 0 | DY47: 3 | DZ47: 0.75 | EA47: 0.75 | EB47: 0.75 | EC47: 0.75 | GH47: =+IF(P47=0,"0","1") -> 1 | GI47: =+IF(BV47=0,"0","1") -> 1 | GJ47: =+((IF((GH47+GI47)=0,"100",(((GH47+GI47)/2)*100)))) -> 100
A48: E1. | B48: SOCIAL: Desarrollo Social con alta competitividad y proyección | C48: E1.P_B | D48: SALUD CON ATENCIÓN DIGNA, PRIORITARIA Y DE CALIDAD | E48: E1.P_B.MR3 | F48: Implementar el 100% de los componentes priorizados de cada una de las dimensiones del Plan Decenal de Salud Pública en el Territorio (20 componentes) | G48: Componentes implementados | H48: 0 | I48: 20 | K48: E1.P_B.MR3-MP08-1 | L48: Implementar los componentes priorizados de la dimensión salud pública salud y ámbito laboral | M48: No de componentes implementados /número componentes priorizados | N48: =VLOOKUP(K48,$DU$8:$EC$303,4,0) -> 0 | O48: =VLOOKUP(K48,$DU$8:$EC$303,5,0) -> 2 | P48: =VLOOKUP(K48,$DU$8:$EC$303,9,0) -> 0.5 | R48: =+GJ48 -> 100 | T48: 30334500 | BV48: =SUM(T48:BU48) -> 30334500 | BW48: =+R48-BV48 -> -30334400 | BX48: Secretaria de Salud | DU48: E1.P_B.MR3-MP07-1 | DV48: Implementar los componentes priorizados de la dimensión salud pública en emergencias y desastres | DW48: No de componentes implementados /número componentes priorizados | DX48: 0 | DY48: 1 | DZ48: 0.25 | EA48: 0.25 | EB48: 0.25 | EC48: 0.25 | GH48: =+IF(P48=0,"0","1") -> 1 | GI48: =+IF(BV48=0,"0","1") -> 1 | GJ48: =+((IF((GH48+GI48)=0,"100",(((GH48+GI48)/2)*100)))) -> 100
A49: E1. | B49: SOCIAL: Desarrollo Social con alta competitividad y proyección | C49: E1.P_B | D49: SALUD CON ATENCIÓN DIGNA, PRIORITARIA Y DE CALIDAD | E49: E1.P_B.MR3 | F49: Implementar el 100% de los componentes priorizados de cada una de las dimensiones del Plan Decenal de Salud Pública en el Territorio (20 componentes) | G49: Componentes implementados | H49: 0 | I49: 20 | K49: E1.P_B.MR3-MP09-1 | L49: Implementar los componentes priorizados de la dimensión gestión diferencial de población vulnerable | M49: No de componentes implementados /número componentes priorizados | N49: =VLOOKUP(K49,$DU$8:$EC$303,4,0) -> 0 | O49: =VLOOKUP(K49,$DU$8:$EC$303,5,0) -> 3 | P49: =VLOOKUP(K49,$DU$8:$EC$303,9,0) -> 0.75 | R49: =+GJ49 -> 100 | T49: 90669000 | BL49: 250000000 | BV49: =SUM(T49:BU49) -> 340669000 | BW49: =+R49-BV49 -> -340668900 | BX49: Secretaria de Salud | DU49: E1.P_B.MR3-MP08-1 | DV49: Implementar los componentes priorizados de la dimensión salud pública salud y ámbito laboral | DW49: No de componentes implementados /número componentes priorizados | DX49: 0 | DY49: 2 | DZ49: 0.5 | EA49: 0.5 | EB49: 0.5 | EC49: 0.5 | GH49: =+IF(P49=0,"0","1") -> 1 | GI49: =+IF(BV49=0,"0","1") -> 1 | GJ49: =+((IF((GH49+GI49)=0,"100",(((GH49+GI49)/2)*100)))) -> 100
A50: E1. | B50: SOCIAL: Desarrollo Social con alta competitividad y proyección | C50: E1.P_B | D50: SALUD CON ATENCIÓN DIGNA, PRIORITARIA Y DE CALIDAD | E50: E1.P_B.MR3 | F50: Implementar el 100% de los componentes priorizados de cada una de las dimensiones del Plan Decenal de Salud Pública en el Territorio (20 componentes) | G50: Componentes implementados | H50: 0 | I50: 20 | K50: E1.P_B.MR3-MP10-1 | L50: Implementar los componentes priorizados de la dimensión fortalecimiento de la autoridad sanitaria | M50: No de componentes implementados /número componentes priorizados | N50: =VLOOKUP(K50,$DU$8:$EC$303,4,0) -> 0 | O50: =VLOOKUP(K50,$DU$8:$EC$303,5,0) -> 1 | P50: =VLOOKUP(K50,$DU$8:$EC$303,9,0) -> 0.25 | R50: =+GJ50 -> 100 | T50: 189326494 | AA50: 283188006 | AB50: 1000000 | BV50: =SUM(T50:BU50) -> 473514500 | BW50: =+R50-BV50 -> -473514400 | BX50: Secretaria de Salud | DU50: E1.P_B.MR3-MP09-1 | DV50: Implementar los componentes priorizados de la dimensión gestión diferencial de población vulnerable | DW50: No de componentes implementados /número componentes priorizados | DX50: 0 | DY50: 3 | DZ50: 0.75 | EA50: 0.75 | EB50: 0.75 | EC50: 0.75 | GH50: =+IF(P50=0,"0","1") -> 1 | GI50: =+IF(BV50=0,"0","1") -> 1 | GJ50: =+((IF((GH50+GI50)=0,"100",(((GH50+GI50)/2)*100)))) -> 100
A51: E1. | B51: SOCIAL: Desarrollo Social con alta competitividad y proyección | C51: E1.P_C | D51: CULTURA DE TODOS Y PARA TODOS | E51: E1.P_C.MR1 | F51: Ampliar a 3700 el número de personas que accede anualmente a los programas de formación artística y cultural (L.B. 3630) | G51: Cobertura ampliada | H51: 3630 | I51: 3700 | J51: 2016-25817-0017 Ampliación de los programas artíscticos y culturales Tocancipá, Cundinamarca, Centro Oriente | K51: E1.P_C.MR1-MP01-1 | L51: Ampliar la participación intermunicipal en el Festival de la Colombianidad, como parte de la tradición e identidad pluricultural | M51: No. de municipios diferentes a Tocancipá participantes en el festival de la Colombianidad | N51: =VLOOKUP(K51,$DU$8:$EC$303,4,0) -> 24 | O51: =VLOOKUP(K51,$DU$8:$EC$303,5,0) -> 34 | P51: =VLOOKUP(K51,$DU$8:$EC$303,9,0) -> 34 | Q51: =SUM(R51:R66) -> 1100 | R51: =+GJ51 -> 100 | S51: =SUM(BV51:BV66) -> 6631067230 | T51: 1500000000 | BV51: =SUM(T51:BU51) -> 1500000000 | BW51: =+R51-BV51 -> -1499999900 | BX51: Secretaria de Cultura y Patrimonio | DU51: E1.P_B.MR3-MP10-1 | DV51: Implementar los componentes priorizados de la dimensión fortalecimiento de la autoridad sanitaria | DW51: No de componentes implementados /número componentes priorizados | DX51: 0 | DY51: 1 | DZ51: 0.25 | EA51: 0.25 | EB51: 0.25 | EC51: 0.25 | GH51: =+IF(P51=0,"0","1") -> 1 | GI51: =+IF(BV51=0,"0","1") -> 1 | GJ51: =+((IF((GH51+GI51)=0,"100",(((GH51+GI51)/2)*100)))) -> 100
A52: E1. | B52: SOCIAL: Desarrollo Social con alta competitividad y proyección | C52: E1.P_C | D52: CULTURA DE TODOS Y PARA TODOS | E52: E1.P_C.MR1 | F52: Ampliar a 3700 el número de personas que accede anualmente a los programas de formación artística y cultural (L.B. 3630) | G52: Cobertura ampliada | H52: 3630 | I52: 3700 | K52: E1.P_C.MR1-MP02-1 | L52: Ampliar la institucionalización de los eventos Culturales y Artísticos | M52: Eventos Institucionalizados | N52: =VLOOKUP(K52,$DU$8:$EC$303,4,0) -> 3 | O52: =VLOOKUP(K52,$DU$8:$EC$303,5,0) -> 5 | P52: 0 | R52: =+GJ52 -> 100 | T52: 0 | BV52: =SUM(T52:BU52) -> 0 | BW52: =+R52-BV52 -> 100 | BX52: Secretaria de Cultura y Patrimonio | DU52: E1.P_C.MR1-MP01-1 | DV52: Ampliar la participación intermunicipal en el Festival de la Colombianidad, como parte de la tradición e identidad pluricultural | DW52: No. de municipios diferentes a Tocancipá participantes en el festival de la Colombianidad | DX52: 24 | DY52: 34 | DZ52: 34 | EA52: 34 | EB52: 34 | EC52: 34 | GH52: =+IF(P52=0,"0","1") -> 0 | GI52: =+IF(BV52=0,"0","1") -> 0 | GJ52: =+((IF((GH52+GI52)=0,"100",(((GH52+GI52)/2)*100)))) -> 100
A53: E1. | B53: SOCIAL: Desarrollo Social con alta competitividad y proyección | C53: E1.P_C | D53: CULTURA DE TODOS Y PARA TODOS | E53: E1.P_C.MR1 | F53: Ampliar a 3700 el número de personas que accede anualmente a los programas de formación artística y cultural (L.B. 3630) | G53: Cobertura ampliada | H53: 3630 | I53: 3700 | K53: E1.P_C.MR1-MP03-1 | L53: Ampliar los Eventos Culturales y Artísticos. | M53: No. de personas que participan en los festivales realizados | N53: =VLOOKUP(K53,$DU$8:$EC$303,4,0) -> 62 | O53: =VLOOKUP(K53,$DU$8:$EC$303,5,0) -> 120 | P53: =VLOOKUP(K53,$DU$8:$EC$303,9,0) -> 30 | R53: =+GJ53 -> 100 | T53: 750000000 | BV53: =SUM(T53:BU53) -> 750000000 | BW53: =+R53-BV53 -> -749999900 | BX53: Secretaria de Cultura y Patrimonio | DU53: E1.P_C.MR1-MP02-1 | DV53: Ampliar la institucionalización de los eventos Culturales y Artísticos | DW53: Eventos Institucionalizados | DX53: 3 | DY53: 5 | DZ53: 0 | EA53: 0 | EB53: 1 | EC53: 1 | GH53: =+IF(P53=0,"0","1") -> 1 | GI53: =+IF(BV53=0,"0","1") -> 1 | GJ53: =+((IF((GH53+GI53)=0,"100",(((GH53+GI53)/2)*100)))) -> 100
A54: E1. | B54: SOCIAL: Desarrollo Social con alta competitividad y proyección | C54: E1.P_C | D54: CULTURA DE TODOS Y PARA TODOS | E54: E1.P_C.MR1 | F54: Ampliar a 3700 el número de personas que accede anualmente a los programas de formación artística y cultural (L.B. 3630) | G54: Cobertura ampliada | H54: 3630 | I54: 3700 | K54: E1.P_C.MR1-MP04-1 | L54: Fortalecer los y programas culturales y artísticos | M54: Procesos fortalecidos | N54: =VLOOKUP(K54,$DU$8:$EC$303,4,0) -> 5 | O54: =VLOOKUP(K54,$DU$8:$EC$303,5,0) -> 5 | P54: =VLOOKUP(K54,$DU$8:$EC$303,9,0) -> 5 | R54: =+GJ54 -> 100 | T54: 1600000000 | U54: 400000000 | AD54: 164067230 | AI54: 140000000 | AJ54: 2000000 | BV54: =SUM(T54:BU54) -> 2306067230 | BW54: =+R54-BV54 -> -2306067130 | BX54: Secretaria de Cultura y Patrimonio | DU54: E1.P_C.MR1-MP03-1 | DV54: Ampliar los Eventos Culturales y Artísticos. | DW54: No. de personas que participan en los festivales realizados | DX54: 62 | DY54: 120 | DZ54: 30 | EA54: 30 | EB54: 30 | EC54: 30 | GH54: =+IF(P54=0,"0","1") -> 1 | GI54: =+IF(BV54=0,"0","1") -> 1 | GJ54: =+((IF((GH54+GI54)=0,"100",(((GH54+GI54)/2)*100)))) -> 100
A55: E1. | B55: SOCIAL: Desarrollo Social con alta competitividad y proyección | C55: E1.P_C | D55: CULTURA DE TODOS Y PARA TODOS | E55: E1.P_C.MR1 | F55: Ampliar a 3700 el número de personas que accede anualmente a los programas de formación artística y cultural (L.B. 3630) | G55: Cobertura ampliada | H55: 3630 | I55: 3700 | K55: E1.P_C.MR1-MP05-1 | L55: Mantener la Participación de la cultura Tocancipeña en el panorama departamental, Nacional e Internacional | M55: No. de presentaciones y participaciones | N55: =VLOOKUP(K55,$DU$8:$EC$303,4,0) -> 126 | O55: =VLOOKUP(K55,$DU$8:$EC$303,5,0) -> 126 | P55: =VLOOKUP(K55,$DU$8:$EC$303,9,0) -> 126 | R55: =+GJ55 -> 100 | T55: 650000000 | BV55: =SUM(T55:BU55) -> 650000000 | BW55: =+R55-BV55 -> -649999900 | BX55: Secretaria de Cultura y Patrimonio | DU55: E1.P_C.MR1-MP04-1 | DV55: Fortalecer los y programas culturales y artísticos | DW55: Procesos fortalecidos | DX55: 5 | DY55: 5 | DZ55: 5 | EA55: 5 | EB55: 5 | EC55: 5 | GH55: =+IF(P55=0,"0","1") -> 1 | GI55: =+IF(BV55=0,"0","1") -> 1 | GJ55: =+((IF((GH55+GI55)=0,"100",(((GH55+GI55)/2)*100)))) -> 100
A56: E1. | B56: SOCIAL: Desarrollo Social con alta competitividad y proyección | C56: E1.P_C | D56: CULTURA DE TODOS Y PARA TODOS | E56: E1.P_C.MR1 | F56: Ampliar a 3700 el número de personas que accede anualmente a los programas de formación artística y cultural (L.B. 3630) | G56: Cobertura ampliada | H56: 3630 | I56: 3700 | K56: E1.P_C.MR1-MP06-1 | L56: Implementar la Certificación de Estudiantes a nivel Técnico Laboral por Competencias, a través de la Escuela de Formación Artística de Tocancipá | M56: Estudiantes certificados | N56: =VLOOKUP(K56,$DU$8:$EC$303,4,0) -> 0 | O56: =VLOOKUP(K56,$DU$8:$EC$303,5,0) -> 25 | P56: =VLOOKUP(K56,$DU$8:$EC$303,9,0) -> 13 | R56: =+GJ56 -> 100 | T56: 35000000 | BV56: =SUM(T56:BU56) -> 35000000 | BW56: =+R56-BV56 -> -34999900 | BX56: Secretaria de Cultura y Patrimonio | DU56: E1.P_C.MR1-MP05-1 | DV56: Mantener la Participación de la cultura Tocancipeña en el panorama departamental , Nacional e Internacional | DW56: No. de presentaciones y participaciones | DX56: 126 | DY56: 126 | DZ56: 126 | EA56: 126 | EB56: 126 | EC56: 126 | GH56: =+IF(P56=0,"0","1") -> 1 | GI56: =+IF(BV56=0,"0","1") -> 1 | GJ56: =+((IF((GH56+GI56)=0,"100",(((GH56+GI56)/2)*100)))) -> 100
A57: E1. | B57: SOCIAL: Desarrollo Social con alta competitividad y proyección | C57: E1.P_C | D57: CULTURA DE TODOS Y PARA TODOS | E57: E1.P_C.MR1 | F57: Ampliar a 3700 el número de personas que accede anualmente a los programas de formación artística y cultural (L.B. 3630) | G57: Cobertura ampliada | H57: 3630 | I57: 3700 | K57: E1.P_C.MR1-MP07-1 | L57: Ampliar a 3700 el número de persona que accede anualmente a los programas de formación artística y cultural | M57: Cobertura ampliada | N57: =VLOOKUP(K57,$DU$8:$EC$303,4,0) -> 3630 | O57: =VLOOKUP(K57,$DU$8:$EC$303,5,0) -> 3700 | P57: =VLOOKUP(K57,$DU$8:$EC$303,9,0) -> 3700 | R57: =+GJ57 -> 100 | T57: 10000000 | BV57: =SUM(T57:BU57) -> 10000000 | BW57: =+R57-BV57 -> -9999900 | BX57: Secretaria de Cultura y Patrimonio | DU57: E1.P_C.MR1-MP06-1 | DV57: Implementar la Certificación de Estudiantes a nivel Técnico Laboral por Competencias, a través de la Escuela de Formación Artística de Tocancipá | DW57: Estudiantes certificados | DX57: 0 | DY57: 25 | DZ57: 0 | EA57: 0 | EB57: 12 | EC57: 13 | GH57: =+IF(P57=0,"0","1") -> 1 | GI57: =+IF(BV57=0,"0","1") -> 1 | GJ57: =+((IF((GH57+GI57)=0,"100",(((GH57+GI57)/2)*100)))) -> 100
A58: E1. | B58: SOCIAL: Desarrollo Social con alta competitividad y proyección | C58: E1.P_C | D58: CULTURA DE TODOS Y PARA TODOS | E58: E1.P_C.MR1 | F58: Ampliar a 3700 el número de personas que accede anualmente a los programas de formación artística y cultural (L.B. 3630) | G58: Cobertura ampliada | H58: 3630 | I58: 3700 | K58: E1.P_C.MR1-MP08-1 | L58: Aumentar el número de disciplinas en la formación artística y cultural del municipio | M58: Disciplinas aumentadas | N58: =VLOOKUP(K58,$DU$8:$EC$303,4,0) -> 14 | O58: =VLOOKUP(K58,$DU$8:$EC$303,5,0) -> 18 | P58: 0 | R58: =+GJ58 -> 100 | T58: 0 | BV58: =SUM(T58:BU58) -> 0 | BW58: =+R58-BV58 -> 100 | BX58: Secretaria de Cultura y Patrimonio | DU58: E1.P_C.MR1-MP07-1 | DV58: Ampliar a 3700 el número de persona que accede anualmente a los programas de formación artística y cultural | DW58: Cobertura ampliada | DX58: 3630 | DY58: 3700 | DZ58: 3200 | EA58: 3300 | EB58: 3400 | EC58: 3700 | GH58: =+IF(P58=0,"0","1") -> 0 | GI58: =+IF(BV58=0,"0","1") -> 0 | GJ58: =+((IF((GH58+GI58)=0,"100",(((GH58+GI58)/2)*100)))) -> 100
A59: E1. | B59: SOCIAL: Desarrollo Social con alta competitividad y proyección | C59: E1.P_C | D59: CULTURA DE TODOS Y PARA TODOS | E59: E1.P_C.MR1 | F59: Ampliar a 3700 el número de personas que accede anualmente a los programas de formación artística y cultural (L.B. 3630) | G59: Cobertura ampliada | H59: 3630 | I59: 3700 | K59: E1.P_C.MR1-MP09-1 | L59: Vincular a través de Convenios a las Instituciones educativas a los programas de Formación Artística y Cultural | M59: Instituciones Educativas vinculadas | N59: =VLOOKUP(K59,$DU$8:$EC$303,4,0) -> 0 | O59: =VLOOKUP(K59,$DU$8:$EC$303,5,0) -> 3 | P59: =VLOOKUP(K59,$DU$8:$EC$303,9,0) -> 0 | R59: =+GJ59 -> 100 | T59: 0 | BV59: =SUM(T59:BU59) -> 0 | BW59: =+R59-BV59 -> 100 | BX59: Secretaria de Cultura y Patrimonio | DU59: E1.P_C.MR1-MP08-1 | DV59: Aumentar el número de disciplinas en la formación artística y cultural del municipio | DW59: Disciplinas aumentadas | DX59: 14 | DY59: 18 | DZ59: 1 | EA59: 1 | EB59: 1 | EC59: 1 | GH59: =+IF(P59=0,"0","1") -> 0 | GI59: =+IF(BV59=0,"0","1") -> 0 | GJ59: =+((IF((GH59+GI59)=0,"100",(((GH59+GI59)/2)*100)))) -> 100
A60: E1. | B60: SOCIAL: Desarrollo Social con alta competitividad y proyección | C60: E1.P_C | D60: CULTURA DE TODOS Y PARA TODOS | E60: E1.P_C.MR1 | F60: Ampliar a 3700 el número de personas que accede anualmente a los programas de formación artística y cultural (L.B. 3630) | G60: Cobertura ampliada | H60: 3630 | I60: 3700 | K60: E1.P_C.MR1-MP10-1 | L60: Ampliar el apoyo e incentivos de los artistas destacados del municipio | M60: Artistas destacados apoyados e incentivados | N60: =VLOOKUP(K60,$DU$8:$EC$303,4,0) -> 6 | O60: =VLOOKUP(K60,$DU$8:$EC$303,5,0) -> 16 | P60: =VLOOKUP(K60,$DU$8:$EC$303,9,0) -> 16 | R60: =+GJ60 -> 100 | T60: 100000000 | BV60: =SUM(T60:BU60) -> 100000000 | BW60: =+R60-BV60 -> -99999900 | BX60: Secretaria de Cultura y Patrimonio | DU60: E1.P_C.MR1-MP09-1 | DV60: Vincular a través de Convenios a las Instituciones educativas a los programas de Formación Artística y Cultural | DW60: Instituciones Educativas vinculadas | DX60: 0 | DY60: 3 | DZ60: 1 | EA60: 0 | EB60: 2 | EC60: 0 | GH60: =+IF(P60=0,"0","1") -> 1 | GI60: =+IF(BV60=0,"0","1") -> 1 | GJ60: =+((IF((GH60+GI60)=0,"100",(((GH60+GI60)/2)*100)))) -> 100
A61: E1. | B61: SOCIAL: Desarrollo Social con alta competitividad y proyección | C61: E1.P_C | D61: CULTURA DE TODOS Y PARA TODOS | E61: E1.P_C.MR1 | F61: Ampliar a 3700 el número de personas que accede anualmente a los programas de formación artística y cultural (L.B. 3630) | G61: Cobertura ampliada | H61: 3630 | I61: 3700 | K61: E1.P_C.MR1-MP11-1 | L61: Construir un Centro Comunitario Integral en la zona de alta Esmeralda y Conativa | M61: No. de Centros comunitarios integrales construidos en la zona alta Esmeralda y Canavita | N61: =VLOOKUP(K61,$DU$8:$EC$303,4,0) -> 0 | O61: =VLOOKUP(K61,$DU$8:$EC$303,5,0) -> 1 | P61: 0 | R61: =+GJ61 -> 100 | T61: 0 | BV61: =SUM(T61:BU61) -> 0 | BW61: =+R61-BV61 -> 100 | BX61: Secretaria de Cultura y Patrimonio | DU61: E1.P_C.MR1-MP10-1 | DV61: Ampliar el apoyo e incentivos de los artistas destacados del municipio | DW61: Artistas destacados apoyados e incentivados | DX61: 6 | DY61: 16 | DZ61: 16 | EA61: 16 | EB61: 16 | EC61: 16 | GH61: =+IF(P61=0,"0","1") -> 0 | GI61: =+IF(BV61=0,"0","1") -> 0 | GJ61: =+((IF((GH61+GI61)=0,"100",(((GH61+GI61)/2)*100)))) -> 100
A62: E1. | B62: SOCIAL: Desarrollo Social con alta competitividad y proyección | C62: E1.P_C | D62: CULTURA DE TODOS Y PARA TODOS | E62: E1.P_C.MR1 | F62: Ampliar a 3700 el número de personas que accede anualmente a los programas de formación artística y cultural (L.B. 3630) | G62: Cobertura ampliada | H62: 3630 | I62: 3700 | K62: E1.P_C.MR1-MP12-1 | L62: Ampliación del complejo Ciudadela cultural | M62: Ciudadela ampliada | N62: =VLOOKUP(K62,$DU$8:$EC$303,4,0) -> 25 | O62: =VLOOKUP(K62,$DU$8:$EC$303,5,0) -> 50 | P62: 0 | R62: =+GJ62 -> 100 | T62: 0 | BV62: =SUM(T62:BU62) -> 0 | BW62: =+R62-BV62 -> 100 | BX62: Secretaria de Cultura y Patrimonio | DU62: E1.P_C.MR1-MP11-1 | DV62: Construir un Centro Comunitario Integral en la zona de alta Esmeralda y Conativa | DW62: No. de Centros comunitarios integrales construidos en la zona alta Esmeralda y Canavita | DX62: 0 | DY62: 1 | DZ62: 0.25 | EA62: 0.25 | EB62: 0.25 | EC62: 0.25 | GH62: =+IF(P62=0,"0","1") -> 0 | GI62: =+IF(BV62=0,"0","1") -> 0 | GJ62: =+((IF((GH62+GI62)=0,"100",(((GH62+GI62)/2)*100)))) -> 100
A63: E1. | B63: SOCIAL: Desarrollo Social con alta competitividad y proyección | C63: E1.P_C | D63: CULTURA DE TODOS Y PARA TODOS | E63: E1.P_C.MR1 | F63: Ampliar a 3700 el número de personas que accede anualmente a los programas de formación artística y cultural (L.B. 3630) | G63: Cobertura ampliada | H63: 3630 | I63: 3700 | K63: E1.P_C.MR1-MP13-1 | L63: Ampliar el servicio de Red Bibliotecas en las instituciones educativas | M63: Servicio Red de Bibliotecas ampliado | N63: =VLOOKUP(K63,$DU$8:$EC$303,4,0) -> 2 | O63: =VLOOKUP(K63,$DU$8:$EC$303,5,0) -> 6 | P63: =VLOOKUP(K63,$DU$8:$EC$303,9,0) -> 2 | R63: =+GJ63 -> 100 | T63: 50000000 | BV63: =SUM(T63:BU63) -> 50000000 | BW63: =+R63-BV63 -> -49999900 | BX63: Secretaria de Cultura y Patrimonio | DU63: E1.P_C.MR1-MP12-1 | DV63: Ampliación del complejo Ciudadela cultural | DW63: Ciudadela ampliada (%) | DX63: 25 | DY63: 50 | DZ63: 0 | EA63: 0 | EB63: 0 | EC63: 25 | GH63: =+IF(P63=0,"0","1") -> 1 | GI63: =+IF(BV63=0,"0","1") -> 1 | GJ63: =+((IF((GH63+GI63)=0,"100",(((GH63+GI63)/2)*100)))) -> 100
A64: E1. | B64: SOCIAL: Desarrollo Social con alta competitividad y proyección | C64: E1.P_C | D64: CULTURA DE TODOS Y PARA TODOS | E64: E1.P_C.MR1 | F64: Ampliar a 3700 el número de personas que accede anualmente a los programas de formación artística y cultural (L.B. 3630) | G64: Cobertura ampliada | H64: 3630 | I64: 3700 | K64: E1.P_C.MR1-MP14-1 | L64: Fortalecer los procesos y servicios bibliotecológicos | M64: Procesos y servicios fortalecidos | N64: =VLOOKUP(K64,$DU$8:$EC$303,4,0) -> 1 | O64: =VLOOKUP(K64,$DU$8:$EC$303,5,0) -> 1 | P64: =VLOOKUP(K64,$DU$8:$EC$303,9,0) -> 1 | R64: =+GJ64 -> 100 | T64: 750000000 | AI64: 140000000 | BV64: =SUM(T64:BU64) -> 890000000 | BW64: =+R64-BV64 -> -889999900 | BX64: Secretaria de Cultura y Patrimonio | DU64: E1.P_C.MR1-MP13-1 | DV64: Ampliar el servicio de Red Bibliotecas en las instituciones educativas | DW64: Servicio Red de Bibliotecas ampliado | DX64: 2 | DY64: 6 | DZ64: 0 | EA64: 0 | EB64: 2 | EC64: 2 | GH64: =+IF(P64=0,"0","1") -> 1 | GI64: =+IF(BV64=0,"0","1") -> 1 | GJ64: =+((IF((GH64+GI64)=0,"100",(((GH64+GI64)/2)*100)))) -> 100
A65: E1. | B65: SOCIAL: Desarrollo Social con alta competitividad y proyección | C65: E1.P_C | D65: CULTURA DE TODOS Y PARA TODOS | E65: E1.P_C.MR1 | F65: Ampliar a 3700 el número de personas que accede anualmente a los programas de formación artística y cultural (L.B. 3630) | G65: Cobertura ampliada | H65: 3630 | I65: 3700 | K65: E1.P_C.MR1-MP15-1 | L65: Declarar los bienes inmuebles y monumentos como patrimonio Cultural del Municipio | M65: Monumentos declarados | N65: =VLOOKUP(K65,$DU$8:$EC$303,4,0) -> 1 | O65: =VLOOKUP(K65,$DU$8:$EC$303,5,0) -> 20 | P65: =VLOOKUP(K65,$DU$8:$EC$303,9,0) -> 8 | R65: =+GJ65 -> 100 | T65: 40000000 | BV65: =SUM(T65:BU65) -> 40000000 | BW65: =+R65-BV65 -> -39999900 | BX65: Secretaria de Cultura y Patrimonio | DU65: E1.P_C.MR1-MP14-1 | DV65: Fortalecer los procesos y servicios bibliotecológicos | DW65: Procesos y servicios fortalecidos | DX65: 1 | DY65: 1 | DZ65: 1 | EA65: 1 | EB65: 1 | EC65: 1 | GH65: =+IF(P65=0,"0","1") -> 1 | GI65: =+IF(BV65=0,"0","1") -> 1 | GJ65: =+((IF((GH65+GI65)=0,"100",(((GH65+GI65)/2)*100)))) -> 100
A66: E1. | B66: SOCIAL: Desarrollo Social con alta competitividad y proyección | C66: E1.P_C | D66: CULTURA DE TODOS Y PARA TODOS | E66: E1.P_C.MR1 | F66: Ampliar a 3700 el número de personas que accede anualmente a los programas de formación artística y cultural (L.B. 3630) | G66: Cobertura ampliada | H66: 3630 | I66: 3700 | K66: E1.P_C.MR1-MP16-1 | L66: Crear el Museo Municipal | M66: Museo creado | N66: =VLOOKUP(K66,$DU$8:$EC$303,4,0) -> 0 | O66: =VLOOKUP(K66,$DU$8:$EC$303,5,0) -> 40 | P66: =VLOOKUP(K66,$DU$8:$EC$303,9,0) -> 25 | R66: =+GJ66 -> 100 | T66: 300000000 | BV66: =SUM(T66:BU66) -> 300000000 | BW66: =+R66-BV66 -> -299999900 | BX66: Secretaria de Cultura y Patrimonio | DU66: E1.P_C.MR1-MP15-1 | DV66: Declarar los bienes inmuebles y monumentos como patrimonio Cultural del Municipio | DW66: Monumentos declarados | DX66: 1 | DY66: 20 | DZ66: 0 | EA66: 3 | EB66: 8 | EC66: 8 | GH66: =+IF(P66=0,"0","1") -> 1 | GI66: =+IF(BV66=0,"0","1") -> 1 | GJ66: =+((IF((GH66+GI66)=0,"100",(((GH66+GI66)/2)*100)))) -> 100
A67: E1. | B67: SOCIAL: Desarrollo Social con alta competitividad y proyección | C67: E1.P_D | D67: DEPORTE Y RECREACIÓN PARA EL MEJORAMIENTO DE LA CALIDAD DE VIDA Y LA SANA CONVIVENCIA | E67: E1.P_D.MR1 | F67: Ampliar a 1800 personas oficialmente inscritas, que se benefician con el programa de Escuelas Deportivas del Municipio | G67: Cobertura ampliada | H67: 1400 | I67: 1800 | J67: 2016-25817-0018 Ampliación de la cobertura del programa de escuelas deportivas en el municipio de Tocancipá, Cundinamarca, Centro Oriente | K67: E1.P_D.MR1-MP01-1 | L67: Crear nuevas escuelas de formación deportiva | M67: Nuevas Escuelas Creadas | N67: =VLOOKUP(K67,$DU$8:$EC$303,4,0) -> 15 | O67: =VLOOKUP(K67,$DU$8:$EC$303,5,0) -> 19 | P67: =VLOOKUP(K67,$DU$8:$EC$303,9,0) -> 19 | Q67: =SUM(R67:R79) -> 1000 | R67: =+GJ67 -> 100 | S67: =SUM(BV67:BV79) -> 2000000000 | T67: 578243693 | AC67: 218756307 | BD67: 26000000 | BV67: =SUM(T67:BU67) -> 823000000 | BW67: =+R67-BV67 -> -822999900 | BX67: Instituto Municipal de Recreación y Deporte | DU67: E1.P_C.MR1-MP16-1 | DV67: Crear el Museo Municipal | DW67: Museo creado | DX67: 0 | DY67: 40 | DZ67: 0 | EA67: 0 | EB67: 15 | EC67: 25 | GH67: =+IF(P67=0,"0","1") -> 1 | GI67: =+IF(BV67=0,"0","1") -> 1 | GJ67: =+((IF((GH67+GI67)=0,"100",(((GH67+GI67)/2)*100)))) -> 100
A68: E1. | B68: SOCIAL: Desarrollo Social con alta competitividad y proyección | C68: E1.P_D | D68: DEPORTE Y RECREACIÓN PARA EL MEJORAMIENTO DE LA CALIDAD DE VIDA Y LA SANA CONVIVENCIA | E68: E1.P_D.MR1 | F68: Ampliar a 1800 personas oficialmente inscritas, que se benefician con el programa de Escuelas Deportivas del Municipio | G68: Cobertura ampliada | H68: 1400 | I68: 1800 | K68: E1.P_D.MR1-MP02-1 | L68: Aumentar la descentralización de escuelas de formación deportiva | M68: Escuelas Descentralizadas | N68: =VLOOKUP(K68,$DU$8:$EC$303,4,0) -> 4 | O68: =VLOOKUP(K68,$DU$8:$EC$303,5,0) -> 8 | P68: =VLOOKUP(K68,$DU$8:$EC$303,9,0) -> 8 | R68: =+GJ68 -> 100 | T68: 126000000 | BV68: =SUM(T68:BU68) -> 126000000 | BW68: =+R68-BV68 -> -125999900 | BX68: Instituto Municipal de Recreación y Deporte | DU68: E1.P_D.MR1-MP01-1 | DV68: Crear nuevas escuelas de formación deportiva | DW68: Nuevas Escuelas Creadas | DX68: 15 | DY68: 19 | DZ68: 17 | EA68: 18 | EB68: 19 | EC68: 19 | GH68: =+IF(P68=0,"0","1") -> 1 | GI68: =+IF(BV68=0,"0","1") -> 1 | GJ68: =+((IF((GH68+GI68)=0,"100",(((GH68+GI68)/2)*100)))) -> 100
A69: E1. | B69: SOCIAL: Desarrollo Social con alta competitividad y proyección | C69: E1.P_D | D69: DEPORTE Y RECREACIÓN PARA EL MEJORAMIENTO DE LA CALIDAD DE VIDA Y LA SANA CONVIVENCIA | E69: E1.P_D.MR1 | F69: Ampliar a 1800 personas oficialmente inscritas, que se benefician con el programa de Escuelas Deportivas del Municipio | G69: Cobertura ampliada | H69: 1400 | I69: 1800 | K69: E1.P_D.MR1-MP03-1 | L69: Implementar el Programa de Centros de Iniciación Deportiva en el Municipio | M69: Programa implementado | N69: =VLOOKUP(K69,$DU$8:$EC$303,4,0) -> 0 | O69: =VLOOKUP(K69,$DU$8:$EC$303,5,0) -> 1 | P69: =VLOOKUP(K69,$DU$8:$EC$303,9,0) -> 0.25 | R69: =+GJ69 -> 100 | T69: 48000000 | BV69: =SUM(T69:BU69) -> 48000000 | BW69: =+R69-BV69 -> -47999900 | BX69: Instituto Municipal de Recreación y Deporte | DU69: E1.P_D.MR1-MP02-1 | DV69: Aumentar la descentralización de escuelas de formación deportiva | DW69: Escuelas Descentralizadas | DX69: 4 | DY69: 8 | DZ69: 6 | EA69: 8 | EB69: 8 | EC69: 8 | GH69: =+IF(P69=0,"0","1") -> 1 | GI69: =+IF(BV69=0,"0","1") -> 1 | GJ69: =+((IF((GH69+GI69)=0,"100",(((GH69+GI69)/2)*100)))) -> 100
A70: E1. | B70: SOCIAL: Desarrollo Social con alta competitividad y proyección | C70: E1.P_D | D70: DEPORTE Y RECREACIÓN PARA EL MEJORAMIENTO DE LA CALIDAD DE VIDA Y LA SANA CONVIVENCIA | E70: E1.P_D.MR1 | F70: Ampliar a 1800 personas oficialmente inscritas, que se benefician con el programa de Escuelas Deportivas del Municipio | G70: Cobertura ampliada | H70: 1400 | I70: 1800 | K70: E1.P_D.MR1-MP04-1 | L70: Ampliar la Descentralización del programa Estimulación Temprana a las veredas y sectores del municipio | M70: Programas Descentralizados | N70: =VLOOKUP(K70,$DU$8:$EC$303,4,0) -> 2 | O70: =VLOOKUP(K70,$DU$8:$EC$303,5,0) -> 4 | P70: =VLOOKUP(K70,$DU$8:$EC$303,9,0) -> 1 | R70: =+GJ70 -> 100 | T70: 42000000 | BV70: =SUM(T70:BU70) -> 42000000 | BW70: =+R70-BV70 -> -41999900 | BX70: Instituto Municipal de Recreación y Deporte | DU70: E1.P_D.MR1-MP03-1 | DV70: Implementar el Programa de Centros de Iniciación Deportiva en el Municipio | DW70: Programa implementado | DX70: 0 | DY70: 1 | DZ70: 0.25 | EA70: 0.25 | EB70: 0.25 | EC70: 0.25 | GH70: =+IF(P70=0,"0","1") -> 1 | GI70: =+IF(BV70=0,"0","1") -> 1 | GJ70: =+((IF((GH70+GI70)=0,"100",(((GH70+GI70)/2)*100)))) -> 100
A71: E1. | B71: SOCIAL: Desarrollo Social con alta competitividad y proyección | C71: E1.P_D | D71: DEPORTE Y RECREACIÓN PARA EL MEJORAMIENTO DE LA CALIDAD DE VIDA Y LA SANA CONVIVENCIA | E71: E1.P_D.MR1 | F71: Ampliar a 1800 personas oficialmente inscritas, que se benefician con el programa de Escuelas Deportivas del Municipio | G71: Cobertura ampliada | H71: 1400 | I71: 1800 | K71: E1.P_D.MR1-MP05-1 | L71: Aumentar la cobertura del Programa de Lúdica Recreativa en las IED | M71: Cobertura ampliada | N71: =VLOOKUP(K71,$DU$8:$EC$303,4,0) -> 1 | O71: =VLOOKUP(K71,$DU$8:$EC$303,5,0) -> 2 | P71: =VLOOKUP(K71,$DU$8:$EC$303,9,0) -> 0.25 | R71: =+GJ71 -> 100 | T71: 74000000 | BV71: =SUM(T71:BU71) -> 74000000 | BW71: =+R71-BV71 -> -73999900 | BX71: Instituto Municipal de Recreación y Deporte | DU71: E1.P_D.MR1-MP04-1 | DV71: Ampliar la Descentralización del programa Estimulación Temprana a las veredas y sectores del municipio | DW71: Programas Descentralizados | DX71: 2 | DY71: 4 | DZ71: 1 | EA71: 1 | EB71: 1 | EC71: 1 | GH71: =+IF(P71=0,"0","1") -> 1 | GI71: =+IF(BV71=0,"0","1") -> 1 | GJ71: =+((IF((GH71+GI71)=0,"100",(((GH71+GI71)/2)*100)))) -> 100
A72: E1. | B72: SOCIAL: Desarrollo Social con alta competitividad y proyección | C72: E1.P_D | D72: DEPORTE Y RECREACIÓN PARA EL MEJORAMIENTO DE LA CALIDAD DE VIDA Y LA SANA CONVIVENCIA | E72: E1.P_D.MR1 | F72: Ampliar a 1800 personas oficialmente inscritas, que se benefician con el programa de Escuelas Deportivas del Municipio | G72: Cobertura ampliada | H72: 1400 | I72: 1800 | K72: E1.P_D.MR1-MP06-1 | L72: Ampliar las Actividades del programa de actividad física y hábitos saludables | M72: Actividades Ampliadas | N72: =VLOOKUP(K72,$DU$8:$EC$303,4,0) -> 1 | O72: =VLOOKUP(K72,$DU$8:$EC$303,5,0) -> 5 | P72: =VLOOKUP(K72,$DU$8:$EC$303,9,0) -> 5 | R72: =+GJ72 -> 100 | T72: 55000000 | BV72: =SUM(T72:BU72) -> 55000000 | BW72: =+R72-BV72 -> -54999900 | BX72: Instituto Municipal de Recreación y Deporte | DU72: E1.P_D.MR1-MP05-1 | DV72: Aumentar la cobertura del Programa de Lúdica Recreativa en las IED | DW72: Cobertura ampliada | DX72: 1 | DY72: 2 | DZ72: 0.5 | EA72: 0 | EB72: 0.25 | EC72: 0.25 | GH72: =+IF(P72=0,"0","1") -> 1 | GI72: =+IF(BV72=0,"0","1") -> 1 | GJ72: =+((IF((GH72+GI72)=0,"100",(((GH72+GI72)/2)*100)))) -> 100
A73: E1. | B73: SOCIAL: Desarrollo Social con alta competitividad y proyección | C73: E1.P_D | D73: DEPORTE Y RECREACIÓN PARA EL MEJORAMIENTO DE LA CALIDAD DE VIDA Y LA SANA CONVIVENCIA | E73: E1.P_D.MR1 | F73: Ampliar a 1800 personas oficialmente inscritas, que se benefician con el programa de Escuelas Deportivas del Municipio | G73: Cobertura ampliada | H73: 1400 | I73: 1800 | K73: E1.P_D.MR1-MP07-1 | L73: Mantener el programa de Capacitación a líderes deportivos y comunales incluyendo a las juntas de acción comunal | M73: Programa Mantenido | N73: =VLOOKUP(K73,$DU$8:$EC$303,4,0) -> 1 | O73: =VLOOKUP(K73,$DU$8:$EC$303,5,0) -> 1 | P73: 0 | R73: =+GJ73 -> 100 | T73: 0 | BV73: =SUM(T73:BU73) -> 0 | BW73: =+R73-BV73 -> 100 | BX73: Instituto Municipal de Recreación y Deporte | DU73: E1.P_D.MR1-MP06-1 | DV73: Ampliar las Actividades del programa de actividad física y hábitos saludables | DW73: Actividades Ampliadas | DX73: 1 | DY73: 5 | DZ73: 2 | EA73: 5 | EB73: 5 | EC73: 5 | GH73: =+IF(P73=0,"0","1") -> 0 | GI73: =+IF(BV73=0,"0","1") -> 0 | GJ73: =+((IF((GH73+GI73)=0,"100",(((GH73+GI73)/2)*100)))) -> 100
A74: E1. | B74: SOCIAL: Desarrollo Social con alta competitividad y proyección | C74: E1.P_D | D74: DEPORTE Y RECREACIÓN PARA EL MEJORAMIENTO DE LA CALIDAD DE VIDA Y LA SANA CONVIVENCIA | E74: E1.P_D.MR1 | F74: Ampliar a 1800 personas oficialmente inscritas, que se benefician con el programa de Escuelas Deportivas del Municipio | G74: Cobertura ampliada | H74: 1400 | I74: 1800 | K74: E1.P_D.MR1-MP08-1 | L74: Ampliar los eventos recreodeportivos organizados por el Municipio | M74: Eventos ampliados | N74: =VLOOKUP(K74,$DU$8:$EC$303,4,0) -> 200 | O74: =VLOOKUP(K74,$DU$8:$EC$303,5,0) -> 240 | P74: =VLOOKUP(K74,$DU$8:$EC$303,9,0) -> 65 | R74: =+GJ74 -> 100 | T74: 240000000 | BV74: =SUM(T74:BU74) -> 240000000 | BW74: =+R74-BV74 -> -239999900 | BX74: Instituto Municipal de Recreación y Deporte | DU74: E1.P_D.MR1-MP07-1 | DV74: Mantener el programa de Capacitación a líderes deportivos y comunales incluyendo a las juntas de acción comunal | DW74: Programa Mantenido | DX74: 1 | DY74: 1 | DZ74: 1 | EA74: 1 | EB74: 1 | EC74: 1 | GH74: =+IF(P74=0,"0","1") -> 1 | GI74: =+IF(BV74=0,"0","1") -> 1 | GJ74: =+((IF((GH74+GI74)=0,"100",(((GH74+GI74)/2)*100)))) -> 100
A75: E1. | B75: SOCIAL: Desarrollo Social con alta competitividad y proyección | C75: E1.P_D | D75: DEPORTE Y RECREACIÓN PARA EL MEJORAMIENTO DE LA CALIDAD DE VIDA Y LA SANA CONVIVENCIA | E75: E1.P_D.MR1 | F75: Ampliar a 1800 personas oficialmente inscritas, que se benefician con el programa de Escuelas Deportivas del Municipio | G75: Cobertura ampliada | H75: 1400 | I75: 1800 | K75: E1.P_D.MR1-MP09-1 | L75: Ampliar la Participación en eventos deportivos de nivel municipal, zonal, departamental, nacional e internacional | M75: Participación ampliada | N75: =VLOOKUP(K75,$DU$8:$EC$303,4,0) -> 154 | O75: =VLOOKUP(K75,$DU$8:$EC$303,5,0) -> 200 | P75: =VLOOKUP(K75,$DU$8:$EC$303,9,0) -> 50 | R75: =+GJ75 -> 100 | T75: 250000000 | BV75: =SUM(T75:BU75) -> 250000000 | BW75: =+R75-BV75 -> -249999900 | BX75: Instituto Municipal de Recreación y Deporte | DU75: E1.P_D.MR1-MP08-1 | DV75: Ampliar los eventos recreodeportivos organizados por el Municipio | DW75: Eventos ampliados | DX75: 200 | DY75: 240 | DZ75: 45 | EA75: 65 | EB75: 65 | EC75: 65 | GH75: =+IF(P75=0,"0","1") -> 1 | GI75: =+IF(BV75=0,"0","1") -> 1 | GJ75: =+((IF((GH75+GI75)=0,"100",(((GH75+GI75)/2)*100)))) -> 100
A76: E1. | B76: SOCIAL: Desarrollo Social con alta competitividad y proyección | C76: E1.P_D | D76: DEPORTE Y RECREACIÓN PARA EL MEJORAMIENTO DE LA CALIDAD DE VIDA Y LA SANA CONVIVENCIA | E76: E1.P_D.MR1 | F76: Ampliar a 1800 personas oficialmente inscritas, que se benefician con el programa de Escuelas Deportivas del Municipio | G76: Cobertura ampliada | H76: 1400 | I76: 1800 | K76: E1.P_D.MR1-MP10-1 | L76: Mejorar la infraestructura de los escenarios deportivos y recreodeportivos del Municipio (55 Escenarios) | M76: Infraestructura mejorada | N76: =VLOOKUP(K76,$DU$8:$EC$303,4,0) -> 10 | O76: =VLOOKUP(K76,$DU$8:$EC$303,5,0) -> 100 | P76: =VLOOKUP(K76,$DU$8:$EC$303,9,0) -> 25 | R76: =+GJ76 -> 100 | T76: 262000000 | BV76: =SUM(T76:BU76) -> 262000000 | BW76: =+R76-BV76 -> -261999900 | BX76: Instituto Municipal de Recreación y Deporte | DU76: E1.P_D.MR1-MP09-1 | DV76: Ampliar la Participación en eventos deportivos de nivel municipal, zonal, departamental, nacional e internacional | DW76: Participación ampliada | DX76: 154 | DY76: 200 | DZ76: 50 | EA76: 50 | EB76: 50 | EC76: 50 | GH76: =+IF(P76=0,"0","1") -> 1 | GI76: =+IF(BV76=0,"0","1") -> 1 | GJ76: =+((IF((GH76+GI76)=0,"100",(((GH76+GI76)/2)*100)))) -> 100
A77: E1. | B77: SOCIAL: Desarrollo Social con alta competitividad y proyección | C77: E1.P_D | D77: DEPORTE Y RECREACIÓN PARA EL MEJORAMIENTO DE LA CALIDAD DE VIDA Y LA SANA CONVIVENCIA | E77: E1.P_D.MR1 | F77: Ampliar a 1800 personas oficialmente inscritas, que se benefician con el programa de Escuelas Deportivas del Municipio | G77: Cobertura ampliada | H77: 1400 | I77: 1800 | K77: E1.P_D.MR1-MP11-1 | L77: Construir un Centro de Alto Rendimiento e Investigación y/o complejo deportivo en el municipio | M77: Centro de Alto Rendimiento e Investigación Construido | N77: =VLOOKUP(K77,$DU$8:$EC$303,4,0) -> 1 | O77: =VLOOKUP(K77,$DU$8:$EC$303,5,0) -> 2 | P77: 0 | R77: =+GJ77 -> 100 | T77: 0 | BV77: =SUM(T77:BU77) -> 0 | BW77: =+R77-BV77 -> 100 | BX77: Instituto Municipal de Recreación y Deporte | DU77: E1.P_D.MR1-MP10-1 | DV77: Mejorar la infraestructura de los escenarios deportivos y recreodeportivos del Municipio (55 Escenarios) | DW77: Infraestructura mejorada (%) | DX77: 10 | DY77: 100 | DZ77: 25 | EA77: 25 | EB77: 25 | EC77: 25 | GH77: =+IF(P77=0,"0","1") -> 0 | GI77: =+IF(BV77=0,"0","1") -> 0 | GJ77: =+((IF((GH77+GI77)=0,"100",(((GH77+GI77)/2)*100)))) -> 100
A78: E1. | B78: SOCIAL: Desarrollo Social con alta competitividad y proyección | C78: E1.P_D | D78: DEPORTE Y RECREACIÓN PARA EL MEJORAMIENTO DE LA CALIDAD DE VIDA Y LA SANA CONVIVENCIA | E78: E1.P_D.MR1 | F78: Ampliar a 1800 personas oficialmente inscritas, que se benefician con el programa de Escuelas Deportivas del Municipio | G78: Cobertura ampliada | H78: 1400 | I78: 1800 | K78: E1.P_D.MR1-MP12-1 | L78: Ampliar los Escenarios deportivos y recreodeportivos en el Municipio | M78: N° de escenarios construidos | N78: =VLOOKUP(K78,$DU$8:$EC$303,4,0) -> 55 | O78: =VLOOKUP(K78,$DU$8:$EC$303,5,0) -> 57 | P78: =VLOOKUP(K78,$DU$8:$EC$303,9,0) -> 0 | R78: =+GJ78 -> 100 | T78: 0 | BV78: =SUM(T78:BU78) -> 0 | BW78: =+R78-BV78 -> 100 | BX78: Instituto Municipal de Recreación y Deporte | DU78: E1.P_D.MR1-MP11-1 | DV78: Construir un Centro de Alto Rendimiento e Investigación y/o complejo deportivo en el municipio | DW78: Centro de Alto Rendimiento e Investigación Construido | DX78: 1 | DY78: 2 | DZ78: 0 | EA78: 0 | EB78: 0.5 | EC78: 0.5 | GH78: =+IF(P78=0,"0","1") -> 0 | GI78: =+IF(BV78=0,"0","1") -> 0 | GJ78: =+((IF((GH78+GI78)=0,"100",(((GH78+GI78)/2)*100)))) -> 100
A79: E1. | B79: SOCIAL: Desarrollo Social con alta competitividad y proyección | C79: E1.P_D | D79: DEPORTE Y RECREACIÓN PARA EL MEJORAMIENTO DE LA CALIDAD DE VIDA Y LA SANA CONVIVENCIA | E79: E1.P_D.MR1 | F79: Ampliar a 1800 personas oficialmente inscritas, que se benefician con el programa de Escuelas Deportivas del Municipio | G79: Cobertura ampliada | H79: 1400 | I79: 1800 | K79: E1.P_D.MR1-MP13-1 | L79: Mantener el programa de incentivos y/o reconocimientos a deportistas destacados del municipio | M79: N° de escenarios construidos | N79: =VLOOKUP(K79,$DU$8:$EC$303,4,0) -> 1 | O79: =VLOOKUP(K79,$DU$8:$EC$303,5,0) -> 1 | P79: =VLOOKUP(K79,$DU$8:$EC$303,9,0) -> 1 | R79: =+GJ79 -> 100 | T79: 80000000 | BV79: =SUM(T79:BU79) -> 80000000 | BW79: =+R79-BV79 -> -79999900 | BX79: Instituto Municipal de Recreación y Deporte | DU79: E1.P_D.MR1-MP12-1 | DV79: Ampliar los Escenarios deportivos y recreodeportivos en el Municipio | DW79: N° de escenarios construidos | DX79: 55 | DY79: 57 | DZ79: 0 | EA79: 1 | EB79: 1 | EC79: 0 | GH79: =+IF(P79=0,"0","1") -> 1 | GI79: =+IF(BV79=0,"0","1") -> 1 | GJ79: =+((IF((GH79+GI79)=0,"100",(((GH79+GI79)/2)*100)))) -> 100
A80: E1. | B80: SOCIAL: Desarrollo Social con alta competitividad y proyección | C80: E1.P_E | D80: ATENCIÓN INTEGRAL DEL ADULTO MAYOR | E80: E1.P_E.MR1 | F80: Ampliar la cobertura a 400 adultos Mayores que se benefician con los programas del Municipio | G80: Cobertura ampliada | H80: 288 | I80: 400 | J80: 2016-25817-00015 Apoyo al Adulto Mayor en el Municipio Tocancipá, Cundinamarca, Centro Oriente | K80: E1.P_E.MR1-MP01-1 | L80: Implementar el servicio de Megacomedor a la población "adultos mayores" en condición vulnerable | M80: Megacomedor implementado | N80: =VLOOKUP(K80,$DU$8:$EC$303,4,0) -> 0 | O80: =VLOOKUP(K80,$DU$8:$EC$303,5,0) -> 1 | P80: 0 | Q80: =SUM(R80:R84) -> 200 | R80: =+GJ80 -> 100 | S80: =SUM(BV80:BV84) -> 1852000000 | BV80: =SUM(T80:BU80) -> 0 | BW80: =+R80-BV80 -> 100 | BX80: Secretaria Desarrollo e Integración Social | DU80: E1.P_D.MR1-MP13-1 | DV80: Mantener el programa de incentivos y/o reconocimientos a deportistas destacados del municipio | DW80: Programa Mantenido | DX80: 1 | DY80: 1 | DZ80: 1 | EA80: 1 | EB80: 1 | EC80: 1 | GH80: =+IF(P80=0,"0","1") -> 0 | GI80: =+IF(BV80=0,"0","1") -> 0 | GJ80: =+((IF((GH80+GI80)=0,"100",(((GH80+GI80)/2)*100)))) -> 100
A81: E1. | B81: SOCIAL: Desarrollo Social con alta competitividad y proyección | C81: E1.P_E | D81: ATENCIÓN INTEGRAL DEL ADULTO MAYOR | E81: E1.P_E.MR1 | F81: Ampliar la cobertura a 400 adultos Mayores que se benefician con los programas del Municipio | G81: Cobertura ampliada | H81: 288 | I81: 400 | K81: E1.P_E.MR1-MP02-1 | L81: Implementar la Estampilla de carácter municipal para el bienestar del adulto mayor | M81: Estampilla implementada | N81: =VLOOKUP(K81,$DU$8:$EC$303,4,0) -> 0 | O81: =VLOOKUP(K81,$DU$8:$EC$303,5,0) -> 1 | P81: =VLOOKUP(K81,$DU$8:$EC$303,9,0) -> 0 | R81: =+GJ81 -> 100 | BV81: =SUM(T81:BU81) -> 0 | BW81: =+R81-BV81 -> 100 | BX81: Secretaria Desarrollo e Integración Social | DU81: E1.P_E.MR1-MP01-1 | DV81: Implementar el servicio de Megacomedor a la población "adultos mayores" en condición vulnerable | DW81: Megacomedor implementado | DX81: 0 | DY81: 1 | DZ81: 0 | EA81: 0.1 | EB81: 0.45 | EC81: 0.45 | GH81: =+IF(P81=0,"0","1") -> 0 | GI81: =+IF(BV81=0,"0","1") -> 0 | GJ81: =+((IF((GH81+GI81)=0,"100",(((GH81+GI81)/2)*100)))) -> 100
A82: E1. | B82: SOCIAL: Desarrollo Social con alta competitividad y proyección | C82: E1.P_E | D82: ATENCIÓN INTEGRAL DEL ADULTO MAYOR | E82: E1.P_E.MR1 | F82: Ampliar la cobertura a 400 adultos Mayores que se benefician con los programas del Municipio | G82: Cobertura ampliada | H82: 288 | I82: 400 | K82: E1.P_E.MR1-MP03-1 | L82: Finalizar la construcción casa de los abuelos en la vereda la Fuente | M82: Obra construida | N82: =VLOOKUP(K82,$DU$8:$EC$303,4,0) -> 40 | O82: =VLOOKUP(K82,$DU$8:$EC$303,5,0) -> 100 | P82: =VLOOKUP(K82,$DU$8:$EC$303,9,0) -> 0 | R82: =+GJ82 -> 100 | BV82: =SUM(T82:BU82) -> 0 | BW82: =+R82-BV82 -> 100 | BX82: Secretaria Desarrollo e Integración Social | DU82: E1.P_E.MR1-MP02-1 | DV82: Implementar la Estampilla de carácter municipal para el bienestar del adulto mayor | DW82: Estampilla implementada | DX82: 0 | DY82: 1 | DZ82: 0.5 | EA82: 0.5 | EB82: 0 | EC82: 0 | GH82: =+IF(P82=0,"0","1") -> 0 | GI82: =+IF(BV82=0,"0","1") -> 0 | GJ82: =+((IF((GH82+GI82)=0,"100",(((GH82+GI82)/2)*100)))) -> 100
A83: E1. | B83: SOCIAL: Desarrollo Social con alta competitividad y proyección | C83: E1.P_E | D83: ATENCIÓN INTEGRAL DEL ADULTO MAYOR | E83: E1.P_E.MR1 | F83: Ampliar la cobertura a 400 adultos Mayores que se benefician con los programas del Municipio | G83: Cobertura ampliada | H83: 288 | I83: 400 | K83: E1.P_E.MR1-MP04-1 | L83: Mantener el funcionamiento del centro de atención a adulto mayor | M83: Centro de Atención Funcionando | N83: =VLOOKUP(K83,$DU$8:$EC$303,4,0) -> 1 | O83: =VLOOKUP(K83,$DU$8:$EC$303,5,0) -> 1 | P83: =VLOOKUP(K83,$DU$8:$EC$303,9,0) -> 1 | R83: =+GJ83 -> 100 | BL83: =1470000000-250000000 -> 1220000000 | BV83: =SUM(T83:BU83) -> 1220000000 | BW83: =+R83-BV83 -> -1219999900 | BX83: Secretaria Desarrollo e Integración Social | DU83: E1.P_E.MR1-MP03-1 | DV83: Finalizar la construcción casa de los abuelos en la vereda la Fuente | DW83: Obra construida (%) | DX83: 40 | DY83: 100 | DZ83: 0 | EA83: 100 | EB83: 0 | EC83: 0 | GH83: =+IF(P83=0,"0","1") -> 1 | GI83: =+IF(BV83=0,"0","1") -> 1 | GJ83: =+((IF((GH83+GI83)=0,"100",(((GH83+GI83)/2)*100)))) -> 100
A84: E1. | B84: SOCIAL: Desarrollo Social con alta competitividad y proyección | C84: E1.P_E | D84: ATENCIÓN INTEGRAL DEL ADULTO MAYOR | E84: E1.P_E.MR1 | F84: Ampliar la cobertura a 400 adultos Mayores que se benefician con los programas del Municipio | G84: Cobertura ampliada | H84: 288 | I84: 400 | K84: E1.P_E.MR1-MP05-1 | L84: Ampliar la Realización de eventos socioculturales y recreativos que beneficien al adulto mayor | M84: Eventos realizados | N84: =VLOOKUP(K84,$DU$8:$EC$303,4,0) -> 8 | O84: =VLOOKUP(K84,$DU$8:$EC$303,5,0) -> 10 | P84: =VLOOKUP(K84,$DU$8:$EC$303,9,0) -> 2 | R84: =+GJ84 -> 100 | BK84: 630000000 | BM84: 2000000 | BV84: =SUM(T84:BU84) -> 632000000 | BW84: =+R84-BV84 -> -631999900 | BX84: Secretaria Desarrollo e Integración Social | DU84: E1.P_E.MR1-MP04-1 | DV84: Mantener el funcionamiento del centro de atención a adulto mayor | DW84: Centro de Atención Funcionando | DX84: 1 | DY84: 1 | DZ84: 1 | EA84: 1 | EB84: 1 | EC84: 1 | GH84: =+IF(P84=0,"0","1") -> 1 | GI84: =+IF(BV84=0,"0","1") -> 1 | GJ84: =+((IF((GH84+GI84)=0,"100",(((GH84+GI84)/2)*100)))) -> 100
A85: E1. | B85: SOCIAL: Desarrollo Social con alta competitividad y proyección | C85: E1.P_F | D85: PRIMERA INFANCIA, INFANCIA, ADOLESCENCIA Y JUVENTUD CON DESARROLLO Y PROYECCIÓN | E85: E1.P_F.MR1 | F85: Ampliar la Infraestructura para la atención de Primera Infancia, Infancia, Adolescencia y Juventud | G85: Infraestructura ampliada | H85: 1 | I85: 4 | J85: 2016-25817-0022 Ampliación de la infraestructura para la atención de primera infancia, infancia, adolescencia y juventud en el municipio de Tocancipá, Cundinamarca, Centro Oriente | K85: E1.P_F.MR1-MP01-1 | L85: Construcción de Mega jardines sociales para la atención integral de primera infancia | M85: Mega jardines construidos | N85: =VLOOKUP(K85,$DU$8:$EC$303,4,0) -> 0 | O85: =VLOOKUP(K85,$DU$8:$EC$303,5,0) -> 2 | P85: 0 | Q85: =SUM(R85:R88) -> 0 | R85: =+GJ85 -> 100 | S85: =SUM(BV85:BV92) -> 4828200000 | T85: 0 | BV85: =SUM(T85:BU85) -> 0 | BW85: =+R85-BV85 -> 100 | BX85: Secretaria Desarrollo e Integración Social | DU85: E1.P_E.MR1-MP05-1 | DV85: Ampliar la Realización de eventos socioculturales y recreativos que beneficien al adulto mayor | DW85: Eventos realizados | DX85: 8 | DY85: 10 | DZ85: 3 | EA85: 2 | EB85: 3 | EC85: 2 | GH85: =+IF(P85=0,"0","1") -> 0 | GI85: =+IF(BV85=0,"0","1") -> 0 | GJ85: =+((IF((GH85+GI85)=0,"100",(((GH85+GI85)/2)*100)))) -> 100
A86: E1. | B86: SOCIAL: Desarrollo Social con alta competitividad y proyección | C86: E1.P_F | D86: PRIMERA INFANCIA, INFANCIA, ADOLESCENCIA Y JUVENTUD CON DESARROLLO Y PROYECCIÓN | E86: E1.P_F.MR1 | F86: Ampliar la Infraestructura para la atención de Primera Infancia, Infancia, Adolescencia y Juventud | G86: Infraestructura ampliada | H86: 1 | I86: 4 | K86: E1.P_F.MR1-MP02-1 | L86: Dotación de la Infraestructura de Primera Infancia | M86: Espacios dotados | N86: =VLOOKUP(K86,$DU$8:$EC$303,4,0) -> 0 | O86: =VLOOKUP(K86,$DU$8:$EC$303,5,0) -> 3 | P86: =VLOOKUP(K86,$DU$8:$EC$303,9,0) -> 0 | R86: =+GJ86 -> 100 | BV86: =SUM(T86:BU86) -> 0 | BW86: =+R86-BV86 -> 100 | BX86: Secretaria Desarrollo e Integración Social | DU86: E1.P_F.MR1-MP01-1 | DV86: Construcción de Mega jardines sociales para la atención integral de primera infancia | DW86: Mega jardines construidos | DX86: 0 | DY86: 2 | DZ86: 0 | EA86: 0 | EB86: 1 | EC86: 1 | GH86: =+IF(P86=0,"0","1") -> 0 | GI86: =+IF(BV86=0,"0","1") -> 0 | GJ86: =+((IF((GH86+GI86)=0,"100",(((GH86+GI86)/2)*100)))) -> 100
A87: E1. | B87: SOCIAL: Desarrollo Social con alta competitividad y proyección | C87: E1.P_F | D87: PRIMERA INFANCIA, INFANCIA, ADOLESCENCIA Y JUVENTUD CON DESARROLLO Y PROYECCIÓN | E87: E1.P_F.MR1 | F87: Ampliar la Infraestructura para la atención de Primera Infancia, Infancia, Adolescencia y Juventud | G87: Infraestructura ampliada | H87: 1 | I87: 4 | K87: E1.P_F.MR1-MP03-1 | L87: Terminación de la Mega ludoteca | M87: Mega ludoteca construida | N87: =VLOOKUP(K87,$DU$8:$EC$303,4,0) -> 70 | O87: =VLOOKUP(K87,$DU$8:$EC$303,5,0) -> 100 | P87: 0 | R87: =+GJ87 -> 100 | BV87: =SUM(T87:BU87) -> 0 | BW87: =+R87-BV87 -> 100 | BX87: Secretaria Desarrollo e Integración Social | DU87: E1.P_F.MR1-MP02-1 | DV87: Dotación de la Infraestructura de Primera Infancia | DW87: Espacios dotados | DX87: 0 | DY87: 3 | DZ87: 0 | EA87: 2 | EB87: 1 | EC87: 0 | GH87: =+IF(P87=0,"0","1") -> 0 | GI87: =+IF(BV87=0,"0","1") -> 0 | GJ87: =+((IF((GH87+GI87)=0,"100",(((GH87+GI87)/2)*100)))) -> 100
A88: E1. | B88: SOCIAL: Desarrollo Social con alta competitividad y proyección | C88: E1.P_F | D88: PRIMERA INFANCIA, INFANCIA, ADOLESCENCIA Y JUVENTUD CON DESARROLLO Y PROYECCIÓN | E88: E1.P_F.MR1 | F88: Ampliar la Infraestructura para la atención de Primera Infancia, Infancia, Adolescencia y Juventud | G88: Infraestructura ampliada | H88: 1 | I88: 4 | K88: E1.P_F.MR1-MP04-1 | L88: Terminación del Mega hogar comunitario de la primera Infancia. | M88: Mega Hogar terminado | N88: =VLOOKUP(K88,$DU$8:$EC$303,4,0) -> 90 | O88: =VLOOKUP(K88,$DU$8:$EC$303,5,0) -> 100 | P88: =VLOOKUP(K88,$DU$8:$EC$303,9,0) -> 0 | R88: =+GJ88 -> 100 | BV88: =SUM(T88:BU88) -> 0 | BW88: =+R88-BV88 -> 100 | BX88: Secretaria Desarrollo e Integración Social | DU88: E1.P_F.MR1-MP03-1 | DV88: Terminación de la Mega ludoteca | DW88: Mega ludoteca construida (%) | DX88: 70 | DY88: 100 | DZ88: 30 | EA88: 25 | EB88: 25 | EC88: 20 | GH88: =+IF(P88=0,"0","1") -> 0 | GI88: =+IF(BV88=0,"0","1") -> 0 | GJ88: =+((IF((GH88+GI88)=0,"100",(((GH88+GI88)/2)*100)))) -> 100
A89: E1. | B89: SOCIAL: Desarrollo Social con alta competitividad y proyección | C89: E1.P_F | D89: PRIMERA INFANCIA, INFANCIA, ADOLESCENCIA Y JUVENTUD CON DESARROLLO Y PROYECCIÓN | E89: E1.P_F.MR2 | F89: Ampliar en 600 la cobertura de las personas que se benefician de los programas dirigidos a Primera Infancia y Juventud | G89: Cobertura ampliada | H89: 2598 | I89: 3100 | J89: 2016-25817-0024 Ampliación del desarrollo de programas sociales dirigidos a niños, niñas, adolescentes y jóvenves residentes en el municipio de Tocancipá, Cundinamarca, Centro Oriente | K89: E1.P_F.MR2-MP01-1 | L89: Mantener el programa dirigido Jóvenes de Tocancipá | M89: Programa Jóven con Proyección implementado | N89: =VLOOKUP(K89,$DU$8:$EC$303,4,0) -> 1 | O89: =VLOOKUP(K89,$DU$8:$EC$303,5,0) -> 1 | P89: =VLOOKUP(K89,$DU$8:$EC$303,9,0) -> 1 | Q89: =SUM(R89:R92) -> 300 | R89: =+GJ89 -> 100 | T89: 348000000 | BV89: =SUM(T89:BU89) -> 348000000 | BW89: =+R89-BV89 -> -347999900 | BX89: Secretaria Desarrollo e Integración Social | DU89: E1.P_F.MR1-MP04-1 | DV89: Terminación del Mega hogar comunitario de la primera Infancia. | DW89: Mega Hogar terminado (%) | DX89: 90 | DY89: 100 | DZ89: 10 | EA89: 90 | EB89: 0 | EC89: 0 | GH89: =+IF(P89=0,"0","1") -> 1 | GI89: =+IF(BV89=0,"0","1") -> 1 | GJ89: =+((IF((GH89+GI89)=0,"100",(((GH89+GI89)/2)*100)))) -> 100
A90: E1. | B90: SOCIAL: Desarrollo Social con alta competitividad y proyección | C90: E1.P_F | D90: PRIMERA INFANCIA, INFANCIA, ADOLESCENCIA Y JUVENTUD CON DESARROLLO Y PROYECCIÓN | E90: E1.P_F.MR2 | F90: Ampliar en 600 la cobertura de las personas que se benefician de los programas dirigidos a Primera Infancia y Juventud | G90: Cobertura ampliada | H90: 2598 | I90: 3100 | K90: E1.P_F.MR2-MP02-1 | L90: Mantener los programas de complementación nutricional y de protección, en cofinanciación con el ICBF y otros entes gubernamentales. (Estrategia de Cero a Siempre) | M90: Programas mantenidos | N90: =VLOOKUP(K90,$DU$8:$EC$303,4,0) -> 3 | O90: =VLOOKUP(K90,$DU$8:$EC$303,5,0) -> 3 | P90: 0 | R90: =+GJ90 -> 100 | BV90: =SUM(T90:BU90) -> 0 | BW90: =+R90-BV90 -> 100 | BX90: Secretaria Desarrollo e Integración Social | DU90: E1.P_F.MR2-MP01-1 | DV90: Mantener el programa dirigido Jóvenes de Tocancipá | DW90: Programa Jóven con Proyección implementado | DX90: 1 | DY90: 1 | DZ90: 1 | EA90: 1 | EB90: 1 | EC90: 1 | GH90: =+IF(P90=0,"0","1") -> 0 | GI90: =+IF(BV90=0,"0","1") -> 0 | GJ90: =+((IF((GH90+GI90)=0,"100",(((GH90+GI90)/2)*100)))) -> 100
A91: E1. | B91: SOCIAL: Desarrollo Social con alta competitividad y proyección | C91: E1.P_F | D91: PRIMERA INFANCIA, INFANCIA, ADOLESCENCIA Y JUVENTUD CON DESARROLLO Y PROYECCIÓN | E91: E1.P_F.MR2 | F91: Ampliar en 600 la cobertura de las personas que se benefician de los programas dirigidos a Primera Infancia y Juventud | G91: Cobertura ampliada | H91: 2598 | I91: 3100 | K91: E1.P_F.MR2-MP03-1 | L91: Mantener el Programa Clubes de Orientación de Tareas | M91: Programa mantenido | N91: =VLOOKUP(K91,$DU$8:$EC$303,4,0) -> 1 | O91: =VLOOKUP(K91,$DU$8:$EC$303,5,0) -> 1 | P91: =VLOOKUP(K91,$DU$8:$EC$303,9,0) -> 1 | R91: =+GJ91 -> 100 | T91: 500000000 | U91: 600000000 | BV91: =SUM(T91:BU91) -> 1100000000 | BW91: =+R91-BV91 -> -1099999900 | BX91: Secretaria Desarrollo e Integración Social | DU91: E1.P_F.MR2-MP02-1 | DV91: Mantener los programas de complementación nutricional y de protección, en cofinanciación con el ICBF y otros entes gubernamentales. (Estrategia de Cero a Siempre) | DW91: Programas mantenidos | DX91: 3 | DY91: 3 | DZ91: 3 | EA91: 3 | EB91: 3 | EC91: 3 | GH91: =+IF(P91=0,"0","1") -> 1 | GI91: =+IF(BV91=0,"0","1") -> 1 | GJ91: =+((IF((GH91+GI91)=0,"100",(((GH91+GI91)/2)*100)))) -> 100
A92: E1. | B92: SOCIAL: Desarrollo Social con alta competitividad y proyección | C92: E1.P_F | D92: PRIMERA INFANCIA, INFANCIA, ADOLESCENCIA Y JUVENTUD CON DESARROLLO Y PROYECCIÓN | E92: E1.P_F.MR2 | F92: Ampliar en 600 la cobertura de las personas que se benefician de los programas dirigidos a Primera Infancia y Juventud | G92: Cobertura ampliada | H92: 2598 | I92: 3100 | K92: E1.P_F.MR2-MP04-1 | L92: Ampliar la cobertura del Programa de Hogares Comunitarios y operación de mega jardines para la Primera Infancia | M92: Cobertura ampliada | N92: =VLOOKUP(K92,$DU$8:$EC$303,4,0) -> 492 | O92: =VLOOKUP(K92,$DU$8:$EC$303,5,0) -> 600 | P92: =VLOOKUP(K92,$DU$8:$EC$303,9,0) -> 600 | R92: =+GJ92 -> 100 | T92: 2780000000 | U92: 600000000 | AU92: 200000 | BV92: =SUM(T92:BU92) -> 3380200000 | BW92: =+R92-BV92 -> -3380199900 | BX92: Secretaria Desarrollo e Integración Social | DU92: E1.P_F.MR2-MP03-1 | DV92: Mantener el Programa Clubes de Orientación de Tareas | DW92: Programa mantenido | DX92: 1 | DY92: 1 | DZ92: 1 | EA92: 1 | EB92: 1 | EC92: 1 | GH92: =+IF(P92=0,"0","1") -> 1 | GI92: =+IF(BV92=0,"0","1") -> 1 | GJ92: =+((IF((GH92+GI92)=0,"100",(((GH92+GI92)/2)*100)))) -> 100
A93: E1. | B93: SOCIAL: Desarrollo Social con alta competitividad y proyección | C93: E1.P_G | D93: EMPODERAMIENTO E INCLUSIÓN DE GÉNERO Y POBLACIÓN LGTBI | E93: E1.P_G.MR1 | F93: Ampliar los programas dirigidos a la Mujer | G93: Programas ampliados | H93: 1 | I93: 3 | J93: 2016-25817-0031 Ampliación de programas para atención a la mujer en el Municipio de Tocancipá, Cundinamarca, Centro Oriente | K93: E1.P_G.MR1-MP01-1 | L93: Formular e implementar de la Política Pública de Mujer y Género | M93: Política Implementada | N93: =VLOOKUP(K93,$DU$8:$EC$303,4,0) -> 0 | O93: =VLOOKUP(K93,$DU$8:$EC$303,5,0) -> 1 | P93: 0.2 | Q93: =SUM(R93:R95) -> 200 | R93: =+GJ93 -> 100 | S93: =SUM(BV93:BV96) -> 1077000000 | T93: =60000000+337000000 -> 397000000 | BV93: =SUM(T93:BU93) -> 397000000 | BW93: =+R93-BV93 -> -396999900 | BX93: Secretaria Desarrollo e Integración Social | DU93: E1.P_F.MR2-MP04-1 | DV93: Ampliar la cobertura del Programa de Hogares Comunitarios y operación de mega jardines para la Primera Infancia | DW93: Cobertura ampliada | DX93: 492 | DY93: 600 | DZ93: 519 | EA93: 546 | EB93: 573 | EC93: 600 | GH93: =+IF(P93=0,"0","1") -> 1 | GI93: =+IF(BV93=0,"0","1") -> 1 | GJ93: =+((IF((GH93+GI93)=0,"100",(((GH93+GI93)/2)*100)))) -> 100
A94: E1. | B94: SOCIAL: Desarrollo Social con alta competitividad y proyección | C94: E1.P_G | D94: EMPODERAMIENTO E INCLUSIÓN DE GÉNERO Y POBLACIÓN LGTBI | E94: E1.P_G.MR1 | F94: Ampliar los programas dirigidos a la Mujer | G94: Programas ampliados | H94: 1 | I94: 3 | K94: E1.P_G.MR1-MP02-1 | L94: Poner en funcionamiento la Secretaría para la mujer y la familia | M94: Oficina funcionando | N94: =VLOOKUP(K94,$DU$8:$EC$303,4,0) -> 0 | O94: =VLOOKUP(K94,$DU$8:$EC$303,5,0) -> 1 | P94: 0 | R94: =+GJ94 -> 100 | BV94: =SUM(T94:BU94) -> 0 | BW94: =+R94-BV94 -> 100 | BX94: Secretaria Desarrollo e Integración Social | DU94: E1.P_G.MR1-MP01-1 | DV94: Formular e implementar de la Política Pública de Mujer y Género | DW94: Política Implementada | DX94: 0 | DY94: 1 | DZ94: 0 | EA94: 0.6 | EB94: 0.4 | EC94: 0 | GH94: =+IF(P94=0,"0","1") -> 0 | GI94: =+IF(BV94=0,"0","1") -> 0 | GJ94: =+((IF((GH94+GI94)=0,"100",(((GH94+GI94)/2)*100)))) -> 100
A95: E1. | B95: SOCIAL: Desarrollo Social con alta competitividad y proyección | C95: E1.P_G | D95: EMPODERAMIENTO E INCLUSIÓN DE GÉNERO Y POBLACIÓN LGTBI | E95: E1.P_G.MR1 | F95: Ampliar los programas dirigidos a la Mujer | G95: Programas ampliados | H95: 1 | I95: 3 | K95: E1.P_G.MR1-MP03-1 | L95: Mantener el número de eventos sicosociales y culturales dirigidos a la mujer Tocancipeña | M95: Número de eventos mantenidos | N95: =VLOOKUP(K95,$DU$8:$EC$303,4,0) -> 8 | O95: =VLOOKUP(K95,$DU$8:$EC$303,5,0) -> 8 | P95: =VLOOKUP(K95,$DU$8:$EC$303,9,0) -> 2 | R95: =+GJ95 -> 100 | T95: 500000000 | BV95: =SUM(T95:BU95) -> 500000000 | BW95: =+R95-BV95 -> -499999900 | BX95: Secretaria Desarrollo e Integración Social | DU95: E1.P_G.MR1-MP02-1 | DV95: Poner en funcionamiento la Secretaría para la mujer y la familia | DW95: Oficina funcionando | DX95: 0 | DY95: 1 | DZ95: 0 | EA95: 0.25 | EB95: 0.5 | EC95: 0.25 | GH95: =+IF(P95=0,"0","1") -> 1 | GI95: =+IF(BV95=0,"0","1") -> 1 | GJ95: =+((IF((GH95+GI95)=0,"100",(((GH95+GI95)/2)*100)))) -> 100
A96: E1. | B96: SOCIAL: Desarrollo Social con alta competitividad y proyección | C96: E1.P_G | D96: EMPODERAMIENTO E INCLUSIÓN DE GÉNERO Y POBLACIÓN LGTBI | E96: E1.P_G.MR2 | F96: Ampliar los programas dirigidos a la Población LGBTI | G96: Programas ampliados | H96: 1 | I96: 1 | J96: 2016-25817-0032 Ampliación de los programas dirigidos a la población LGBTI residente en el municipio de Tocancipá, Cundinamarca, Centro Oriente | K96: E1.P_G.MR2-MP01-1 | L96: Formular el Programa de inclusión y empoderamiento de la población LGBTI en el desarrollo social, económico, cultural y político del Municipio | M96: Programa Formulado | N96: =VLOOKUP(K96,$DU$8:$EC$303,4,0) -> 0 | O96: =VLOOKUP(K96,$DU$8:$EC$303,5,0) -> 1 | P96: =VLOOKUP(K96,$DU$8:$EC$303,9,0) -> 0.25 | Q96: =SUM(R96) -> 100 | R96: =+GJ96 -> 100 | T96: =130000000+50000000 -> 180000000 | BV96: =SUM(T96:BU96) -> 180000000 | BW96: =+R96-BV96 -> -179999900 | BX96: Secretaria Desarrollo e Integración Social | DU96: E1.P_G.MR1-MP03-1 | DV96: Mantener el número de eventos sicosociales y culturales dirigidos a la mujer Tocancipeña | DW96: Número de eventos mantenidos | DX96: 8 | DY96: 8 | DZ96: 2 | EA96: 2 | EB96: 2 | EC96: 2 | GH96: =+IF(P96=0,"0","1") -> 1 | GI96: =+IF(BV96=0,"0","1") -> 1 | GJ96: =+((IF((GH96+GI96)=0,"100",(((GH96+GI96)/2)*100)))) -> 100
A97: E1. | B97: SOCIAL: Desarrollo Social con alta competitividad y proyección | C97: E1.P_H | D97: VICTIMAS DEL CONFLICTO ARMADO Y POSTCONFLICTO | E97: E1.P_H.MR1 | F97: Mantener la cobertura de la Atención a la Población Víctima del Conflicto Armado y Postconflicto. | G97: Cobertura mantenida | H97: 952 | I97: 952 | J97: 2016-25817-0016 Asistencia, atención y reparación integral a las víctimas del conflicto armado residentes en Tocancipá, Cundinamarca, Centro Oriente | K97: E1.P_H.MR1-MP01-1 | L97: Formular el Plan de Acción Territorial para las Víctimas del Conflicto Armado -PAT- (Transversal con todas la Secretarías) | M97: Plan Formulado | N97: =VLOOKUP(K97,$DU$8:$EC$303,4,0) -> 0 | O97: =VLOOKUP(K97,$DU$8:$EC$303,5,0) -> 1 | P97: =VLOOKUP(K97,$DU$8:$EC$303,9,0) -> 0.25 | Q97: =SUM(R97:R103) -> 600 | R97: =+GJ97 -> 100 | S97: =SUM(BV97:BV103) -> 310100000 | T97: 239100000 | BV97: =SUM(T97:BU97) -> 239100000 | BW97: =+R97-BV97 -> -239099900 | BX97: Secretaria Desarrollo e Integración Social | DU97: E1.P_G.MR2-MP01-1 | DV97: Formular el Programa de inclusión y empoderamiento de la población LGBTI en el desarrollo social, económico, cultural y político del Municipio | DW97: Programa Formulado | DX97: 0 | DY97: 1 | DZ97: 0.25 | EA97: 0.25 | EB97: 0.25 | EC97: 0.25 | GH97: =+IF(P97=0,"0","1") -> 1 | GI97: =+IF(BV97=0,"0","1") -> 1 | GJ97: =+((IF((GH97+GI97)=0,"100",(((GH97+GI97)/2)*100)))) -> 100
A98: E1. | B98: SOCIAL: Desarrollo Social con alta competitividad y proyección | C98: E1.P_H | D98: VICTIMAS DEL CONFLICTO ARMADO Y POSTCONFLICTO | E98: E1.P_H.MR1 | F98: Mantener la cobertura de la Atención a la Población Víctima del Conflicto Armado y Postconflicto. | G98: Cobertura mantenida | H98: 952 | I98: 952 | K98: E1.P_H.MR1-MP02-1 | L98: Realizar un Convenio para la entrega de ayudas humanitarias y auxilios fúnebres | M98: Convenio realizado | N98: =VLOOKUP(K98,$DU$8:$EC$303,4,0) -> 0 | O98: =VLOOKUP(K98,$DU$8:$EC$303,5,0) -> 1 | P98: =VLOOKUP(K98,$DU$8:$EC$303,9,0) -> 0.25 | R98: =+GJ98 -> 100 | T98: 10000000 | BV98: =SUM(T98:BU98) -> 10000000 | BW98: =+R98-BV98 -> -9999900 | BX98: Secretaria Desarrollo e Integración Social | DU98: E1.P_H.MR1-MP01-1 | DV98: Formular el Plan de Acción Territorial para las Víctimas del Conflicto Armado -PAT- (Transversal con todas la Secretarías) | DW98: Plan Formulado | DX98: 0 | DY98: 1 | DZ98: 0.25 | EA98: 0.25 | EB98: 0.25 | EC98: 0.25 | GH98: =+IF(P98=0,"0","1") -> 1 | GI98: =+IF(BV98=0,"0","1") -> 1 | GJ98: =+((IF((GH98+GI98)=0,"100",(((GH98+GI98)/2)*100)))) -> 100
A99: E1. | B99: SOCIAL: Desarrollo Social con alta competitividad y proyección | C99: E1.P_H | D99: VICTIMAS DEL CONFLICTO ARMADO Y POSTCONFLICTO | E99: E1.P_H.MR1 | F99: Mantener la cobertura de la Atención a la Población Víctima del Conflicto Armado y Postconflicto. | G99: Cobertura mantenida | H99: 952 | I99: 952 | K99: E1.P_H.MR1-MP03-1 | L99: Subsidiar los procesos de retorno y reubicaciones avalados por la Unidad de Atención y Reparación a las Victimas -UARIV- | M99: Víctimas Subsidiadas | N99: =VLOOKUP(K99,$DU$8:$EC$303,4,0) -> 0 | O99: =VLOOKUP(K99,$DU$8:$EC$303,5,0) -> 100 | P99: =VLOOKUP(K99,$DU$8:$EC$303,9,0) -> 25 | R99: =+GJ99 -> 100 | T99: 5000000 | BV99: =SUM(T99:BU99) -> 5000000 | BW99: =+R99-BV99 -> -4999900 | BX99: Secretaria Desarrollo e Integración Social | DU99: E1.P_H.MR1-MP02-1 | DV99: Realizar un Convenio para la entrega de ayudas humanitarias y auxilios fúnebres | DW99: Convenio realizado | DX99: 0 | DY99: 1 | DZ99: 0.25 | EA99: 0.25 | EB99: 0.25 | EC99: 0.25 | GH99: =+IF(P99=0,"0","1") -> 1 | GI99: =+IF(BV99=0,"0","1") -> 1 | GJ99: =+((IF((GH99+GI99)=0,"100",(((GH99+GI99)/2)*100)))) -> 100
A100: E1. | B100: SOCIAL: Desarrollo Social con alta competitividad y proyección | C100: E1.P_H | D100: VICTIMAS DEL CONFLICTO ARMADO Y POSTCONFLICTO | E100: E1.P_H.MR1 | F100: Mantener la cobertura de la Atención a la Población Víctima del Conflicto Armado y Postconflicto. | G100: Cobertura mantenida | H100: 952 | I100: 952 | K100: E1.P_H.MR1-MP04-1 | L100: Mantener el Plan de Trabajo de la Mesa Municipal de Victimas. | M100: Plan Mantenido | N100: =VLOOKUP(K100,$DU$8:$EC$303,4,0) -> 1 | O100: =VLOOKUP(K100,$DU$8:$EC$303,5,0) -> 1 | P100: =VLOOKUP(K100,$DU$8:$EC$303,9,0) -> 1 | R100: =+GJ100 -> 100 | T100: 10000000 | BV100: =SUM(T100:BU100) -> 10000000 | BW100: =+R100-BV100 -> -9999900 | BX100: Secretaria Desarrollo e Integración Social | DU100: E1.P_H.MR1-MP03-1 | DV100: Subsidiar los procesos de retorno y reubicaciones avalados por la Unidad de Atención y Reparación a las Victimas -UARIV- | DW100: Víctimas Subsidiadas | DX100: 0 | DY100: 100 | DZ100: 25 | EA100: 25 | EB100: 25 | EC100: 25 | GH100: =+IF(P100=0,"0","1") -> 1 | GI100: =+IF(BV100=0,"0","1") -> 1 | GJ100: =+((IF((GH100+GI100)=0,"100",(((GH100+GI100)/2)*100)))) -> 100
...

Sheet TECHOS PRESU 2020
A1: MUNICIPIO DE TOCANCIPA
A2: SECRETARÍA DE HACIENDA
A3: PROYECCION RECURSOS FINANCIEROS PARA FINANCIAR EL PLAN DE INVERSIONES 2020
A5: TIPO DE RECURSO | B5: AÑO 2020 | C5: DESTINACION | D5: DETALLES DE LA DESTINACIÓN ESPECÍFICA
A6: ICLD | B6: 44648241709 | C6: TODOS LOS SECTORES DEL PD | D6: De acuerdo a la Ley 617 de 2000, art. 3: Parágrafo 1º- Para efectos de lo dispuesto en esta ley se entiende por ingresos corrientes de libre destinación, los ingresos corrientes ex-cluidas las rentas de destinación específica, entendiendo por estas las destinadas por ley o acto administrativo a un fin determinado. Los ICLD, deben ser suficintes para atender sus obligaciones, provisionar el pasivo prestacional y pensional; y financiar, al menos parcialmente, la inversion publica autonoma de las mismas. LEY 1450 DE 2011: Artículo 210. Adquisición de áreas de interés para acueductos municipales. El artículo 111 de la Ley 99 de 1993 quedará así: "Artículo 111. Adquisición de áreas de interés para acueductos municipales y regionales. Declárense de interés público las áreas de importancia estratégica para la conservación de recursos hídricos que surten de agua los acueductos municipales, distritales y regionales. Los departamentos y municipios dedicarán un porcentaje no inferior al 1% de sus ingresos corrientes para la adquisición y mantenimiento de dichas zonas o para financiar esquemas de pago por servicios ambientales. Los recursos de que trata el presente artículo, se destinarán prioritariamente a la adquisición y mantenimiento de las zonas.
A7: RENDIMIENTOS FINANCIEROS ICLD | B7: 2000000000 | C7: TODOS LOS SECTORES DEL PD | D7: De acuerdo a la Ley 617 de 2000, art. 3: Parágrafo 1º- Para efectos de lo dispuesto en esta ley se entiende por ingresos corrientes de libre destinación, los ingresos corrientes ex-cluidas las rentas de destinación específica, entendiendo por estas las destinadas por ley o acto administrativo a un fin determinado. Los ICLD, deben ser suficintes para atender sus obligaciones, provisionar el pasivo prestacional y pensional; y financiar, al menos parcialmente, la inversion publica autonoma de las mismas. LEY 1450 DE 2011: Artículo 210. Adquisición de áreas de interés para acueductos municipales. El artículo 111 de la Ley 99 de 1993 quedará así: "Artículo 111. Adquisición de áreas de interés para acueductos municipales y regionales. Declárense de interés público las áreas de importancia estratégica para la conservación de recursos hídricos que surten de agua los acueductos municipales, distritales y regionales. Los departamentos y municipios dedicarán un porcentaje no inferior al 1% de sus ingresos corrientes para la adquisición y mantenimiento de dichas zonas o para financiar esquemas de pago por servicios ambientales. Los recursos de que trata el presente artículo, se destinarán prioritariamente a la adquisición y mantenimiento de las zonas.
A8: SGP EDUCACION CALIDAD | B8: 474694256 | C8: EDUCACION INFRAESTRUCTURA, DOTACION, S.P Y FTO ID | D8: Ley 715 de 2001. En su art. 9. Las instituciones educativas debe combinar los recursos para brndar una de educacion de calidad, la evalucion permanente, el mejoramiento continuo del servicio educativo y los resultados del aprendizaje en el marco de su programa educativo intitucional; complementado en los paragrafos 1, 2, 3, 4 de este articulo y lo estispulado en la ley 1176 de 2007 el art. 2 , el cual modifica el articulo 4 de la ley 715 de 2001 y aclara que del monto total de los recursos del SGP, despues descontar el 4%, segun lo estipula el paragrafo 2º del articulo 2º de la ley 715 de 2001; el 58.5% del SGP son recursos de destinacion especifica para Educacion
A9: RENDIMIENTOS FINANCIEROS SGP EDUCACION CALIDAD | B9: 10000000 | C9: EDUCACION INFRAESTRUCTURA, DOTACION, S.P Y FTO ID | D9: Ley 715 de 2001. En su art. 9. Las instituciones educativas debe combinar los recursos para brndar una de educacion de calidad, la evalucion permanente, el mejoramiento continuo del servicio educativo y los resultados del aprendizaje en el marco de su programa educativo intitucional; complementado en los paragrafos 1, 2, 3, 4 de este articulo y lo estispulado en la ley 1176 de 2007 el art. 2 , el cual modifica el articulo 4 de la ley 715 de 2001 y aclara que del monto total de los recursos del SGP, despues descontar el 4%, segun lo estipula el paragrafo 2º del articulo 2º de la ley 715 de 2001; el 58.5% del SGP son recursos de destinacion especifica para Educacion
A10: SGP GRATUIDAD | B10: 602678896 | C10: GRATUIDAD GIRO A INS. EDUC | D10: Ley 715 de 2001. En su art. 9. Las instituciones educativas debe combinar los recursos para brindar una de educacion de calidad, la evalucion permanente, el mejoramiento continuo del servicio educativo y los resultados del aprendizaje en el marco de su programa educa-tivo intitucional; complementado en los paragrafos 1, 2, 3, 4 de este mismo articulo y lo es-tispulado en la ley 1176 de 2007 el art. 2 , el cual modifica el articulo 4 de la ley 715 de 2001 y aclara que del monto total de los recursos del SGP, despues descontar el 4%, segun lo estipula el paragrafo 2º del articulo 2º de la ley 715 de 2001; el 58.5% del SGP son recur-sos de destinacion especifica para Educacion
A11: SGP ALIMENTACION ESCOLAR | B11: 133525790 | C11: ALIMENTACION ESCOLAR | D11: La Ley 715 de 2001. en su articulo 1º . El Sistema General de Partcipaciones esta constituido por los recursos que la Nacion transfiere a los entes territoriales por el mandato de la Constitucion Politica de Colombia en sus articulos 356 y 357; que del total de los recursos del Sistema General de Particiones debe descontar el 4% y de ahi se deduce 0.5% para los distritos y municipios para alimentacion escolar y lo complementa con lo dispuesto en la Ley 1176 de 2007, en el Articulo 18, (...) los recursos se destinaran en compra de alimentos, contrato de personal, transporte de alimentos, compra de menaje, dotacion, reposicion del menaje, aseo, compra de combustible y contrato de terceros para la adquisicion de alimentos, con el fin de prestar un excelente servicio.
A12: RENDIMIENTOS FINANCIEROS SGP ALIMENTACION ESCOLAR | B12: 400000 | C12: ALIMENTACION ESCOLAR | D12: La Ley 715 de 2001. en su articulo 1º . El Sistema General de Partcipaciones esta constituido por los recursos que la Nacion transfiere a los entes territoriales por el mandato de la Constitucion Politica de Colombia en sus articulos 356 y 357; que del total de los recursos del Sistema General de Particiones debe descontar el 4% y de ahi se deduce 0.5% para los distritos y municipios para alimentacion escolar y lo complementa con lo dispuesto en la Ley 1176 de 2007, en el Articulo 18, (...) los recursos se destinaran en compra de alimentos, contrato de personal, transporte de alimentos, compra de menaje, dotacion, reposicion del menaje, aseo, compra de combustible y contrato de terceros para la adquisicion de alimentos, con el fin de prestar un excelente servicio.
A13: SGP SALUD PUBLICA | B13: 283188006 | C13: PIC | D13: Ley 715 de 2001. Ley 1176 de 2007.
A14: RENDIMIENTOS FINANCIEROS SGP SALUD PUBLICA | B14: 1000000 | C14: PIC | D14: Ley 715 de 2001. Ley 1176 de 2007.
A15: SGP DEPORTE | B15: 218756307 | C15: DEPORTE Y RECREACION | D15: Ley 715 de 2001 en su Articulo 76.7 Los recursos se aplicara en planear, desarrollar progra-mas deportivos, actividades deportivas, construir, mantener, acondicionar los escenarios deportivos, teniendo encuenta tambien lo estipulado por la Ley 1176 de 2007 en su Articulo 21 (…) De los recursos de la Participacion de Proposito General, cada distrito y municipio destinara el 4% para el Deporte y la Recreacon.
A16: SGP CULTURA | B16: 164067230 | C16: CULTURA | D16: Ley 715 de 2001. En sus Articulo 76.8 Los recursos se destinan para el acceso, la innovacion, la creacion, la produccion artistica, para fortalecer los procesos de informacion, comunica-ción, formacion, investigacion, expresion cultural, apoyar la construccion, la dotacion, el mantenimiento de la infraestructura cultural, proteger el patrimonio, los bienes, los servi-cios, las instituciones culturales y apoyar el desarrollo de las redes cultu-rales, teniendo en cuenta la Ley 1176 de 2007 en su Articulo 21 (...) De los recursos de la Participacion de Proposito General, cada distrito y municipio destinara el 3% para Cultura.
A17: SGP PARTICIPACIÓN DE PROPÓSITO GENERAL - LIBRE INVERSION | B17: 2078184905 | C17: TODOS LOS SECTORES DEL PD | D17: Artículo 78 de la Ley 715 de 2001, modificado por el artículo 21 de la Ley 1176 de 2007. Según la Ley 1176 de 2007 con los recursos de Libre Inversion, se pueden cubrir el serviio a la deuda originados en el financiamiento de proyectos de inversion fisica; se pueden pig-norar los recursos de participacion de propositos generales para el desarrollo de proyec-tos de inversion y para cubrir la atencion de los grupos vulnerables de que trata el nume-ral 11 del articulo 76 de la Ley 715 de 2001; confinanciar los gastos que se requiera para realizar el acompañamiento a las familias en el desarrollo del programa de la superacion de la pobreza extrema.
... A37: RENDIMIENTOS FINANCIEROS ALUMBRADO PUBLICO | B37: 3000000 | C37: ALIMBRADO PUBLICO | D37: Artículo 338 Constitucional Politica de Colombia de 1991, admite la creación de rentas tributarias que por su naturaleza misma conllevan la característica de ser de destinación específica. Y reglamentada por los Articulos 177, 178, 179, 180 y 181 del Acuerdo 23 del 30 de Noviembre de 2016, del Municipio de Tocancipa.
A38: COMPARENDO AMBIENTAL | B38: 20000000
A39: RENDIMIENTOS FINANCIEROS COMPARENDO AMBIENTAL | B39: 100000
A40: CESIONES TIPO A | B40: 2000000000 | C40: INVERSIÓN COMPRA PREDIOS ACUERDO 015 DE 2012 | D40: Ley 388 de 1997, art. 37: (…) las cesiones gratuitas que los propietarios de inmuebles deben hacer con destino a vías locales, equipamientos colectivos y espacio público en general (…). Acuerdo Municipal No. 15 de 2012, art 1.
A41: RENDIMIENTOS FINANCIEROS CESIONES TIPO A | B41: 2000000 | C41: INVERSIÓN COMPRA PREDIOS ACUERDO 015 DE 2012 | D41: Ley 388 de 1997, art. 37: (…) las cesiones gratuitas que los propietarios de inmuebles deben hacer con destino a vías locales, equipamientos colectivos y espacio público en general (…). Acuerdo Municipal No. 15 de 2012, art 1.
A42: CONSUMO CIGARRILLO | B42: 26000000
A43: PLUSVALIA | B43: 2000000000 | C43: INVERSIÓN SEGÚN LEY 388/1997 | D43: Dec. M/pal No. 111 de 2008, art. 319, destinación: a)Terrenos proyectos VIS; b)Construcción o mejoramiento de Infraestructura vial, const. o mejor infraest. Servicios públicos domiciliarios; c)Áreas de recreación y equipamientos sociales; d)Adecuación de asentamientos urbanos en áreas de desarrollo incompleto o inadecuado; e)Proyectos y obras de recreación, parques y zonas verdes y expansión y recuperación de los centros de equipamientos que conforman la red del espacio público urbano; f)Infraestructura vial y sistemas de transporte masivo; g)programas de renovación urbana; h)indemnizaciones por adquisición de inmuebles para programas de renovación urbana; i)mejora, adecuación o restauración de bienes inmuebles catalogados como patrimonio cultural. Articulo 204 del Acuerdo numero 23 del 30 de noviembre de 2016, del Municipio de Tocancipa: destinación: a)Terrenos proyectos VIS; b)Construcción o mejoramiento de Infraestructura vial, const. o mejor infraest. Servicios públicos domiciliarios; c)Áreas de recreación y equipamientos sociales; d)Adecuación de asentamientos urbanos en áreas de desarrollo incompleto o inadecuado; e)Proyectos y obras de recreación, parques y zonas verdes y expansión y recuperación de los centros de equipamientos que conforman la red del espacio público urbano; f)Infraestructura vial y sistemas de transporte masivo; g)programas de renovación urbana; h)indemnizaciones por adquisición de inmuebles para programas de renovación urbana; i)mejora, adecuación o restauración de bienes inmuebles catalogados como patrimonio cultural.
A44: RENDIMIENTOS FINANCIEROS PLUSVALIA | B44: 2000000 | C44: INVERSIÓN SEGÚN LEY 388/1997 | D44: Dec. M/pal No. 111 de 2008, art. 319, destinación: a)Terrenos proyectos VIS; b)Construcción o mejoramiento de Infraestructura vial, const. o mejor infraest. Servicios públicos domiciliarios; c)Áreas de recreación y equipamientos sociales; d)Adecuación de asentamientos urbanos en áreas de desarrollo incompleto o inadecuado; e)Proyectos y obras de recreación, parques y zonas verdes y expansión y recuperación de los centros de equipamientos que conforman la red del espacio público urbano; f)Infraestructura vial y sistemas de transporte masivo; g)programas de renovación urbana; h)indemnizaciones por adquisición de inmuebles para programas de renovación urbana; i)mejora, adecuación o restauración de bienes inmuebles catalogados como patrimonio cultural. Articulo 204 del Acuerdo numero 23 del 30 de noviembre de 2016, del Municipio de Tocancipa: destinación: a)Terrenos proyectos VIS; b)Construcción o mejoramiento de Infraestructura vial, const. o mejor infraest. Servicios públicos domiciliarios; c)Áreas de recreación y equipamientos sociales; d)Adecuación de asentamientos urbanos en áreas de desarrollo incompleto o inadecuado; e)Proyectos y obras de recreación, parques y zonas verdes y expansión y recuperación de los centros de equipamientos que conforman la red del espacio público urbano; f)Infraestructura vial y sistemas de transporte masivo; g)programas de renovación urbana; h)indemnizaciones por adquisición de inmuebles para programas de renovación urbana; i)mejora, adecuación o restauración de bienes inmuebles catalogados como patrimonio cultural.
A45: FONDO DE SOLIDARIDAD SS PP | B45: 470000000 | C45: SUBSIDIOS ACUEDUCTO, ALCANTARILLADO Y ASEO | D45: Ley 142 de 1994 y decreto 1013 de 2005
A46: RENDIMIENTOS FINANCIEROS FONDO SOLIDARIDAD SERVICIOS PUBLICOS | B46: 80000000 | C46: SUBSIDIOS ACUEDUCTO, ALCANTARILLADO Y ASEO | D46: Ley 142 de 1994 y decreto 1013 de 2005
A47: SOBRETASA BOMBERIL | B47: 1300000000 | C47: FINANCIAR ACTIVIDAD BOMBERIL | D47: Según lo establecido en el paragrafo del Articulo 2º de la Ley 322 de 1996; los concejos municipales y distritales, a iniciativa del alcalde podrán establecer sobretasas o recargos a los impuestos de indus-tria y comercio, (...) o cualquier otro impuesto de ese nivel territorial, para financiar la actividad bomberil. De conformidad con el numeral 3. del Articulo 287 de 1991 de la Constitucion Politica de Colombia de 1991; las entidades territoriales gozan de autonomia para administrar los recursos y establecer los tributos necesarios para el cumpliento de sus fuciones. Reglamentado por el Articulo 94 del Acuerdo numero 23 de noviembre 30 de 2016 del Municipio de Tocancipa; el recaudo de la sobretasa en el porcentaje establecido en el presente acuerdo sera destinado al mantenimiento, dotacion, compra de equipo de rescate y nuevas maquinarias, como al desarrollo tegnologico en los campos de la prevencion, capacitacion, extincion e investigacion de incendios y eventos conexos que atienden el Cuerpo de Bomberos.
A48: RENDIMIENTOS FINANCIEROS SOBRETASA BOMBERIL | B48: 2000000 | C48: FINANCIAR ACTIVIDAD BOMBERIL | D48: Según lo establecido en el paragrafo del Articulo 2º de la Ley 322 de 1996; los concejos municipales y distritales, a iniciativa del alcalde podrán establecer sobretasas o recargos a los impuestos de indus-tria y comercio, (...) o cualquier otro impuesto de ese nivel territorial, para financiar la actividad bomberil. De conformidad con el numeral 3. del Articulo 287 de 1991 de la Constitucion Politica de Colombia de 1991; las entidades territoriales gozan de autonomia para administrar los recursos y establecer los tributos necesarios para el cumpliento de sus fuciones. Reglamentado por el Articulo 94 del Acuerdo numero 23 de noviembre 30 de 2016 del Municipio de Tocancipa; el recaudo de la sobretasa en el porcentaje establecido en el presente acuerdo sera destinado al mantenimiento, dotacion, compra de equipo de rescate y nuevas maquinarias, como al desarrollo tegnologico en los campos de la prevencion, capacitacion, extincion e investigacion de incendios y eventos conexos que atienden el Cuerpo de Bomberos.
A49: ESTAMPILLA ADULTO MAYOR 30% | B49: 630000000 | C49: ADULTO MAYOR | D49: Articulo 293 del Acuerdo 23 del 30 de noviembre de 2016
A50: ESTAMPILLA ADULTO MAYOR 70% | B50: 1470000000 | C50: ADULTO MAYOR | D50: Articulo 293 del Acuerdo 23 del 30 de noviembre de 2016
A51: RENDIMIENTOS FINANCIEROS ESTAMPILLA ADULTO MAYOR | B51: 2000000 | C51: ADULTO MAYOR | D51: Articulo 293 del Acuerdo 23 del 30 de noviembre de 2016
A52: CARGAS Y BENEFICIOS | B52: 2000000000
A53: OBLIGACIONES VIP | B53: 2000000000 | C53: VIVIENDA DE INTERES PRIORITARIO | D53: Artículo 46 de la Ley 1537 DE 2012 "Por la cual se dictan normas tendientes a facilitar y promover el desarrollo urbano y el acceso a la vivienda y se dictan otras disposiciones".
A54: RENDIMIENTOS FINANCIEROS FONDO DE VIVIENDA | B54: 5000000 | C54: VIVIENDA DE INTERES PRIORITARIO | D54: Artículo 46 de la Ley 1537 DE 2012 "Por la cual se dictan normas tendientes a facilitar y promover el desarrollo urbano y el acceso a la vivienda y se dictan otras disposiciones".
A55: ESTRATIFICACION SOCIO ECONOMICA | B55: 50000000
A56: RENDIMIENTOS FINANCIEROS ESTRATIFICACION | B56: 50000
A57: SALUD REGIMEN SUBSIDIADO | B57: 4316484651 | C57: AFILIACION REGIMEN SUBSIDIADO | D57: Ley 715 de 2001. Ley 1176 de 2007.
A58: RECURSOS COLJUEGOS 25% CSF | C58: AFILIACION REGIMEN SUBSIDIADO | D58: Ley 715 de 2001. Ley 1176 de 2007.
A59: RENDIMIENTOS FINANCIEROS OTROS GASTOS EN SALUD
A61: TOTAL RECURSOS PARA INVERSION | B61: =SUM(B6:B60) -> 74457140908
A62: RECURSOS PROPIOS DEL INSTITUTO DE RECREACIÓN Y DEPORTES
A63: TOTAL INVERSION | B63: =+B61+B62 -> 74457140908
A64: SERVICIO DE LA DEUDA | B64: #REF!
A65: TOTAL GASTOS | B65: #REF!
B102: 569605000
B104: 284802500

Sheet RESUMEN PPTO INVERSIÓN_2020
A1: MUNICIPIO DE TOCANCIPA
A2: PROYECTO DE PRESUPUESTO VIGENCIA 2020
A3: ANEXO PRESUPUESTO DE INVERSION POR SECTORES
A6: RUBRO | B6: CONCEPTO | C6: VALOR | D6: %
A7: TOTAL INVERSION | C7: =C18+C38+C25+C44 -> 7.4457141e+10 | E7: =C7-77787735212 -> -3.3305943e+09 | F7: =C7-'Proyectos 2020'!BV303 -> 0
A8: SOCIAL: Desarrollo Social con alta competitividad y proyección | B8: TOCANCIPA BIEN EDUCADA | C8: 1.4252516e+10
B9: SALUD CON ATENCIÓN DIGNA, PRIORITARIA Y DE CALIDAD | C9: 6028672657
B10: CULTURA DE TODOS Y PARA TODOS | C10: 6631067230
B11: DEPORTE Y RECREACIÓN PARA EL MEJORAMIENTO DE LA CALIDAD DE VIDA Y LA SANA CONVIVENCIA | C11: 2000000000
B12: ATENCIÓN INTEGRAL DEL ADULTO MAYOR | C12: 1852000000
B13: PRIMERA INFANCIA, INFANCIA, ADOLESCENCIA Y JUVENTUD CON DESARROLLO Y PROYECCIÓN | C13: 6328200000
B14: EMPODERAMIENTO E INCLUSIÓN DE GÉNERO Y POBLACIÓN LGTBI | C14: 1077000000
B15: VICTIMAS DEL CONFLICTO ARMADO Y POSTCONFLICTO | C15: 310100000
B16: REDUCCIÓN DE LA POBREZA EXTREMA | C16: 580000000
B17: CAPACIDADES DIFERENCIALES | C17: 1040000000
B18: SUBTOTAL | C18: =SUM(C8:C17) -> 4.0099556e+10 | D18: =IF(C7=0,"0",C18/C7) -> 0.5385589
A19: ECONÓMICO: Desarrollo Económico con alta competitividad y proyección | B19: EMPLEO DIGNO | C19: 70000000
B20: EMPRENDIMIENTO Y ASOCIATIVIDAD | C20: 150000000
B21: COMPETITIVIDAD Y DESARROLLO | C21: 40000000
B22: CIENCIA, TECNOLOGIA E INNOVACIÓN | C22: 340000000
B23: DESARROLLO AGROPECUARIO DE ALTA COMPETITIVIDAD | C23: 534300000
B24: DESARROLLO TURISTICO DE ALTA COMPETITIVIDAD | C24: 203000000
B25: SUBTOTAL | C25: =SUM(C19:C24) -> 1337300000 | D25: =IF(C7=0,"0",(C25/C7)) -> 0.017960668
A26: Infraestructura, Planeación, Ambiente y Servicios Públicos | B26: INFRAESTRUCTURAS INSTITUCIONALES Y COMUNITARIAS | C26: 9275220984
B27: PLAN VIAL, VIAS Y MOVILIDAD | C27: 2791000001
B28: ALUMBRADO PÚBLICO, ENERGÍA Y ENERGÍAS RENOVABLES, GAS, CONECTIVIDAD Y TELECOMUNICACIONES | C28: 2003000000
B29: ORDENAMIENTO, GESTIÓN DEL TERRITORIO Y PLANEACIÓN DEL DESARROLLO | C29: 1050050000
B30: VIVIENDA | C30: 2005000000
B31: TOCANCIPA SE PREPARA PARA EL CAMBIO CLIMÁTICO | C31: 62000000
B32: AGUA | C32: 1272100000
B33: FLORA, FAUNA, SUELO, MINERÍA Y GESTIÓN DE RESIDUOS SÓLIDOS | C33: 118000000
B34: AIRE, RUIDO Y CONTAMINACIÓN VISUAL | C34: 55000000
B35: SIGAM, PRAES, PIGA Y PROCEDAS | C35: 77000000
B36: SENTENCIA DEL RÍO BOGOTÁ | C36: 100000000
B37: ACUEDUCTO, ALCANTARILLADO Y ASEO | C37: 1874169158
B38: SUBTOTAL | C38: =SUM(C26:C37) -> 20682540143 | D38: =IF(C7=0,"0",C38/C7) -> 0.27777779
A39: Seguridad y Justicia, La Integración Comunitaria y la Administración Pública son con la Gente y por la Gente | B39: SEGURIDAD Y JUSTICIA | C39: 6303808000
B40: TOCANCIPA GESTIONA SUS RIESGOS | C40: 1818937142
B41: DESARROLLO COMUNITARIO | C41: 350000000
B42: FORTALECIMIENTO Y EQUIPAMIENTO INSTITUCIONAL Y SISTEMA DE GESTIÓN Y CONTROL | C42: 3365000000
B43: ESTRATEGIAS, TRIBUTACIÓN Y FINANCIAMIENTO DEL PDM | C43: 500000000
B44: SUBTOTAL | C44: =SUM(C39:C43) -> 12337745142 | D44: =IF(C7=0,"0",C44/C7) -> 0.16570264
A47: Preparo: Jairo Augsuto Merchan Quintana
A48: Secretario de Hacienda

Sheet PRESUPUESTO
A2: RUBRO | B2: CONCEPTO | C2: FUENTE | D2: VALOR
A3: 24 | B3: INVERSION | D3: =D4+D117+D145+D225 -> 77787735212 | F3: =D3-77787735212 -> 0
A4: 2401 | B4: SOCIAL: Desarrollo Social con alta competitividad y proyección | D4: =D5+D34+D59+D69+D85+D89+D95+D100+D108+D112 -> 29576483193
A5: 240101 | B5: TOCANCIPA BIEN EDUCADA | D5: =SUM(D6:D33) -> 12651784772
B6: implementar acciones para mejorar los resultados de las Pruebas Saber 3°, 5°, 7°, 9° y 11 | C6: 001 | D6: 142000000
B7: Mantener la cobertura del servicio de transporte escolar | C7: 001 | D7: 1193200000
B8: Mantener la cobertura del servicio de transporte escolar | C8: 010 | D8: =700000000+206800000 -> 906800000
B9: Implementar semilleros de investigación en tecnología e innovación | C9: 001 | D9: 38500000
B10: Mantener las Dotaciones de las I.E.D en Infraestructura Educativa y en Material y Medios Pedagógicos para el Aprendizaje | C10: 011 | D10: 450766192
B11: Mantener las Dotaciones de las I.E.D en Infraestructura Educativa y en Material y Medios Pedagógicos para el Aprendizaje | C11: 402 | D11: 5150000
B12: Realizar procesos de apoyo y acompañamiento a las Instituciones Educativas Oficiales en su operación institucional | C12: 001 | D12: 196272000
B13: Realizar procesos de apoyo y acompañamiento a las Instituciones Educativas Oficiales en su operación institucional | C13: 055 | D13: 686534160
B14: Realizar acciones para fortalecer la estrategia de complementación alimentaria y nutricional de calidad (refrigerios y restaurante escolar) para la población a la luz de criterios del Plan de Seguridad Alimentaria y Nutricional Departamental -PSAIN | C14: 001 | D14: =2786057321-1500000000-300000000 -> 986057321
B15: Realizar acciones para fortalecer la estrategia de complementación alimentaria y nutricional de calidad (refrigerios y restaurante escolar) para la población a la luz de criterios del Plan de Seguridad Alimentaria y Nutricional Departamental -PSAIN | C15: 401 | D15: 500000000
B16: Realizar acciones para fortalecer la estrategia de complementación alimentaria y nutricional de calidad (refrigerios y restaurante escolar) para la población a la luz de criterios del Plan de Seguridad Alimentaria y Nutricional Departamental -PSAIN | C16: 013 | D16: 116072730
B17: Realizar acciones para fortalecer la estrategia de complementación alimentaria y nutricional de calidad (refrigerios y restaurante escolar) para la población a la luz de criterios del Plan de Seguridad Alimentaria y Nutricional Departamental -PSAIN | C17: 426 | D17: 309000
B18: Realizar acciones para fortalecer la estrategia de complementación alimentaria y nutricional de calidad (refrigerios y restaurante escolar) para la población a la luz de criterios del Plan de Seguridad Alimentaria y Nutricional Departamental -PSAIN | C18: 010 | D18: 598408519
B19: Implementar una estrategia de “reconocimiento labor docente” | C19: 001 | D19: 35000000
B20: Mantener y fortalecer los ambientes digitales | C20: 001 | D20: 678000000
B21: Otorgar estímulos a las IED para que logren alta calidad educativa | C21: 001 | D21: 142000000
B22: Implementar procesos de apoyo para la permanencia y cobertura educativa en la población desescolarizada | C22: 001 | D22: 60171100
B23: Mantener el acceso a la educación de la población en condiciones de vulnerabilidad que demande el servicio | C23: 001 | D23: 68719200
B24: Garantizar los servicios de aseo y vigilancia en las I.E.D | C24: 001 | D24: 1634140000
B25: Garantizar los servicios de aseo y vigilancia en las I.E.D | C25: 401 | D25: 500000000
B26: Realizar acciones en para la orientación ocupacional y vocacional para los estudiantes de grado 11 de las IED | C26: 001 | D26: 65500000
... B33: Realizar acciones administrativas para promover el acceso a la educación técnica, tecnológica y profesional para egresados del Municipio | C33: 001 | D33: 56133000
B34: SALUD CON ATENCIÓN DIGNA, PRIORITARIA Y DE CALIDAD | D34: =SUM(D35:D58) -> 5293977154
B35: Dotación del Hospital Municipal de Tocancipá. | C35: 001 | D35: 31000000
B36: Puesta en funcionamiento del Hospital Municipal Nuestra Señora de Tránsito | C36: 001 | D36: 20000000
B37: Garantizar el aseguramiento, a la población Tocancipeña en condición de vulnerabilidad, al Sistema General de Seguridad Social en Salud SGSS | C37: 030 | D37: 565688964
B38: Garantizar el aseguramiento, a la población Tocancipeña en condición de vulnerabilidad, al Sistema General de Seguridad Social en Salud SGSS | C38: 046 | D38: 1313532126
B39: Garantizar el aseguramiento, a la población Tocancipeña en condición de vulnerabilidad, al Sistema General de Seguridad Social en Salud SGSS | C39: 047 | D39: 1033702383
B40: Garantizar el aseguramiento, a la población Tocancipeña en condición de vulnerabilidad, al Sistema General de Seguridad Social en Salud SGSS | C40: 060 | D40: 539000000
B41: Garantizar el aseguramiento, a la población Tocancipeña en condición de vulnerabilidad, al Sistema General de Seguridad Social en Salud SGSS | C41: 063 | D41: 175589551
B42: Garantizar el aseguramiento, a la población Tocancipeña en condición de vulnerabilidad, al Sistema General de Seguridad Social en Salud SGSS | C42: 072 | D42: 12418370
B43: Mantener el programa de seguimiento y auditoria al aseguramiento y a la prestación de servicios de salud | C43: 001 | D43: 42000000
B44: Implementar los componentes priorizados de la dimensión salud ambiental | C44: 001 | D44: 85000000
B45: Implementar los componentes priorizados de la dimensión vida saludable y condiciones no transmisibles | C45: 001 | D45: 129000000
B46: Implementar los componentes priorizados de la dimensión convivencia social y salud mental | C46: 001 | D46: 380000000
... B58: OTROS RECURSOS EN SALUD | C58: 419 | D58: 2060000
B59: CULTURA DE TODOS Y PARA TODOS | D59: =SUM(D60:D68) -> 3624957115
B60: Ampliar la participación intermunicipal en el Festival de la Colombianidad, como parte de la tradición e identidad pluricultural | C60: 001 | D60: 932457115
B61: Ampliar los Eventos Culturales y Artísticos. | C61: 001 | D61: 100000000
B62: Fortalecer los y programas culturales y artísticos | C62: 001 | D62: 1195692885
B63: Fortalecer los y programas culturales y artísticos | C63: 401 | D63: 500000000
B64: Fortalecer los y programas culturales y artísticos | C64: 044 | D64: 141747115
B65: Fortalecer los y programas culturales y artísticos | C65: 007 | D65: =515000000*60%+51500000 -> 360500000
B66: Fortalecer los y programas culturales y artísticos | C66: 427 | D66: 2060000
B67: Fortalecer los procesos y servicios bibliotecológicos | C67: 001 | D67: 341000000
B68: Fortalecer los procesos y servicios bibliotecológicos | C68: 007 | D68: =515000000*10% -> 51500000
B69: DEPORTE Y RECREACIÓN PARA EL MEJORAMIENTO DE LA CALIDAD DE VIDA Y LA SANA CONVIVENCIA | D69: =SUM(D70:D84) -> 2075101152
B70: Crear nuevas escuelas de formación deportiva | C70: 001 | D70: 739000000
B71: Crear nuevas escuelas de formación deportiva | C71: 045 | D71: 188996152
B72: Crear nuevas escuelas de formación deportiva | C72: 036 | D72: 51500000
B73: Crear nuevas escuelas de formación deportiva | C73: 415 | D73: 1030000 | F73: 2575000
B74: Crear nuevas escuelas de formación deportiva | C74: 053 | D74: 2575000
B75: Aumentar la descentralización de escuelas de formación deportiva | C75: 001 | D75: 126000000
B76: Implementar el Programa de Centros de Iniciación Deportiva en el Municipio | C76: 001 | D76: 48000000
B77: Ampliar la Descentralización del programa Estimulación Temprana a las veredas y sectores del municipio | C77: 001 | D77: 42000000
B78: Aumentar la cobertura del Programa de Lúdica Recreativa en las IED | C78: 001 | D78: 74000000
B79: Ampliar las Actividades del programa de actividad física y hábitos saludables | C79: 001 | D79: 55000000
B80: Ampliar los eventos recreodeportivos organizados por el Municipio | C80: 001 | D80: 240000000
B81: Ampliar la Participación en eventos deportivos de nivel municipal, zonal, departamental, nacional e internacional | C81: 001 | D81: =350000000-60000000-100000000-40000000 -> 150000000
B82: Ampliar la Participación en eventos deportivos de nivel municipal, zonal, departamental, nacional e internacional | C82: 401 | D82: 100000000
B83: Mejorar la infraestructura de los escenarios deportivos y recreodeportivos del Municipio (55 Escenarios) | C83: 001 | D83: 162000000
B84: Mantener el programa de incentivos y/o reconocimientos a deportistas destacados del municipio | C84: 001 | D84: 95000000
B85: ATENCIÓN INTEGRAL DEL ADULTO MAYOR | D85: =SUM(D86:D88) -> 1201060000
B86: Mantener el funcionamiento del centro de atención a adulto mayor | C86: 064 | D86: =824000000-140000000 -> 684000000
B87: Ampliar la Realización de eventos socioculturales y recreativos que beneficien al adulto mayor | C87: 065 | D87: 515000000
B88: Ampliar la Realización de eventos socioculturales y recreativos que beneficien al adulto mayor | C88: 424 | D88: 2060000
B89: PRIMERA INFANCIA, INFANCIA, ADOLESCENCIA Y JUVENTUD CON DESARROLLO Y PROYECCIÓN | D89: =SUM(D90:D94) -> 2700103000
B90: Mantener el programa dirigido Jóvenes de Tocancipá | C90: 001 | D90: 180000000
B91: Mantener el Programa Clubes de Orientación de Tareas | C91: 001 | D91: 620000000
B92: Ampliar la cobertura del Programa de Hogares Comunitarios y operación de mega jardines para la Primera Infancia | C92: 001 | D92: 1700000000
B93: Ampliar la cobertura del Programa de Hogares Comunitarios y operación de mega jardines para la Primera Infancia | C93: 401 | D93: 200000000
B94: Ampliar la cobertura del Programa de Hogares Comunitarios y operación de mega jardines para la Primera Infancia | C94: 033 | D94: 103000
B95: EMPODERAMIENTO E INCLUSIÓN DE GÉNERO Y POBLACIÓN LGTBI | D95: =SUM(D96:D99) -> 350000000
B96: Formular e implementar de la Política Pública de Mujer y Género | C96: 001 | D96: 50000000
B97: Mantener el número de eventos sicosociales y culturales dirigidos a la mujer Tocancipeña | C97: 001 | D97: 200000000
B98: Apoyo a programas para la mujer | C98: 001 | D98: 50000000
B99: Formular el Programa de inclusión y empoderamiento de la población LGBTI en el desarrollo social, económico, cultural y político del Municipio | C99: 001 | D99: 50000000
B100: VICTIMAS DEL CONFLICTO ARMADO Y POSTCONFLICTO | D100: =SUM(D101:D107) -> 469500000
B101: Formular el Plan de Acción Territorial para las Víctimas del Conflicto Armado -PAT- (Transversal con todas la Secretarías) | C101: 001 | D101: 400000000
B102: Realizar un Convenio para la entrega de ayudas humanitarias y auxilios fúnebres | C102: 001 | D102: 10000000
B103: Subsidiar los procesos de retorno y reubicaciones avalados por la Unidad de Atención y Reparación a las Victimas -UARIV- | C103: 001 | D103: 5000000
B104: Mantener el Plan de Trabajo de la Mesa Municipal de Victimas. | C104: 001 | D104: 8000000
B105: Mantener la realización de actos y/o eventos simbólicos para la reparación simbólica a las victimas | C105: 001 | D105: 40000000
B106: Atender oportunamente las órdenes Judiciales emitidas por los Jueces y Magistrados especializados de Restitución de Tierras y Territorios | C106: 001 | D106: 500000
B107: Implementar un programa para la Atención de la población del postconflicto y Reinsertados. | C107: 001 | D107: 6000000
B108: REDUCCIÓN DE LA POBREZA EXTREMA | D108: =SUM(D109:D111) -> 270000000
B109: Atender a las familias en Pobreza Extrema, identificadas en Red Unidos | C109: 001 | D109: 10000000
B110: Mantener del programa de Banco de alimentos | C110: 001 | D110: 190000000
B111: Mantener el programa Más familias en Acción, en cofinanciación con el Departamento para la Prosperidad Social DPS | C111: 001 | D111: 70000000
B112: CAPACIDADES DIFERENCIALES | D112: =SUM(D113:D116) -> 940000000
B113: Implementar el Programa Centro Competitivo de Desarrollo Social para la Población en condición de Discapacidad y/o necesidades educativas especiales | C113: 001 | D113: =430000000-100000000 -> 330000000
B114: Implementar el Programa Centro Competitivo de Desarrollo Social para la Población en condición de Discapacidad y/o necesidades educativas especiales | C114: 401 | D114: 100000000
B115: Mantener la ejecución del programa "Amigos sin fronteras" | C115: 001 | D115: =610000000-100000000-100000000 -> 410000000
B116: Mantener la ejecución del programa "Amigos sin fronteras" | C116: 401 | D116: 100000000
A117: 2402 | B117: ECONÓMICO: Desarrollo Económico con alta competitividad y proyección | D117: =D118+D123+D126+D128+D131+D140 -> 735857500
B118: EMPLEO DIGNO | D118: =SUM(D119:D122) -> 124000000
...

Sheet TECHOS PRESUPUESTALES 2019
A1: PROYECTO DE PRESUPUESTO 2019 TOCANCIPA
A2: TECHOS PRESUPUESTALES POR FUENTE DE FINANCIACION
C3: TOTAL | D3: ICLD | E3: PORCENTAJE AMBIENTAL CAR | F3: SGP EDUCACION CALIDAD | G3: SGP GRATUIDAD | H3: SGP ALIMENTACION ESCOLAR | I3: SGP SALUD PUBLICA | J3: SGP DEPORTE | K3: SGP CULTURA | L3: SGP PROPOSITO GENERAL | M3: SGP AGUA POTABLE | N3: ESTAMPILLA PROCULTURA 100% | O3: SOBRETASA A LA GASOLINA | P3: FONDO DE SEGURIDAD | Q3: RECURSOS LEY 99 DE 1993 | R3: TRANSPORTE OLEODUCTOS | S3: FONDO ASISTENCIA TECNICA RURAL | T3: FONDO DE ACTIVIDADES LUDICAS | U3: ESTAMPILLA MIGUEL DE IBARRA | V3: ALUMBRADO PUBLICO | W3: COMPARENDO AMBIENTAL | X3: CESIONES TIPO A | Y3: CONSUMO CIGARRILLO | Z3: PLUSVALIA | AA3: FONDO DE SOLIDARIDAD SS PP | AB3: SOBRETASA BOMBERIL | AC3: ESTAMPILLA ADULTO MAYOR 30% | AD3: ESTAMPILLA ADULTO MAYOR 70% | AE3: CARGAS Y BENEFICIOS | AF3: OBLIGACIONES VIP | AG3: ESTRATIFICACION SOCIO ECONOMICA | AH3: SALUD REGIMEN SUBSIDIADO | AJ3: RESUMEN
B4: TOTAL PRESUPUESTO | C4: =C9+C10 -> 1.1160019e+11 | D4: =D9+D10 -> 7.8922778e+10 | E4: =E9+E10 -> 4635000000 | F4: =F9+F10 -> 455916192 | G4: =G9+G10 -> 686534160 | H4: =H9+H10 -> 116381730 | I4: =I9+I10 -> 313585511 | J4: =J9+J10 -> 188996152 | ... AH4: =AH9+AH10 -> 3875234869 | AJ4: CONCEPTO | AK4: SUBTOTAL | AL4: CAR | AM4: TOTAL
B5: FUNCIONAMIENTO DESPACHO | C5: =E5+D5 -> 28933458000 | D5: ='[1]EJECUCION HISTORICO'!J240+'[1]EJECUCION HISTORICO'!J215+'[1]EJECUCION HISTORICO'!J124-4635000000 -> 24298458000 | E5: 4635000000 | AJ5: FUNCIONAMIENTO | AK5: 2.7822454e+10 | AL5: 4635000000 | AM5: 3.2457454e+10 | AN5: =AM5/$AM$8 -> 0.29083691
B6: CONCEJO | C6: =E6+D6 -> 1.8339955e+09 | D6: ='[1]EJECUCION HISTORICO'!J7 -> 1.8339955e+09 | AJ6: DEUDA | AK6: 8.0319514e+09 | AM6: 8.0319514e+09 | AN6: =AM6/$AM$8 -> 0.071970771
B7: PERSONERIA | C7: =E7+D7 -> 1690000000 | D7: ='[1]EJECUCION HISTORICO'!J67 -> 1690000000 | AJ7: INVERSION | AK7: 71110780465 | AM7: 71110780465 | AN7: =AM7/$AM$8 -> 0.63719232
B8: SERVICIO A LA DEUDA | C8: =E8+D8 -> 8.0319514e+09 | D8: ='[1]EJECUCION HISTORICO'!J265 -> 8.0319514e+09 | AJ8: TOTAL | AK8: 1.0696519e+11 | AL8: 4635000000 | AM8: 1.1160019e+11 | AN8: =AM8/$AM$8 -> 1
B9: SUBTOTAL | C9: =SUM(C5:C8) -> 4.0489405e+10 | D9: =SUM(D5:D8) -> 3.5854405e+10 | E9: =SUM(E5:E8) -> 4635000000
A10: 24 | B10: INVERSION | C10: 7.111078e+10 | D10: 43068372968 | E10: 0 | F10: 455916192 | G10: 686534160 | H10: 116381730 | I10: 313585511 | J10: 188996152 | K10: 141747115 | L10: 1798408519 | M10: 9.1089875e+08 | N10: 517060000 | O10: 1551180000 | P10: 2492600000 | Q10: 207545000 | R10: 73130000 | S10: 18746000 | T10: 206000 | U10: 52530000 | V10: 281190000 | W10: 2111500 | X10: 5152060000 | Y10: 2575000 | Z10: 2070300000 | AA10: 370800000 | AB10: 1246300000 | AC10: 517060000 | AD10: 824000000 | AE10: 2060000000 | AF10: 2060000000 | AG10: 55311000 | AH10: 3875234869
A11: 2401 | B11: DESARROLLO SOCIAL CON ALTA COMPETITIVIDAD Y PROYECCION | C11: 25955664109 | D11: 17063837380 | E11: 0 | F11: 455916192 | G11: 686534160 | H11: 116381730 | I11: 313585511 | J11: 188996152 | K11: 141747115 | L11: 1200000000 | M11: 0 | N11: 517060000 | O11: 0 | P11: 0 | Q11: 0 | R11: 0 | S11: 0 | T11: 206000 | U11: 52530000 | V11: 0 | W11: 0 | X11: 0 | Y11: 2575000 | Z11: 0 | AA11: 0 | AB11: 0 | AC11: 517060000 | AD11: 824000000 | AE11: 0 | AF11: 0 | AG11: 0 | AH11: 3875234869
A12: 240101 | B12: TOCANCIPA BIEN EDUCADA | C12: 12181696436 | D12: 10222864354 | E12: 0 | F12: 455916192 | G12: 686534160 | H12: 116381730 | I12: 0 | J12: 0 | K12: 0 | L12: =700000000+598408519 -> 1298408519 | M12: 0 | N12: 0 | O12: 0 | P12: 0 | Q12: 0 | R12: 0 | S12: 0 | T12: 0 | U12: 0 | V12: 0 | W12: 0 | X12: 0 | Y12: 0 | Z12: 0 | AA12: 0 | AB12: 0 | AC12: 0 | AD12: 0 | AE12: 0 | AF12: 0 | AG12: 0 | AH12: 0
A13: 240102 | B13: SALUD CON ATENCION DIGNA PRIORITARIA Y DE CALIDAD | C13: 4588820380 | D13: 400000000 | E13: 0 | F13: 0 | G13: 0 | H13: 0 | I13: 313585511 | J13: 0 | K13: 0 | L13: 0 | M13: 0 | N13: 0 | O13: 0 | P13: 0 | Q13: 0 | R13: 0 | S13: 0 | T13: 0 | U13: 0 | V13: 0 | W13: 0 | X13: 0 | Y13: 0 | Z13: 0 | AA13: 0 | AB13: 0 | AC13: 0 | AD13: 0 | AE13: 0 | AF13: 0 | AG13: 0 | AH13: 3875234869
A14: 240103 | B14: CULTURA DE TODOS Y PARA TODOS | C14: 4716833792 | D14: 3558026677 | E14: 0 | F14: 0 | G14: 0 | H14: 0 | I14: 0 | J14: 0 | K14: 141747115 | L14: 500000000 | M14: 0 | N14: 517060000 | O14: 0 | P14: 0 | Q14: 0 | R14: 0 | S14: 0 | T14: 0 | U14: 0 | V14: 0 | W14: 0 | X14: 0 | Y14: 0 | Z14: 0 | AA14: 0 | AB14: 0 | AC14: 0 | AD14: 0 | AE14: 0 | AF14: 0 | AG14: 0 | AH14: 0
A15: 240104 | B15: DEPORTE Y RECREACIÓN PARA EL MEJORAMIENTO DE LA CALIDAD DE VIDA Y LA SANA CONVIVENCIA | C15: 644101152 | D15: 400000000 | E15: 0 | F15: 0 | G15: 0 | H15: 0 | I15: 0 | J15: 188996152 | K15: 0 | L15: 0 | M15: 0 | N15: 0 | O15: 0 | P15: 0 | Q15: 0 | R15: 0 | S15: 0 | T15: 0 | U15: 52530000 | V15: 0 | W15: 0 | X15: 0 | Y15: 2575000 | Z15: 0 | AA15: 0 | AB15: 0 | AC15: 0 | AD15: 0 | AE15: 0 | AF15: 0 | AG15: 0 | AH15: 0
A16: 240105 | B16: ATENCIÓN INTEGRAL DEL ADULTO MAYOR | C16: 1341060000 | D16: 0 | E16: 0 | F16: 0 | G16: 0 | H16: 0 | I16: 0 | J16: 0 | K16: 0 | L16: 0 | M16: 0 | N16: 0 | O16: 0 | P16: 0 | Q16: 0 | R16: 0 | S16: 0 | T16: 0 | U16: 0 | V16: 0 | W16: 0 | X16: 0 | Y16: 0 | Z16: 0 | AA16: 0 | AB16: 0 | AC16: 517060000 | AD16: 824000000 | AE16: 0 | AF16: 0 | AG16: 0 | AH16: 0
A17: 240106 | B17: PRIMERA INFANCIA, INFANCIA, ADOLESCENCIA Y JUVENTUD CON DESARROLLO Y PROYECCIÓN | C17: 1897702349 | D17: 1897496349 | E17: 0 | F17: 0 | G17: 0 | H17: 0 | I17: 0 | J17: 0 | K17: 0 | L17: 0 | M17: 0 | N17: 0 | O17: 0 | P17: 0 | Q17: 0 | R17: 0 | S17: 0 | T17: 206000 | U17: 0 | V17: 0 | W17: 0 | X17: 0 | Y17: 0 | Z17: 0 | AA17: 0 | AB17: 0 | AC17: 0 | AD17: 0 | AE17: 0 | AF17: 0 | AG17: 0 | AH17: 0
A18: 240107 | B18: EMPODERAMIENTO E INCLUSIÓN DE GÉNERO Y POBLACIÓN LGTBI | C18: 130000000 | D18: 130000000 | E18: 0 | F18: 0 | G18: 0 | H18: 0 | I18: 0 | J18: 0 | K18: 0 | L18: 0 | M18: 0 | N18: 0 | O18: 0 | P18: 0 | Q18: 0 | R18: 0 | S18: 0 | T18: 0 | U18: 0 | V18: 0 | W18: 0 | X18: 0 | Y18: 0 | Z18: 0 | AA18: 0 | AB18: 0 | AC18: 0 | AD18: 0 | AE18: 0 | AF18: 0 | AG18: 0 | AH18: 0
A19: 240108 | B19: VICTIMAS DEL CONFLICTO ARMADO Y POSTCONFLICTO | C19: 50000000 | D19: 50000000 | E19: 0 | F19: 0 | G19: 0 | H19: 0 | I19: 0 | J19: 0 | K19: 0 | L19: 0 | M19: 0 | N19: 0 | O19: 0 | P19: 0 | Q19: 0 | R19: 0 | S19: 0 | T19: 0 | U19: 0 | V19: 0 | W19: 0 | X19: 0 | Y19: 0 | Z19: 0 | AA19: 0 | AB19: 0 | AC19: 0 | AD19: 0 | AE19: 0 | AF19: 0 | AG19: 0 | AH19: 0
A20: 240109 | B20: REDUCCIÓN DE LA POBREZA EXTREMA | C20: 178150000 | D20: 178150000 | E20: 0 | F20: 0 | G20: 0 | H20: 0 | I20: 0 | J20: 0 | K20: 0 | L20: 0 | M20: 0 | N20: 0 | O20: 0 | P20: 0 | Q20: 0 | R20: 0 | S20: 0 | T20: 0 | U20: 0 | V20: 0 | W20: 0 | X20: 0 | Y20: 0 | Z20: 0 | AA20: 0 | AB20: 0 | AC20: 0 | AD20: 0 | AE20: 0 | AF20: 0 | AG20: 0 | AH20: 0
A21: 240110 | B21: CAPACIDADES DIFERENCIALES | C21: 227300000 | D21: 227300000 | E21: 0 | F21: 0 | G21: 0 | H21: 0 | I21: 0 | J21: 0 | K21: 0 | L21: 0 | M21: 0 | N21: 0 | O21: 0 | P21: 0 | Q21: 0 | R21: 0 | S21: 0 | T21: 0 | U21: 0 | V21: 0 | W21: 0 | X21: 0 | Y21: 0 | Z21: 0 | AA21: 0 | AB21: 0 | AC21: 0 | AD21: 0 | AE21: 0 | AF21: 0 | AG21: 0 | AH21: 0
A22: 2402 | B22: DESARROLLO ECONOMICO CON ALTA COMPETITIVIDAD Y PROYECCION | C22: 1236255908 | D22: 1217509908 | E22: 0 | F22: 0 | G22: 0 | H22: 0 | I22: 0 | J22: 0 | K22: 0 | L22: 0 | M22: 0 | N22: 0 | O22: 0 | P22: 0 | Q22: 0 | R22: 0 | S22: 18746000 | T22: 0 | U22: 0 | V22: 0 | W22: 0 | X22: 0 | Y22: 0 | Z22: 0 | AA22: 0 | AB22: 0 | AC22: 0 | AD22: 0 | AE22: 0 | AF22: 0 | AG22: 0 | AH22: 0
A23: 240201 | B23: EMPLEO DIGNO | C23: 51700000 | D23: 51700000 | E23: 0 | F23: 0 | G23: 0 | H23: 0 | I23: 0 | J23: 0 | K23: 0 | L23: 0 | M23: 0 | N23: 0 | O23: 0 | P23: 0 | Q23: 0 | R23: 0 | S23: 0 | T23: 0 | U23: 0 | V23: 0 | W23: 0 | X23: 0 | Y23: 0 | Z23: 0 | AA23: 0 | AB23: 0 | AC23: 0 | AD23: 0 | AE23: 0 | AF23: 0 | AG23: 0 | AH23: 0
A24: 240202 | B24: EMPRENDIMIENTO Y ASOCIATIVIDAD | C24: 50000000 | D24: 50000000 | E24: 0 | F24: 0 | G24: 0 | H24: 0 | I24: 0 | J24: 0 | K24: 0 | L24: 0 | M24: 0 | N24: 0 | O24: 0 | P24: 0 | Q24: 0 | R24: 0 | S24: 0 | T24: 0 | U24: 0 | V24: 0 | W24: 0 | X24: 0 | Y24: 0 | Z24: 0 | AA24: 0 | AB24: 0 | AC24: 0 | AD24: 0 | AE24: 0 | AF24: 0 | AG24: 0 | AH24: 0
... A30: 240301 | B30: INFRAESTRUCTURAS INSTITUCIONALES Y COMUNITARIAS | C30: 13548360000 | D30: 4266000000 | E30: 0 | F30: 0 | G30: 0 | H30: 0 | I30: 0 | J30: 0 | K30: 0 | L30: 0 | M30: 0 | N30: 0 | O30: 0 | P30: 0 | Q30: 0 | R30: 0 | S30: 0 | T30: 0 | U30: 0 | V30: 0 | W30: 0 | X30: 5152060000 | Y30: 0 | Z30: 2070300000 | AA30: 0 | AB30: 0 | AC30: 0 | AD30: 0 | AE30: 2060000000 | AF30: 0 | AG30: 0 | AH30: 0
B31: VIGENCIAS FUTURAS INFRAESTRUCTURAS INSTITUCIONALES Y COMUNITARIAS | C31: 4266000000 | D31: 4266000000 | E31: 0 | F31: 0 | G31: 0 | H31: 0 | I31: 0 | J31: 0 | K31: 0 | L31: 0 | M31: 0 | N31: 0 | O31: 0 | P31: 0 | Q31: 0 | R31: 0 | S31: 0 | T31: 0 | U31: 0 | V31: 0 | W31: 0 | X31: 0 | Y31: 0 | Z31: 0 | AA31: 0 | AB31: 0 | AC31: 0 | AD31: 0 | AE31: 0 | AF31: 0 | AG31: 0 | AH31: 0
B32: Vigencias futuras infraestrusturas institucionales | C32: 4266000000 | D32: 4266000000
A33: 240302 | B33: PLAN VIAL, VIAS Y MOVILIDAD | C33: 17763537600 | D33: 16212357600 | E33: 0 | F33: 0 | G33: 0 | H33: 0 | I33: 0 | J33: 0 | K33: 0 | L33: 0 | M33: 0 | N33: 0 | O33: 1551180000 | P33: 0 | Q33: 0 | R33: 0 | S33: 0 | T33: 0 | U33: 0 | V33: 0 | W33: 0 | X33: 0 | Y33: 0 | Z33: 0 | AA33: 0 | AB33: 0 | AC33: 0 | AD33: 0 | AE33: 0 | AF33: 0 | AG33: 0 | AH33: 0
A34: 24030201 | B34: INFRAESTRUCTURA DE VIAS | C34: 0 | D34: 0 | E34: 0 | F34: 0 | G34: 0 | H34: 0 | I34: 0 | J34: 0 | K34: 0 | L34: 0 | M34: 0 | N34: 0 | O34: 0 | P34: 0 | Q34: 0 | R34: 0 | S34: 0 | T34: 0 | U34: 0 | V34: 0 | W34: 0 | X34: 0 | Y34: 0 | Z34: 0 | AA34: 0 | AB34: 0 | AC34: 0 | AD34: 0 | AE34: 0 | AF34: 0 | AG34: 0 | AH34: 0
A35: 24030203 | B35: VIGENCIAS FUTURAS PLAN VIAL, VIAS Y MOBILIDAD | C35: 17763537600 | D35: 16212357600 | E35: 0 | F35: 0 | G35: 0 | H35: 0 | I35: 0 | J35: 0 | K35: 0 | L35: 0 | M35: 0 | N35: 0 | O35: 1551180000 | P35: 0 | Q35: 0 | R35: 0 | S35: 0 | T35: 0 | U35: 0 | V35: 0 | W35: 0 | X35: 0 | Y35: 0 | Z35: 0 | AA35: 0 | AB35: 0 | AC35: 0 | AD35: 0 | AE35: 0 | AF35: 0 | AG35: 0 | AH35: 0
A36: 2403020301051 | B36: Construcción vias y alamedas / Plusvalía | C36: 17763537600 | D36: 16212357600 | O36: 1551180000
A37: 240303 | B37: ALUMBRADO PÚBLICO, ENERGÍA Y ENERGÍAS RENOVABLES, GAS, CONECTIVIDAD Y TELECOMUNICACIONES | C37: 1296791432 | D37: 1015601432 | F37: 0 | G37: 0 | H37: 0 | I37: 0 | J37: 0 | K37: 0 | L37: 0 | M37: 0 | N37: 0 | O37: 0 | P37: 0 | Q37: 0 | R37: 0 | S37: 0 | T37: 0 | U37: 0 | V37: 281190000 | W37: 0 | X37: 0 | Y37: 0 | Z37: 0 | AA37: 0 | AB37: 0 | AC37: 0 | AD37: 0 | AE37: 0 | AF37: 0 | AG37: 0 | AH37: 0
A38: 240304 | B38: ORDENAMIENTO, GESTIÓN DEL TERRITORIO Y PLANEACIÓN DEL DESARROLLO | C38: 325765478 | D38: 270454478 | E38: 0 | F38: 0 | G38: 0 | H38: 0 | I38: 0 | J38: 0 | K38: 0 | L38: 0 | M38: 0 | N38: 0 | O38: 0 | P38: 0 | Q38: 0 | R38: 0 | S38: 0 | T38: 0 | U38: 0 | V38: 0 | W38: 0 | X38: 0 | Y38: 0 | Z38: 0 | AA38: 0 | AB38: 0 | AC38: 0 | AD38: 0 | AE38: 0 | AF38: 0 | AG38: 55311000 | AH38: 0
A39: 240305 | B39: VIVIENDA | C39: 2060000000 | D39: 0 | E39: 0 | F39: 0 | G39: 0 | H39: 0 | I39: 0 | J39: 0 | K39: 0 | L39: 0 | M39: 0 | N39: 0 | O39: 0 | P39: 0 | Q39: 0 | R39: 0 | S39: 0 | T39: 0 | U39: 0 | V39: 0 | W39: 0 | X39: 0 | Y39: 0 | Z39: 0 | AA39: 0 | AB39: 0 | AC39: 0 | AD39: 0 | AE39: 0 | AF39: 2060000000 | AG39: 0 | AH39: 0
A40: 240306 | B40: TOCANCIPA SE PREPARA PARA EL CAMBIO CLIMÁTICO | C40: 42000000 | D40: 42000000 | E40: 0 | F40: 0 | G40: 0 | H40: 0 | I40: 0 | J40: 0 | K40: 0 | L40: 0 | M40: 0 | N40: 0 | O40: 0 | P40: 0 | Q40: 0 | R40: 0 | S40: 0 | T40: 0 | U40: 0 | V40: 0 | W40: 0 | X40: 0 | Y40: 0 | Z40: 0 | AA40: 0 | AB40: 0 | AC40: 0 | AD40: 0 | AE40: 0 | AF40: 0 | AG40: 0 | AH40: 0
A41: 240307 | B41: AGUA | C41: 1132735000 | D41: 850000000 | E41: 0 | F41: 0 | G41: 0 | H41: 0 | I41: 0 | J41: 0 | K41: 0 | L41: 0 | M41: 2060000 | N41: 0 | O41: 0 | P41: 0 | Q41: 207545000 | R41: 73130000 | S41: 0 | T41: 0 | U41: 0 | V41: 0 | W41: 0 | X41: 0 | Y41: 0 | Z41: 0 | AA41: 0 | AB41: 0 | AC41: 0 | AD41: 0 | AE41: 0 | AF41: 0 | AG41: 0 | AH41: 0
A42: 240308 | B42: FLORA, FAUNA, SUELO, MINERÍA Y GESTIÓN DE RESIDUOS SÓLIDOS | C42: 139572170 | D42: 139572170 | E42: 0 | F42: 0 | G42: 0 | H42: 0 | I42: 0 | J42: 0 | K42: 0 | L42: 0 | M42: 0 | N42: 0 | O42: 0 | P42: 0 | Q42: 0 | R42: 0 | S42: 0 | T42: 0 | U42: 0 | V42: 0 | W42: 0 | X42: 0 | Y42: 0 | Z42: 0 | AA42: 0 | AB42: 0 | AC42: 0 | AD42: 0 | AE42: 0 | AF42: 0 | AG42: 0 | AH42: 0
A43: 240309 | B43: AIRE, RUIDO Y CONTAMINACIÓN VISUAL | C43: 40000000 | D43: 40000000 | E43: 0 | F43: 0 | G43: 0 | H43: 0 | I43: 0 | J43: 0 | K43: 0 | L43: 0 | M43: 0 | N43: 0 | O43: 0 | P43: 0 | Q43: 0 | R43: 0 | S43: 0 | T43: 0 | U43: 0 | V43: 0 | W43: 0 | X43: 0 | Y43: 0 | Z43: 0 | AA43: 0 | AB43: 0 | AC43: 0 | AD43: 0 | AE43: 0 | AF43: 0 | AG43: 0 | AH43: 0
A44: 240310 | B44: SIGAM, PRAES, PIGA Y PROCEDAS | C44: 40000000 | D44: 40000000 | E44: 0 | F44: 0 | G44: 0 | H44: 0 | I44: 0 | J44: 0 | K44: 0 | L44: 0 | M44: 0 | N44: 0 | O44: 0 | P44: 0 | Q44: 0 | R44: 0 | S44: 0 | T44: 0 | U44: 0 | V44: 0 | W44: 0 | X44: 0 | Y44: 0 | Z44: 0 | AA44: 0 | AB44: 0 | AC44: 0 | AD44: 0 | AE44: 0 | AF44: 0 | AG44: 0 | AH44: 0
A45: 240311 | B45: SENTENCIA DEL RÍO BOGOTÁ | C45: 150000000 | D45: 150000000 | E45: 0 | F45: 0 | G45: 0 | H45: 0 | I45: 0 | J45: 0 | K45: 0 | L45: 0 | M45: 0 | N45: 0 | O45: 0 | P45: 0 | Q45: 0 | R45: 0 | S45: 0 | T45: 0 | U45: 0 | V45: 0 | W45: 0 | X45: 0 | Y45: 0 | Z45: 0 | AA45: 0 | AB45: 0 | AC45: 0 | AD45: 0 | AE45: 0 | AF45: 0 | AG45: 0 | AH45: 0
A46: 240312 | B46: ACUEDUCTO, ALCANTARILLADO Y ASEO | C46: 1.8780473e+09 | D46: 0 | E46: 0 | F46: 0 | G46: 0 | H46: 0 | I46: 0 | J46: 0 | K46: 0 | L46: 0 | M46: 9.0883875e+08 | N46: 0 | O46: 0 | P46: 0 | Q46: 0 | R46: 0 | S46: 0 | T46: 0 | U46: 0 | V46: 0 | W46: 0 | X46: 0 | Y46: 0 | Z46: 0 | AA46: 370800000 | AB46: 0 | AC46: 0 | AD46: 0 | AE46: 0 | AF46: 0 | AG46: 0 | AH46: 0
A47: 2404 | B47: SEGURIDAD, JUSTICIA, LA INTEGRACIÓN COMUNITARIA, ADMINISTRACIÓN PÚBLICA CON LA GENTE, POR LA GENTE | C47: 5502051500 | D47: 1761040000 | E47: 0 | F47: 0 | G47: 0 | H47: 0 | I47: 0 | J47: 0 | K47: 0 | L47: 0 | M47: 0 | N47: 0 | O47: 0 | P47: 2492600000 | Q47: 0 | R47: 0 | S47: 0 | T47: 0 | U47: 0 | V47: 0 | W47: 2111500 | X47: 0 | Y47: 0 | Z47: 0 | AA47: 0 | AB47: 1246300000 | AC47: 0 | AD47: 0 | AE47: 0 | AF47: 0 | AG47: 0 | AH47: 0
A48: 240401 | B48: SEGURIDAD Y JUSTICIA | C48: 2694711500 | D48: 200000000 | E48: 0 | F48: 0 | G48: 0 | H48: 0 | I48: 0 | J48: 0 | K48: 0 | L48: 0 | M48: 0 | N48: 0 | O48: 0 | P48: 2492600000 | Q48: 0 | R48: 0 | S48: 0 | T48: 0 | U48: 0 | V48: 0 | W48: 2111500 | X48: 0 | Y48: 0 | Z48: 0 | AA48: 0 | AB48: 0 | AC48: 0 | AD48: 0 | AE48: 0 | AF48: 0 | AG48: 0 | AH48: 0
A49: 240402 | B49: TOCANCIPA GESTIONA SUS RIESGOS | C49: 1757340000 | D49: 511040000 | E49: 0 | F49: 0 | G49: 0 | H49: 0 | I49: 0 | J49: 0 | K49: 0 | L49: 0 | M49: 0 | N49: 0 | O49: 0 | P49: 0 | Q49: 0 | R49: 0 | S49: 0 | T49: 0 | U49: 0 | V49: 0 | W49: 0 | X49: 0 | Y49: 0 | Z49: 0 | AA49: 0 | AB49: 1246300000 | AC49: 0 | AD49: 0 | AE49: 0 | AF49: 0 | AG49: 0 | AH49: 0
... A52: 240405 | B52: ESTRATEGIAS, TRIBUTACIÓN Y FINANCIAMIENTO DEL PDM | C52: 500000000 | D52: 500000000 | E52: 0 | F52: 0 | G52: 0 | H52: 0 | I52: 0 | J52: 0 | K52: 0 | L52: 0 | M52: 0 | N52: 0 | O52: 0 | P52: 0 | Q52: 0 | R52: 0 | S52: 0 | T52: 0 | U52: 0 | V52: 0 | W52: 0 | X52: 0 | Y52: 0 | Z52: 0 | AA52: 0 | AB52: 0 | AC52: 0 | AD52: 0 | AE52: 0 | AF52: 0 | AG52: 0 | AH52: 0
